Workbook

Sheet Смета 12 гр. по ФЕР
A1: =Source!B1 -> Smeta.RU (495) 974-1589 | I1: Приложение 1 к форме 7
B6: СМЕТА
B8: =IF(Source!G20<>"Новая локальная смета", Source!G20, "")
B10: =IF(Source!G12<>"Новый объект", Source!G12, "") -> на капитальный ремонт учебных аудиторий 4-го этажа учебно-научного корпуса "К" НИЯУ МИФИ по адресу: г. Москва, Каширское шоссе, д.31, стр.46 | AD10: =IF(Source!G12<>"Новый объект", Source!G12, "") -> на капитальный ремонт учебных аудиторий 4-го этажа учебно-научного корпуса "К" НИЯУ МИФИ по адресу: г. Москва, Каширское шоссе, д.31, стр.46
G15: базовая цена | I15: текущая цена
C16: Сметная стоимость | G16: =SUM(O27:O552)/1000 -> 330.43835 | I16: =(Source!F305/1000) -> 2601.8163 | K16: тыс. руб.
C17: Строительные работы | G17: =SUM(W27:W552)/1000 -> 210.45022 | I17: =(Source!F292)/1000 -> 1374.7106 | K17: тыс. руб.
C18: Монтажные работы | G18: =SUM(X27:X552)/1000 -> 116.19785 | I18: =(Source!F293)/1000 -> 758.77175 | K18: тыс. руб.
C19: Оборудование | G19: =SUM(Y27:Y552)/1000 -> 0 | I19: =(Source!F284)/1000 -> 0 | K19: тыс. руб.
C20: Прочие работы | G20: =SUM(Z27:Z552)/1000 -> 3.79028 | I20: =(Source!F294+Source!F295)/1000 -> 71.44664 | K20: тыс. руб.
C21: Нормативная трудоемкость | G21: =I21 -> 2330.6885 | I21: =(Source!F297+Source!F298) -> 2330.6885 | K21: чел. -ч.
C22: Средства на оплату труда | G22: =SUM(R27:R552)/1000 -> 21.7752 | I22: =(Source!F290+ Source!F289)/1000 -> 164.97018 | K22: тыс. руб.
A24: Составлена в ценах I квартал 2018 года
A25: № п/п | B25: Шифр расценки и коды ресурсов | C25: Наименование работ и затрат | D25: Ед. изм. | E25: Кол-во единиц | F25: Цена на ед. изм. | G25: Попра-вочные коэфф. | H25: Стоимость в ценах 2001г. | I25: Пункт коэфф. пересчета | J25: Коэфф. пересчета | K25: Стоимость в текущих ценах | L25: ЗТР всего чел.-час
A26: 1 | B26: 2 | C26: 3 | D26: 4 | E26: 5 | F26: 6 | G26: 7 | H26: 8 | I26: 9 | J26: 10 | K26: 11 | L26: 12
A28: =CONCATENATE("Раздел: ",IF(Source!G24<>"Новый раздел", Source!G24, "")) -> Раздел: 1 Общестроительные работы
A29: =Source!E28 -> 1 | B29: =Source!F28 -> 57-3-1 | C29: =Source!G28 -> Разборка плинтусов деревянных | D29: =Source!H28 -> 100 м | E29: =Source!I28 -> 1.7048 | F29: =Source!AL28+Source!AM28+Source!AO28 -> 29.41 | I29: =Source!BO28 | S29: =ROUND((Source!FX28/100)*((ROUND(Source!AF28*Source!I28, 2)+ROUND(Source!AE28*Source!I28, 2))), 2) -> 40.11 | T29: =Source!X28 -> 261.92 | U29: =ROUND((Source!FY28/100)*((ROUND(Source!AF28*Source!I28, 2)+ROUND(Source!AE28*Source!I28, 2))), 2) -> 34.1 | V29: =Source!Y28 -> 222.63
C30: Зарплата | F30: =Source!AO28 -> 29.41 | G30: =Source!DG28 | H30: =ROUND(Source!AF28*Source!I28, 2) -> 50.14 | J30: =IF(Source!BA28<> 0, Source!BA28, 1) -> 6.53 | K30: =Source!S28 -> 327.4 | R30: =H30 -> 50.14
C31: НР от ФОТ | D31: % | E31: =Source!BZ28 -> 80 | H31: =SUM(S29:S33) -> 40.11 | J31: =Source!AT28 -> 80 | K31: =SUM(T29:T33) -> 261.92
C32: СП от ФОТ | D32: % | E32: =Source!CA28 -> 68 | H32: =SUM(U29:U33) -> 34.1 | J32: =Source!AU28 -> 68 | K32: =SUM(V29:V33) -> 222.63
C33: Затраты труда | D33: чел-ч | E33: =Source!AQ28 -> 3.77 | G33: =Source!DI28 | L33: =Source!U28 -> 6.427096
G34: =H30+H31+H32 -> 124.35 | J34: =K30+K31+K32 -> 811.95 | L34: =Source!U28 -> 6.427096 | O34: =G34 -> 124.35 | P34: =J34 -> 811.95 | Q34: =L34 -> 6.427096 | W34: =IF(Source!BI28<=1,H30+H31+H32, 0) -> 124.35 | X34: =IF(Source!BI28=2,H30+H31+H32, 0) -> 0 | Y34: =IF(Source!BI28=3,H30+H31+H32, 0) -> 0 | Z34: =IF(Source!BI28=4,H30+H31+H32, 0) -> 0
A35: =Source!E29 -> 2 | B35: =Source!F29 -> 57-2-1 | C35: =Source!G29 -> Разборка покрытий полов из линолеума | D35: =Source!H29 -> 100 м2 | E35: =Source!I29 -> 2.793 | F35: =Source!AL29+Source!AM29+Source!AO29 -> 92.9 | I35: =Source!BO29 | S35: =ROUND((Source!FX29/100)*((ROUND(Source!AF29*Source!I29, 2)+ROUND(Source!AE29*Source!I29, 2))), 2) -> 202.44 | T35: =Source!X29 -> 1321.91 | U35: =ROUND((Source!FY29/100)*((ROUND(Source!AF29*Source!I29, 2)+ROUND(Source!AE29*Source!I29, 2))), 2) -> 172.07 | V35: =Source!Y29 -> 1123.63
C36: Зарплата | F36: =Source!AO29 -> 88.84 | G36: =Source!DG29 | H36: =ROUND(Source!AF29*Source!I29, 2) -> 248.13 | J36: =IF(Source!BA29<> 0, Source!BA29, 1) -> 6.53 | K36: =Source!S29 -> 1620.29 | R36: =H36 -> 248.13
C37: Эксплуатация машин | F37: =Source!AM29 -> 4.06 | G37: =Source!DE29 | H37: =ROUND(Source!AD29*Source!I29, 2) -> 11.34 | J37: =IF(Source!BB29<> 0, Source!BB29, 1) -> 6.53 | K37: =Source!Q29 -> 74.05
C38: в т.ч. зарплата машинистов | F38: =Source!AN29 -> 1.76 | G38: =Source!DF29 | H38: =ROUND(Source!AE29*Source!I29, 2) -> 4.92 | J38: =IF(Source!BS29<> 0, Source!BS29, 1) -> 6.53 | K38: =Source!R29 -> 32.1 | R38: =H38 -> 4.92
C39: НР от ФОТ | D39: % | E39: =Source!BZ29 -> 80 | H39: =SUM(S35:S41) -> 202.44 | J39: =Source!AT29 -> 80 | K39: =SUM(T35:T41) -> 1321.91
C40: СП от ФОТ | D40: % | E40: =Source!CA29 -> 68 | H40: =SUM(U35:U41) -> 172.07 | J40: =Source!AU29 -> 68 | K40: =SUM(V35:V41) -> 1123.63
C41: Затраты труда | D41: чел-ч | E41: =Source!AQ29 -> 11.39 | G41: =Source!DI29 | L41: =Source!U29 -> 31.81227
G42: =H36+H37+H39+H40 -> 633.98 | J42: =K36+K37+K39+K40 -> 4139.88 | L42: =Source!U29 -> 31.81227 | O42: =G42 -> 633.98 | P42: =J42 -> 4139.88 | Q42: =L42 -> 31.81227 | W42: =IF(Source!BI29<=1,H36+H37+H39+H40, 0) -> 633.98 | X42: =IF(Source!BI29=2,H36+H37+H39+H40, 0) -> 0 | Y42: =IF(Source!BI29=3,H36+H37+H39+H40, 0) -> 0 | Z42: =IF(Source!BI29=4,H36+H37+H39+H40, 0) -> 0
A43: =Source!E30 -> 3 | B43: =Source!F30 -> 65-33-1 | C43: =Source!G30 -> Смена жалюзийных решеток | D43: =Source!H30 -> 100 ШТ | E43: =Source!I30 -> 0.13 | F43: =Source!AL30+Source!AM30+Source!AO30 -> 430.86 | I43: =Source!BO30 | S43: =ROUND((Source!FX30/100)*((ROUND(Source!AF30*Source!I30, 2)+ROUND(Source!AE30*Source!I30, 2))), 2) -> 52.78 | T43: =Source!X30 -> 344.63 | U43: =ROUND((Source!FY30/100)*((ROUND(Source!AF30*Source!I30, 2)+ROUND(Source!AE30*Source!I30, 2))), 2) -> 30.74 | V43: =Source!Y30 -> 200.75
C44: Зарплата | F44: =Source!AO30 -> 394 | G44: =Source!DG30 | H44: =ROUND(Source!AF30*Source!I30, 2) -> 51.22 | J44: =IF(Source!BA30<> 0, Source!BA30, 1) -> 6.53 | K44: =Source!S30 -> 334.47 | R44: =H44 -> 51.22
C45: Эксплуатация машин | F45: =Source!AM30 -> 0.31 | G45: =Source!DE30 | H45: =ROUND(Source!AD30*Source!I30, 2) -> 0.04 | J45: =IF(Source!BB30<> 0, Source!BB30, 1) -> 6.53 | K45: =Source!Q30 -> 0.26
C46: в т.ч. зарплата машинистов | F46: =Source!AN30 -> 0.14 | G46: =Source!DF30 | H46: =ROUND(Source!AE30*Source!I30, 2) -> 0.02 | J46: =IF(Source!BS30<> 0, Source!BS30, 1) -> 6.53 | K46: =Source!R30 -> 0.12 | R46: =H46 -> 0.02
C47: Материальные ресурсы | F47: =Source!AL30 -> 36.55 | G47: =Source!DD30 | H47: =ROUND(Source!AC30*Source!I30, 2) -> 4.75 | J47: =IF(Source!BC30<> 0, Source!BC30, 1) -> 6.53 | K47: =Source!P30 -> 31.03
C48: НР от ФОТ | D48: % | E48: =Source!BZ30 -> 103 | H48: =SUM(S43:S51) -> 52.78 | J48: =Source!AT30 -> 103 | K48: =SUM(T43:T51) -> 344.63
C49: СП от ФОТ | D49: % | E49: =Source!CA30 -> 60 | H49: =SUM(U43:U51) -> 30.74 | J49: =Source!AU30 -> 60 | K49: =SUM(V43:V51) -> 200.75
C50: Затраты труда | D50: чел-ч | E50: =Source!AQ30 -> 46.19 | G50: =Source!DI30 | L50: =Source!U30 -> 6.0047
A51: =Source!E31 -> 3,1 | B51: =Source!F31 -> 19.2.03.07-0028 | C51: =Source!G31 -> Решетки пластиковые вентиляционные прим.(согласно тех.заданию) | D51: =Source!H31 -> шт. | E51: =Source!I31 -> 13 | F51: =Source!AL31+Source!AM31+Source!AO31 -> 956.29 | H51: =ROUND(Source!AC31*Source!I31, 2)+ROUND(Source!AD31*Source!I31, 2)+ROUND(Source!AF31*Source!I31, 2) -> 12431.77 | J51: =IF(Source!BC31<> 0, Source!BC31, 1) -> 6.53 | K51: =Source!O31 -> 81179.46 | S51: =ROUND((Source!FX31/100)*((ROUND(Source!AF31*Source!I31, 2)+ROUND(Source!AE31*Source!I31, 2))), 2) -> 0 | T51: =Source!X31 -> 0 | U51: =ROUND((Source!FY31/100)*((ROUND(Source!AF31*Source!I31, 2)+ROUND(Source!AE31*Source!I31, 2))), 2) -> 0 | V51: =Source!Y31 -> 0 | W51: =IF(Source!BI31<=1,H51, 0) -> 12431.77 | X51: =IF(Source!BI31=2,H51, 0) -> 0 | Y51: =IF(Source!BI31=3,H51, 0) -> 0 | Z51: =IF(Source!BI31=4,H51, 0) -> 0
G52: =H44+H45+H47+H48+H49+SUM(H51:H51) -> 12571.3 | J52: =K44+K45+K47+K48+K49+SUM(K51:K51) -> 82090.6 | L52: =Source!U30 -> 6.0047 | O52: =G52 -> 12571.3 | P52: =J52 -> 82090.6 | Q52: =L52 -> 6.0047 | W52: =IF(Source!BI30<=1,H44+H45+H47+H48+H49, 0) -> 139.53 | X52: =IF(Source!BI30=2,H44+H45+H47+H48+H49, 0) -> 0 | Y52: =IF(Source!BI30=3,H44+H45+H47+H48+H49, 0) -> 0 | Z52: =IF(Source!BI30=4,H44+H45+H47+H48+H49, 0) -> 0
A53: =Source!E32 -> 4 | B53: =Source!F32 -> 46-02-009-02 | C53: =Source!G32 -> Отбивка штукатурки с поверхностей стен | D53: =Source!H32 -> 100 м2 | E53: =Source!I32 -> 1.5465 | F53: =Source!AL32+Source!AM32+Source!AO32 -> 178 | I53: =Source!BO32 | S53: =ROUND((Source!FX32/100)*((ROUND(Source!AF32*Source!I32, 2)+ROUND(Source!AE32*Source!I32, 2))), 2) -> 272.53 | T53: =Source!X32 -> 1779.58 | U53: =ROUND((Source!FY32/100)*((ROUND(Source!AF32*Source!I32, 2)+ROUND(Source!AE32*Source!I32, 2))), 2) -> 163.79 | V53: =Source!Y32 -> 1078.54
C54: Зарплата | F54: =Source!AO32 -> 178 | G54: =Source!DG32 | H54: =ROUND(Source!AF32*Source!I32, 2) -> 275.28 | J54: =IF(Source!BA32<> 0, Source!BA32, 1) -> 6.53 | K54: =Source!S32 -> 1797.56 | R54: =H54 -> 275.28
C55: НР от ФОТ | D55: % | E55: =Source!BZ32 -> 110 | F55: =CONCATENATE(" )", Source!DL32, Source!FT32, "=", Source!FX32) -> )*0,9=99 | H55: =SUM(S53:S57) -> 272.53 | J55: =Source!AT32 -> 99 | K55: =SUM(T53:T57) -> 1779.58
C56: СП от ФОТ | D56: % | E56: =Source!CA32 -> 70 | F56: =CONCATENATE(" )", Source!DM32, Source!FU32, "=", Source!FY32) -> )*0,85=59,5 | H56: =SUM(U53:U57) -> 163.79 | J56: =Source!AU32 -> 60 | K56: =SUM(V53:V57) -> 1078.54
C57: Затраты труда | D57: чел-ч | E57: =Source!AQ32 -> 22.82 | G57: =Source!DI32 | L57: =Source!U32 -> 35.29113
G58: =H54+H55+H56 -> 711.6 | J58: =K54+K55+K56 -> 4655.68 | L58: =Source!U32 -> 35.29113 | O58: =G58 -> 711.6 | P58: =J58 -> 4655.68 | Q58: =L58 -> 35.29113 | W58: =IF(Source!BI32<=1,H54+H55+H56, 0) -> 711.6 | X58: =IF(Source!BI32=2,H54+H55+H56, 0) -> 0 | Y58: =IF(Source!BI32=3,H54+H55+H56, 0) -> 0 | Z58: =IF(Source!BI32=4,H54+H55+H56, 0) -> 0
A59: =Source!E33 -> 5 | B59: =Source!F33 -> 57-10-3 | C59: =Source!G33 -> Заделка выбоин в полах цементных площадью до 1,0 м2 | D59: =Source!H33 -> 100 мест | E59: =Source!I33 -> 0.43 | F59: =Source!AL33+Source!AM33+Source!AO33 -> 1106.88 | I59: =Source!BO33 | S59: =ROUND((Source!FX33/100)*((ROUND(Source!AF33*Source!I33, 2)+ROUND(Source!AE33*Source!I33, 2))), 2) -> 364.53 | T59: =Source!X33 -> 2380.38 | U59: =ROUND((Source!FY33/100)*((ROUND(Source!AF33*Source!I33, 2)+ROUND(Source!AE33*Source!I33, 2))), 2) -> 309.85 | V59: =Source!Y33 -> 2023.33
C60: Зарплата | F60: =Source!AO33 -> 1059.68 | G60: =Source!DG33 | H60: =ROUND(Source!AF33*Source!I33, 2) -> 455.66 | J60: =IF(Source!BA33<> 0, Source!BA33, 1) -> 6.53 | K60: =Source!S33 -> 2975.48 | R60: =H60 -> 455.66
C61: Эксплуатация машин | F61: =Source!AM33 -> 46.96 | G61: =Source!DE33 | H61: =ROUND(Source!AD33*Source!I33, 2) -> 20.19 | J61: =IF(Source!BB33<> 0, Source!BB33, 1) -> 6.53 | K61: =Source!Q33 -> 131.86
C62: Материальные ресурсы | F62: =Source!AL33 -> 0.24 | G62: =Source!DD33 | H62: =ROUND(Source!AC33*Source!I33, 2) -> 0.1 | J62: =IF(Source!BC33<> 0, Source!BC33, 1) -> 6.53 | K62: =Source!P33 -> 0.67
C63: НР от ФОТ | D63: % | E63: =Source!BZ33 -> 80 | H63: =SUM(S59:S67) -> 364.53 | J63: =Source!AT33 -> 80 | K63: =SUM(T59:T67) -> 2380.38
C64: СП от ФОТ | D64: % | E64: =Source!CA33 -> 68 | H64: =SUM(U59:U67) -> 309.85 | J64: =Source!AU33 -> 68 | K64: =SUM(V59:V67) -> 2023.33
C65: Затраты труда | D65: чел-ч | E65: =Source!AQ33 -> 124.23 | G65: =Source!DI33 | L65: =Source!U33 -> 53.4189
A66: =Source!E34 -> 5,1 | B66: =Source!F34 -> 04.3.01.09 | C66: =Source!G34 -> Раствор готовый кладочный тяжелый цементный | D66: =Source!H34 -> м3 | E66: =Source!I34 -> 0.9202 | F66: =Source!AL34+Source!AM34+Source!AO34 -> 0 | H66: =ROUND(Source!AC34*Source!I34, 2)+ROUND(Source!AD34*Source!I34, 2)+ROUND(Source!AF34*Source!I34, 2) -> 0 | J66: =IF(Source!BC34<> 0, Source!BC34, 1) -> 6.53 | K66: =Source!O34 -> 0 | S66: =ROUND((Source!FX34/100)*((ROUND(Source!AF34*Source!I34, 2)+ROUND(Source!AE34*Source!I34, 2))), 2) -> 0 | T66: =Source!X34 -> 0 | U66: =ROUND((Source!FY34/100)*((ROUND(Source!AF34*Source!I34, 2)+ROUND(Source!AE34*Source!I34, 2))), 2) -> 0 | V66: =Source!Y34 -> 0 | W66: =IF(Source!BI34<=1,H66, 0) -> 0 | X66: =IF(Source!BI34=2,H66, 0) -> 0 | Y66: =IF(Source!BI34=3,H66, 0) -> 0 | Z66: =IF(Source!BI34=4,H66, 0) -> 0
A67: =Source!E35 -> 5,2 | B67: =Source!F35 -> 04.3.01.09-0015 | C67: =Source!G35 -> Раствор готовый кладочный цементный марки 150 | D67: =Source!H35 -> м3 | E67: =Source!I35 -> 0.9202 | F67: =Source!AL35+Source!AM35+Source!AO35 -> 548.3 | H67: =ROUND(Source!AC35*Source!I35, 2)+ROUND(Source!AD35*Source!I35, 2)+ROUND(Source!AF35*Source!I35, 2) -> 504.55 | J67: =IF(Source!BC35<> 0, Source!BC35, 1) -> 6.53 | K67: =Source!O35 -> 3294.68 | S67: =ROUND((Source!FX35/100)*((ROUND(Source!AF35*Source!I35, 2)+ROUND(Source!AE35*Source!I35, 2))), 2) -> 0 | T67: =Source!X35 -> 0 | U67: =ROUND((Source!FY35/100)*((ROUND(Source!AF35*Source!I35, 2)+ROUND(Source!AE35*Source!I35, 2))), 2) -> 0 | V67: =Source!Y35 -> 0 | W67: =IF(Source!BI35<=1,H67, 0) -> 504.55 | X67: =IF(Source!BI35=2,H67, 0) -> 0 | Y67: =IF(Source!BI35=3,H67, 0) -> 0 | Z67: =IF(Source!BI35=4,H67, 0) -> 0
G68: =H60+H61+H62+H63+H64+SUM(H66:H67) -> 1654.88 | J68: =K60+K61+K62+K63+K64+SUM(K66:K67) -> 10806.4 | L68: =Source!U33 -> 53.4189 | O68: =G68 -> 1654.88 | P68: =J68 -> 10806.4 | Q68: =L68 -> 53.4189 | W68: =IF(Source!BI33<=1,H60+H61+H62+H63+H64, 0) -> 1150.33 | X68: =IF(Source!BI33=2,H60+H61+H62+H63+H64, 0) -> 0 | Y68: =IF(Source!BI33=3,H60+H61+H62+H63+H64, 0) -> 0 | Z68: =IF(Source!BI33=4,H60+H61+H62+H63+H64, 0) -> 0
A69: =Source!E36 -> 6 | B69: =Source!F36 -> 11-01-011-08 | C69: =Source!G36 -> Устройство стяжек из выравнивающей смеси типа "Ветонит" 5000, толщиной 5 мм | D69: =Source!H36 -> 100 м2 | E69: =Source!I36 -> 2.793 | F69: =Source!AL36+Source!AM36+Source!AO36 -> 11028.89 | I69: =Source!BO36 | S69: =ROUND((Source!FX36/100)*((ROUND(Source!AF36*Source!I36, 2)+ROUND(Source!AE36*Source!I36, 2))), 2) -> 1150.14 | T69: =Source!X36 -> 7530.76 | U69: =ROUND((Source!FY36/100)*((ROUND(Source!AF36*Source!I36, 2)+ROUND(Source!AE36*Source!I36, 2))), 2) -> 662.34 | V69: =Source!Y36 -> 4342.06
C70: Зарплата | F70: =Source!AO36 -> 321.33 | G70: =Source!DG36 -> )*1,15 | H70: =ROUND(Source!AF36*Source!I36, 2) -> 1032.1 | J70: =IF(Source!BA36<> 0, Source!BA36, 1) -> 6.53 | K70: =Source!S36 -> 6739.6 | R70: =H70 -> 1032.1
C71: Эксплуатация машин | F71: =Source!AM36 -> 6.23 | G71: =Source!DE36 -> )*1,25 | H71: =ROUND(Source!AD36*Source!I36, 2) -> 21.76 | J71: =IF(Source!BB36<> 0, Source!BB36, 1) -> 6.53 | K71: =Source!Q36 -> 142.08
C72: в т.ч. зарплата машинистов | F72: =Source!AN36 -> 1.97 | G72: =Source!DF36 -> )*1,25 | H72: =ROUND(Source!AE36*Source!I36, 2) -> 6.87 | J72: =IF(Source!BS36<> 0, Source!BS36, 1) -> 6.53 | K72: =Source!R36 -> 44.87 | R72: =H72 -> 6.87
C73: Материальные ресурсы | F73: =Source!AL36 -> 10701.33 | G73: =Source!DD36 | H73: =ROUND(Source!AC36*Source!I36, 2) -> 29888.81 | J73: =IF(Source!BC36<> 0, Source!BC36, 1) -> 6.53 | K73: =Source!P36 -> 195173.96
C74: НР от ФОТ | D74: % | E74: =Source!BZ36 -> 123 | F74: =CONCATENATE(" )", Source!DL36, Source!FT36, "=", Source!FX36) -> )*0,9=110,7 | H74: =SUM(S69:S76) -> 1150.14 | J74: =Source!AT36 -> 111 | K74: =SUM(T69:T76) -> 7530.76
C75: СП от ФОТ | D75: % | E75: =Source!CA36 -> 75 | F75: =CONCATENATE(" )", Source!DM36, Source!FU36, "=", Source!FY36) -> )*0,85=63,75 | H75: =SUM(U69:U76) -> 662.34 | J75: =Source!AU36 -> 64 | K75: =SUM(V69:V76) -> 4342.06
C76: Затраты труда | D76: чел-ч | E76: =Source!AQ36 -> 37.67 | G76: =Source!DI36 -> )*1,15 | L76: =Source!U36 -> 120.99416
G77: =H70+H71+H73+H74+H75 -> 32755.15 | J77: =K70+K71+K73+K74+K75 -> 213928.46 | L77: =Source!U36 -> 120.99416 | O77: =G77 -> 32755.15 | P77: =J77 -> 213928.46 | Q77: =L77 -> 120.99416 | W77: =IF(Source!BI36<=1,H70+H71+H73+H74+H75, 0) -> 32755.15 | X77: =IF(Source!BI36=2,H70+H71+H73+H74+H75, 0) -> 0 | Y77: =IF(Source!BI36=3,H70+H71+H73+H74+H75, 0) -> 0 | Z77: =IF(Source!BI36=4,H70+H71+H73+H74+H75, 0) -> 0
A78: =Source!E37 -> 7 | B78: =Source!F37 -> 11-01-011-10 | C78: =Source!G37 -> Устройство стяжек на каждый последующий слой толщиной 1 мм добавлять к расценке 11-01-011-08 | D78: =Source!H37 -> 100 м2 | E78: =Source!I37 -> 2.793 | F78: =Source!AL37+Source!AM37+Source!AO37 -> 2070.6 | I78: =Source!BO37 | S78: =ROUND((Source!FX37/100)*((ROUND(Source!AF37*Source!I37, 2)+ROUND(Source!AE37*Source!I37, 2))), 2) -> 373.71 | T78: =Source!X37 -> 2446.95 | U78: =ROUND((Source!FY37/100)*((ROUND(Source!AF37*Source!I37, 2)+ROUND(Source!AE37*Source!I37, 2))), 2) -> 215.21 | V78: =Source!Y37 -> 1410.85
C79: Зарплата | F79: =Source!AO37 -> 20.64 | G79: =Source!DG37 -> )*1,15*5 | H79: =ROUND(Source!AF37*Source!I37, 2) -> 331.47 | J79: =IF(Source!BA37<> 0, Source!BA37, 1) -> 6.53 | K79: =Source!S37 -> 2164.52 | R79: =H79 -> 331.47
C80: Эксплуатация машин | F80: =Source!AM37 -> 1.21 | G80: =Source!DE37 -> )*1,25*5 | H80: =ROUND(Source!AD37*Source!I37, 2) -> 21.14 | J80: =IF(Source!BB37<> 0, Source!BB37, 1) -> 6.53 | K80: =Source!Q37 -> 138.06
C81: в т.ч. зарплата машинистов | F81: =Source!AN37 -> 0.35 | G81: =Source!DF37 -> )*1,25*5 | H81: =ROUND(Source!AE37*Source!I37, 2) -> 6.12 | J81: =IF(Source!BS37<> 0, Source!BS37, 1) -> 6.53 | K81: =Source!R37 -> 39.94 | R81: =H81 -> 6.12
C82: Материальные ресурсы | F82: =Source!AL37 -> 2048.75 | G82: =Source!DD37 -> *5 | H82: =ROUND(Source!AC37*Source!I37, 2) -> 28610.79 | J82: =IF(Source!BC37<> 0, Source!BC37, 1) -> 6.53 | K82: =Source!P37 -> 186828.48
C83: НР от ФОТ | D83: % | E83: =Source!BZ37 -> 123 | F83: =CONCATENATE(" )", Source!DL37, Source!FT37, "=", Source!FX37) -> )*0,9=110,7 | H83: =SUM(S78:S85) -> 373.71 | J83: =Source!AT37 -> 111 | K83: =SUM(T78:T85) -> 2446.95
C84: СП от ФОТ | D84: % | E84: =Source!CA37 -> 75 | F84: =CONCATENATE(" )", Source!DM37, Source!FU37, "=", Source!FY37) -> )*0,85=63,75 | H84: =SUM(U78:U85) -> 215.21 | J84: =Source!AU37 -> 64 | K84: =SUM(V78:V85) -> 1410.85
C85: Затраты труда | D85: чел-ч | E85: =Source!AQ37 -> 2.42 | G85: =Source!DI37 -> )*1,15*5 | L85: =Source!U37 -> 38.864595
G86: =H79+H80+H82+H83+H84 -> 29552.32 | J86: =K79+K80+K82+K83+K84 -> 192988.86 | L86: =Source!U37 -> 38.864595 | O86: =G86 -> 29552.32 | P86: =J86 -> 192988.86 | Q86: =L86 -> 38.864595 | W86: =IF(Source!BI37<=1,H79+H80+H82+H83+H84, 0) -> 29552.32 | X86: =IF(Source!BI37=2,H79+H80+H82+H83+H84, 0) -> 0 | Y86: =IF(Source!BI37=3,H79+H80+H82+H83+H84, 0) -> 0 | Z86: =IF(Source!BI37=4,H79+H80+H82+H83+H84, 0) -> 0
A87: =Source!E38 -> 8 | B87: =Source!F38 -> 15-07-003-02 | C87: =Source!G38 -> Грунтование водно-дисперсионной грунтовкой поверхностей пористых (камень, кирпич, бетон и т д) | D87: =Source!H38 -> 100 м2 | E87: =Source!I38 -> 2.793 | F87: =Source!AL38+Source!AM38+Source!AO38 -> 268.3 | I87: =Source!BO38 | S87: =ROUND((Source!FX38/100)*((ROUND(Source!AF38*Source!I38, 2)+ROUND(Source!AE38*Source!I38, 2))), 2) -> 90.93 | T87: =Source!X38 -> 596.89 | U87: =ROUND((Source!FY38/100)*((ROUND(Source!AF38*Source!I38, 2)+ROUND(Source!AE38*Source!I38, 2))), 2) -> 44.98 | V87: =Source!Y38 -> 295.31
C88: Зарплата | F88: =Source!AO38 -> 33.87 | G88: =Source!DG38 | H88: =ROUND(Source!AF38*Source!I38, 2) -> 94.6 | J88: =IF(Source!BA38<> 0, Source!BA38, 1) -> 6.53 | K88: =Source!S38 -> 617.73 | R88: =H88 -> 94.6
C89: Эксплуатация машин | F89: =Source!AM38 -> 22.14 | G89: =Source!DE38 | H89: =ROUND(Source!AD38*Source!I38, 2) -> 61.84 | J89: =IF(Source!BB38<> 0, Source!BB38, 1) -> 6.53 | K89: =Source!Q38 -> 403.8
C90: в т.ч. зарплата машинистов | F90: =Source!AN38 -> 0.58 | G90: =Source!DF38 | H90: =ROUND(Source!AE38*Source!I38, 2) -> 1.62 | J90: =IF(Source!BS38<> 0, Source!BS38, 1) -> 6.53 | K90: =Source!R38 -> 10.58 | R90: =H90 -> 1.62
C91: Материальные ресурсы | F91: =Source!AL38 -> 212.29 | G91: =Source!DD38 | H91: =ROUND(Source!AC38*Source!I38, 2) -> 592.93 | J91: =IF(Source!BC38<> 0, Source!BC38, 1) -> 6.53 | K91: =Source!P38 -> 3871.81
C92: НР от ФОТ | D92: % | E92: =Source!BZ38 -> 105 | F92: =CONCATENATE(" )", Source!DL38, Source!FT38, "=", Source!FX38) -> )*0,9=94,5 | H92: =SUM(S87:S94) -> 90.93 | J92: =Source!AT38 -> 95 | K92: =SUM(T87:T94) -> 596.89
C93: СП от ФОТ | D93: % | E93: =Source!CA38 -> 55 | F93: =CONCATENATE(" )", Source!DM38, Source!FU38, "=", Source!FY38) -> )*0,85=46,75 | H93: =SUM(U87:U94) -> 44.98 | J93: =Source!AU38 -> 47 | K93: =SUM(V87:V94) -> 295.31
C94: Затраты труда | D94: чел-ч | E94: =Source!AQ38 -> 3.69 | G94: =Source!DI38 | L94: =Source!U38 -> 10.30617
G95: =H88+H89+H91+H92+H93 -> 885.28 | J95: =K88+K89+K91+K92+K93 -> 5785.54 | L95: =Source!U38 -> 10.30617 | O95: =G95 -> 885.28 | P95: =J95 -> 5785.54 | Q95: =L95 -> 10.30617 | W95: =IF(Source!BI38<=1,H88+H89+H91+H92+H93, 0) -> 885.28 | X95: =IF(Source!BI38=2,H88+H89+H91+H92+H93, 0) -> 0 | Y95: =IF(Source!BI38=3,H88+H89+H91+H92+H93, 0) -> 0 | Z95: =IF(Source!BI38=4,H88+H89+H91+H92+H93, 0) -> 0
A96: =Source!E39 -> 9 | B96: =Source!F39 -> 11-01-036-01 | C96: =Source!G39 -> Устройство покрытий из линолеума на клее | D96: =Source!H39 -> 100 м2 | E96: =Source!I39 -> 2.793 | F96: =Source!AL39+Source!AM39+Source!AO39 -> 397.05 | I96: =Source!BO39 | S96: =ROUND((Source!FX39/100)*((ROUND(Source!AF39*Source!I39, 2)+ROUND(Source!AE39*Source!I39, 2))), 2) -> 1121.94 | T96: =Source!X39 -> 7346.12 | U96: =ROUND((Source!FY39/100)*((ROUND(Source!AF39*Source!I39, 2)+ROUND(Source!AE39*Source!I39, 2))), 2) -> 646.11 | V96: =Source!Y39 -> 4235.6
C97: Зарплата | F97: =Source!AO39 -> 352.34 | G97: =Source!DG39 | H97: =ROUND(Source!AF39*Source!I39, 2) -> 984.09 | J97: =IF(Source!BA39<> 0, Source!BA39, 1) -> 6.53 | K97: =Source!S39 -> 6426.08 | R97: =H97 -> 984.09
C98: Эксплуатация машин | F98: =Source!AM39 -> 43.8 | G98: =Source!DE39 | H98: =ROUND(Source!AD39*Source!I39, 2) -> 122.33 | J98: =IF(Source!BB39<> 0, Source!BB39, 1) -> 6.53 | K98: =Source!Q39 -> 798.84
C99: в т.ч. зарплата машинистов | F99: =Source!AN39 -> 10.53 | G99: =Source!DF39 | H99: =ROUND(Source!AE39*Source!I39, 2) -> 29.41 | J99: =IF(Source!BS39<> 0, Source!BS39, 1) -> 6.53 | K99: =Source!R39 -> 192.05 | R99: =H99 -> 29.41
C100: Материальные ресурсы | F100: =Source!AL39 -> 0.91 | G100: =Source!DD39 | H100: =ROUND(Source!AC39*Source!I39, 2) -> 2.54 | J100: =IF(Source!BC39<> 0, Source!BC39, 1) -> 6.53 | K100: =Source!P39 -> 16.6
C101: НР от ФОТ | D101: % | E101: =Source!BZ39 -> 123 | F101: =CONCATENATE(" )", Source!DL39, Source!FT39, "=", Source!FX39) -> )*0,9=110,7 | H101: =SUM(S96:S107) -> 1121.94 | J101: =Source!AT39 -> 111 | K101: =SUM(T96:T107) -> 7346.12
C102: СП от ФОТ | D102: % | E102: =Source!CA39 -> 75 | F102: =CONCATENATE(" )", Source!DM39, Source!FU39, "=", Source!FY39) -> )*0,85=63,75 | H102: =SUM(U96:U107) -> 646.11 | J102: =Source!AU39 -> 64 | K102: =SUM(V96:V107) -> 4235.6
C103: Затраты труда | D103: чел-ч | E103: =Source!AQ39 -> 42.4 | G103: =Source!DI39 | L103: =Source!U39 -> 118.4232
A104: =Source!E40 -> 9,1 | B104: =Source!F40 -> 01.6.03.04 | C104: =Source!G40 -> Линолеум на теплозвукоизолирующей подоснове | D104: =Source!H40 -> м2 | E104: =Source!I40 -> 284.886 | F104: =Source!AL40+Source!AM40+Source!AO40 -> 0 | H104: =ROUND(Source!AC40*Source!I40, 2)+ROUND(Source!AD40*Source!I40, 2)+ROUND(Source!AF40*Source!I40, 2) -> 0 | J104: =IF(Source!BC40<> 0, Source!BC40, 1) -> 6.53 | K104: =Source!O40 -> 0 | S104: =ROUND((Source!FX40/100)*((ROUND(Source!AF40*Source!I40, 2)+ROUND(Source!AE40*Source!I40, 2))), 2) -> 0 | T104: =Source!X40 -> 0 | U104: =ROUND((Source!FY40/100)*((ROUND(Source!AF40*Source!I40, 2)+ROUND(Source!AE40*Source!I40, 2))), 2) -> 0 | V104: =Source!Y40 -> 0 | W104: =IF(Source!BI40<=1,H104, 0) -> 0 | X104: =IF(Source!BI40=2,H104, 0) -> 0 | Y104: =IF(Source!BI40=3,H104, 0) -> 0 | Z104: =IF(Source!BI40=4,H104, 0) -> 0
A105: =Source!E41 -> 9,2 | B105: =Source!F41 -> 01.6.03.04-0101 | C105: =Source!G41 -> Линолеум коммерческий гетерогенный "ТАРКЕТТ TRAVERTINE" (толщина 2 мм, толщина защитного слоя 0,5 мм, класс 33/41, пож. безопасность Г1, В2, РП1, Д2, Т2) | D105: =Source!H41 -> м2 | E105: =Source!I41 -> 284.886 | F105: =Source!AL41+Source!AM41+Source!AO41 -> 77.5 | H105: =ROUND(Source!AC41*Source!I41, 2)+ROUND(Source!AD41*Source!I41, 2)+ROUND(Source!AF41*Source!I41, 2) -> 22078.67 | J105: =IF(Source!BC41<> 0, Source!BC41, 1) -> 6.53 | K105: =Source!O41 -> 144173.68 | S105: =ROUND((Source!FX41/100)*((ROUND(Source!AF41*Source!I41, 2)+ROUND(Source!AE41*Source!I41, 2))), 2) -> 0 | T105: =Source!X41 -> 0 | U105: =ROUND((Source!FY41/100)*((ROUND(Source!AF41*Source!I41, 2)+ROUND(Source!AE41*Source!I41, 2))), 2) -> 0 | V105: =Source!Y41 -> 0 | W105: =IF(Source!BI41<=1,H105, 0) -> 22078.67 | X105: =IF(Source!BI41=2,H105, 0) -> 0 | Y105: =IF(Source!BI41=3,H105, 0) -> 0 | Z105: =IF(Source!BI41=4,H105, 0) -> 0
A106: =Source!E42 -> 9,3 | B106: =Source!F42 -> 14.1.06.05 | C106: =Source!G42 -> Состав клеящий | D106: =Source!H42 -> кг | E106: =Source!I42 -> 139.65 | F106: =Source!AL42+Source!AM42+Source!AO42 -> 0 | H106: =ROUND(Source!AC42*Source!I42, 2)+ROUND(Source!AD42*Source!I42, 2)+ROUND(Source!AF42*Source!I42, 2) -> 0 | J106: =IF(Source!BC42<> 0, Source!BC42, 1) -> 6.53 | K106: =Source!O42 -> 0 | S106: =ROUND((Source!FX42/100)*((ROUND(Source!AF42*Source!I42, 2)+ROUND(Source!AE42*Source!I42, 2))), 2) -> 0 | T106: =Source!X42 -> 0 | U106: =ROUND((Source!FY42/100)*((ROUND(Source!AF42*Source!I42, 2)+ROUND(Source!AE42*Source!I42, 2))), 2) -> 0 | V106: =Source!Y42 -> 0 | W106: =IF(Source!BI42<=1,H106, 0) -> 0 | X106: =IF(Source!BI42=2,H106, 0) -> 0 | Y106: =IF(Source!BI42=3,H106, 0) -> 0 | Z106: =IF(Source!BI42=4,H106, 0) -> 0
A107: =Source!E43 -> 9,4 | B107: =Source!F43 -> 14.1.02.03-0002 | C107: =Source!G43 -> Клей ПВА | D107: =Source!H43 -> кг | E107: =Source!I43 -> 139.65 | F107: =Source!AL43+Source!AM43+Source!AO43 -> 15.9 | H107: =ROUND(Source!AC43*Source!I43, 2)+ROUND(Source!AD43*Source!I43, 2)+ROUND(Source!AF43*Source!I43, 2) -> 2220.44 | J107: =IF(Source!BC43<> 0, Source!BC43, 1) -> 6.53 | K107: =Source!O43 -> 14499.44 | S107: =ROUND((Source!FX43/100)*((ROUND(Source!AF43*Source!I43, 2)+ROUND(Source!AE43*Source!I43, 2))), 2) -> 0 | T107: =Source!X43 -> 0 | U107: =ROUND((Source!FY43/100)*((ROUND(Source!AF43*Source!I43, 2)+ROUND(Source!AE43*Source!I43, 2))), 2) -> 0 | V107: =Source!Y43 -> 0 | W107: =IF(Source!BI43<=1,H107, 0) -> 2220.44 | X107: =IF(Source!BI43=2,H107, 0) -> 0 | Y107: =IF(Source!BI43=3,H107, 0) -> 0 | Z107: =IF(Source!BI43=4,H107, 0) -> 0
G108: =H97+H98+H100+H101+H102+SUM(H104:H107) -> 27176.12 | J108: =K97+K98+K100+K101+K102+SUM(K104:K107) -> 177496.36 | L108: =Source!U39 -> 118.4232 | O108: =G108 -> 27176.12 | P108: =J108 -> 177496.36 | Q108: =L108 -> 118.4232 | W108: =IF(Source!BI39<=1,H97+H98+H100+H101+H102, 0) -> 2877.01 | X108: =IF(Source!BI39=2,H97+H98+H100+H101+H102, 0) -> 0 | Y108: =IF(Source!BI39=3,H97+H98+H100+H101+H102, 0) -> 0 | Z108: =IF(Source!BI39=4,H97+H98+H100+H101+H102, 0) -> 0
A109: =Source!E44 -> 10 | B109: =Source!F44 -> 11-01-040-03 | C109: =Source!G44 -> Устройство плинтусов поливинилхлоридных на винтах самонарезающих | D109: =Source!H44 -> 100 м | E109: =Source!I44 -> 1.7048 | F109: =Source!AL44+Source!AM44+Source!AO44 -> 137.09 | I109: =Source!BO44 | S109: =ROUND((Source!FX44/100)*((ROUND(Source!AF44*Source!I44, 2)+ROUND(Source!AE44*Source!I44, 2))), 2) -> 116.52 | T109: =Source!X44 -> 762.93 | U109: =ROUND((Source!FY44/100)*((ROUND(Source!AF44*Source!I44, 2)+ROUND(Source!AE44*Source!I44, 2))), 2) -> 67.1 | V109: =Source!Y44 -> 439.88
C110: Зарплата | F110: =Source!AO44 -> 61.32 | G110: =Source!DG44 | H110: =ROUND(Source!AF44*Source!I44, 2) -> 104.54 | J110: =IF(Source!BA44<> 0, Source!BA44, 1) -> 6.53 | K110: =Source!S44 -> 682.64 | R110: =H110 -> 104.54
C111: Эксплуатация машин | F111: =Source!AM44 -> 2.13 | G111: =Source!DE44 | H111: =ROUND(Source!AD44*Source!I44, 2) -> 3.63 | J111: =IF(Source!BB44<> 0, Source!BB44, 1) -> 6.53 | K111: =Source!Q44 -> 23.71
C112: в т.ч. зарплата машинистов | F112: =Source!AN44 -> 0.42 | G112: =Source!DF44 | H112: =ROUND(Source!AE44*Source!I44, 2) -> 0.72 | J112: =IF(Source!BS44<> 0, Source!BS44, 1) -> 6.53 | K112: =Source!R44 -> 4.68 | R112: =H112 -> 0.72
...

Sheet Акт КС-2 c НР и СП
A1: =Source!B1 -> Smeta.RU (495) 974-1589
E2: Унифицированная форма № КС-2
E3: Утверждена постановлением Госкомстата России
E4: от 11.11.99. № 100
G6: Код
F7: Форма по ОКУД | G7: 0322005
G8: =IF(Source!AT15 <> "", Source!AT15, "")
A9: Инвестор | C9: =IF(Source!BA15 <> "", Source!BA15, IF(Source!AU15 <> "", Source!AU15, "")) | F9: по ОКПО
C10: организация, адрес, телефон, факс | G10: =IF(Source!AK15 <> "", Source!AK15, "")
A11: Заказчик | C11: =IF(Source!AX12<> "", Source!AX12, IF(Source!AJ12 <> "", Source!AJ12, "")) | F11: по ОКПО
C12: организация, адрес, телефон, факс | G12: =IF(Source!AO15 <> "", Source!AO15, "")
A13: Подрядчик | C13: =IF(Source!AY12<> "", Source!AY12, IF(Source!AN12 <> "", Source!AN12, "")) | F13: по ОКПО
C14: организация, адрес, телефон, факс | G14: =IF(Source!CO15 <> "", Source!CO15, "")
A15: Стройка | C15: на капитальный ремонт помещений учебных аудиторий 4-го этажа Корпуса К НИЯУ МИФИ по адресу: г.Москва,Каширское шоссе,д.31,стр.46 | AE15: на капитальный ремонт помещений учебных аудиторий 4-го этажа Корпуса К НИЯУ МИФИ по адресу: г.Москва,Каширское шоссе,д.31,стр.46
C16: наименование, адрес | G16: =IF(Source!CP15 <> "", Source!CP15, "")
A17: Объект | C17: =IF(Source!G12<>"Новый объект", Source!G12, "") -> на капитальный ремонт учебных аудиторий 4-го этажа учебно-научного корпуса "К" НИЯУ МИФИ по адресу: г. Москва, Каширское шоссе, д.31, стр.46 | AE17: =IF(Source!G12<>"Новый объект", Source!G12, "") -> на капитальный ремонт учебных аудиторий 4-го этажа учебно-научного корпуса "К" НИЯУ МИФИ по адресу: г. Москва, Каширское шоссе, д.31, стр.46
C18: наименование
D19: Вид деятельности по ОКДП | G19: =IF(Source!CQ15 <> "", Source!CQ15, "")
D20: Договор подряда | F20: номер | G20: =IF(Source!CR15 <> "", Source!CR15, "")
F21: дата | G21: =IF(Source!CS15 <> 0, Source!CS15, "")
F22: Вид операции | G22: =IF(Source!CT15 <> "", Source!CT15, "")
D24: Номер документа | E24: Дата составления | F24: Отчетный период
F25: с | G25: по
D26: =IF(Source!CN15 <> "", Source!CN15, "") | E26: 43266.503
A28: AKT
A29: О ПРИЕМКЕ ВЫПОЛНЕННЫХ РАБОТ
A31: Сметная (договорная) стоимость в соответствии с договором подряда (субподряда) | F31: =(Source!F305/1000) -> 2601.8163 | H31: тыс.руб
A33: Номер | C33: Наименование работ | D33: Номер единичной расценки | E33: Единица измерения | F33: Выполнено работ
A34: по порядку | B34: поз. по смете | F34: Количество | G34: цена за единицу, руб | H34: стоимость, руб
A35: 1 | B35: 2 | C35: 3 | D35: 4 | E35: 5 | F35: 6 | G35: 7 | H35: 8
A37: =CONCATENATE("Раздел: ",IF(Source!G24<>"Новый раздел", Source!G24, "")) -> Раздел: 1 Общестроительные работы
A38: 1 | B38: =Source!E28 -> 1 | C38: =Source!G28 -> Разборка плинтусов деревянных | D38: =Source!F28 -> 57-3-1 | E38: =Source!H28 -> 100 м | F38: =Source!I28 -> 1.7048 | G38: =Source!AB28 -> 29.41 | H38: =Source!O28 -> 327.4 | T38: =Source!O28+Source!X28+Source!Y28 -> 811.95 | U38: =Source!P28 -> 0 | V38: =Source!S28 -> 327.4 | W38: =Source!Q28 -> 0 | X38: =Source!R28 -> 0 | Y38: =Source!U28 -> 6.427096 | Z38: =Source!V28 -> 0 | AA38: =Source!X28 -> 261.92 | AB38: =Source!Y28 -> 222.63
C39: Коэфф. к ОЗП | D39: =Source!BA28 -> 6.53
C40: Коэфф. к эксплуатации машин | D40: =Source!BB28 -> 6.53
C41: Коэфф. к материалам | D41: =Source!BC28 -> 6.53
C42: Коэфф. к ЗПМ | D42: =Source!BS28 -> 6.53
C43: % НР | F43: =Source!BZ28 -> 80 | G43: =(Source!AF28+Source!AE28)*Source!FX28/100 -> 23.528 | H43: =Source!X28 -> 261.92
C44: % СП | F44: =Source!CA28 -> 68 | G44: =(Source!AF28+Source!AE28)*Source!FY28/100 -> 19.9988 | H44: =Source!Y28 -> 222.63
C45: Итого с НР и СП | G45: =((Source!AF28+Source!AE28)*Source!FX28/100)+((Source!AF28+Source!AE28)*Source!FY28/100)+Source!AB28 -> 72.9368 | H45: =Source!O28+Source!X28+Source!Y28 -> 811.95
A46: 2 | B46: =Source!E29 -> 2 | C46: =Source!G29 -> Разборка покрытий полов из линолеума | D46: =Source!F29 -> 57-2-1 | E46: =Source!H29 -> 100 м2 | F46: =Source!I29 -> 2.793 | G46: =Source!AB29 -> 92.9 | H46: =Source!O29 -> 1694.34 | T46: =Source!O29+Source!X29+Source!Y29 -> 4139.88 | U46: =Source!P29 -> 0 | V46: =Source!S29 -> 1620.29 | W46: =Source!Q29 -> 74.05 | X46: =Source!R29 -> 32.1 | Y46: =Source!U29 -> 31.81227 | Z46: =Source!V29 -> 0.36309 | AA46: =Source!X29 -> 1321.91 | AB46: =Source!Y29 -> 1123.63
C47: Коэфф. к ОЗП | D47: =Source!BA29 -> 6.53
C48: Коэфф. к эксплуатации машин | D48: =Source!BB29 -> 6.53
C49: Коэфф. к материалам | D49: =Source!BC29 -> 6.53
C50: Коэфф. к ЗПМ | D50: =Source!BS29 -> 6.53
C51: % НР | F51: =Source!BZ29 -> 80 | G51: =(Source!AF29+Source!AE29)*Source!FX29/100 -> 72.48 | H51: =Source!X29 -> 1321.91
C52: % СП | F52: =Source!CA29 -> 68 | G52: =(Source!AF29+Source!AE29)*Source!FY29/100 -> 61.608 | H52: =Source!Y29 -> 1123.63
C53: Итого с НР и СП | G53: =((Source!AF29+Source!AE29)*Source!FX29/100)+((Source!AF29+Source!AE29)*Source!FY29/100)+Source!AB29 -> 226.988 | H53: =Source!O29+Source!X29+Source!Y29 -> 4139.88
A54: 3 | B54: =Source!E30 -> 3 | C54: =Source!G30 -> Смена жалюзийных решеток | D54: =Source!F30 -> 65-33-1 | E54: =Source!H30 -> 100 ШТ | F54: =Source!I30 -> 0.13 | G54: =Source!AB30 -> 430.86 | H54: =Source!O30 -> 365.76 | T54: =Source!O30+Source!X30+Source!Y30 -> 911.14 | U54: =Source!P30 -> 31.03 | V54: =Source!S30 -> 334.47 | W54: =Source!Q30 -> 0.26 | X54: =Source!R30 -> 0.12 | Y54: =Source!U30 -> 6.0047 | Z54: =Source!V30 -> 0.0013 | AA54: =Source!X30 -> 344.63 | AB54: =Source!Y30 -> 200.75
C55: Коэфф. к ОЗП | D55: =Source!BA30 -> 6.53
C56: Коэфф. к эксплуатации машин | D56: =Source!BB30 -> 6.53
C57: Коэфф. к материалам | D57: =Source!BC30 -> 6.53
C58: Коэфф. к ЗПМ | D58: =Source!BS30 -> 6.53
C59: % НР | F59: =Source!BZ30 -> 103 | G59: =(Source!AF30+Source!AE30)*Source!FX30/100 -> 405.9642 | H59: =Source!X30 -> 344.63
C60: % СП | F60: =Source!CA30 -> 60 | G60: =(Source!AF30+Source!AE30)*Source!FY30/100 -> 236.484 | H60: =Source!Y30 -> 200.75
C61: Итого с НР и СП | G61: =((Source!AF30+Source!AE30)*Source!FX30/100)+((Source!AF30+Source!AE30)*Source!FY30/100)+Source!AB30 -> 1073.3082 | H61: =Source!O30+Source!X30+Source!Y30 -> 911.14
A62: 4 | B62: =Source!E31 -> 3,1 | C62: =Source!G31 -> Решетки пластиковые вентиляционные прим.(согласно тех.заданию) | D62: =Source!F31 -> 19.2.03.07-0028 | E62: =Source!H31 -> шт. | F62: =Source!I31 -> 13 | G62: =Source!AB31 -> 956.29 | H62: =Source!O31 -> 81179.46 | T62: =Source!O31+Source!X31+Source!Y31 -> 81179.46 | U62: =Source!P31 -> 81179.46 | V62: =Source!S31 -> 0 | W62: =Source!Q31 -> 0 | X62: =Source!R31 -> 0 | Y62: =Source!U31 -> 0 | Z62: =Source!V31 -> 0 | AA62: =Source!X31 -> 0 | AB62: =Source!Y31 -> 0
C63: Коэфф. к материалам | D63: =Source!BC31 -> 6.53
A64: 5 | B64: =Source!E32 -> 4 | C64: =Source!G32 -> Отбивка штукатурки с поверхностей стен | D64: =Source!F32 -> 46-02-009-02 | E64: =Source!H32 -> 100 м2 | F64: =Source!I32 -> 1.5465 | G64: =Source!AB32 -> 178 | H64: =Source!O32 -> 1797.56 | T64: =Source!O32+Source!X32+Source!Y32 -> 4655.68 | U64: =Source!P32 -> 0 | V64: =Source!S32 -> 1797.56 | W64: =Source!Q32 -> 0 | X64: =Source!R32 -> 0 | Y64: =Source!U32 -> 35.29113 | Z64: =Source!V32 -> 0 | AA64: =Source!X32 -> 1779.58 | AB64: =Source!Y32 -> 1078.54
C65: Коэфф. к ОЗП | D65: =Source!BA32 -> 6.53
C66: Коэфф. к эксплуатации машин | D66: =Source!BB32 -> 6.53
C67: Коэфф. к материалам | D67: =Source!BC32 -> 6.53
C68: Коэфф. к ЗПМ | D68: =Source!BS32 -> 6.53
C69: % НР | F69: =Source!BZ32 -> 110 | G69: =(Source!AF32+Source!AE32)*Source!FX32/100 -> 176.22 | H69: =Source!X32 -> 1779.58
C70: % НР с поправкой | G70: =CONCATENATE(Source!DL32,Source!FT32, "=", Source!FX32, "%") -> *0,9=99% | H70: =CONCATENATE(Source!AT32) -> 99
C71: % СП | F71: =Source!CA32 -> 70 | G71: =(Source!AF32+Source!AE32)*Source!FY32/100 -> 105.91 | H71: =Source!Y32 -> 1078.54
C72: СП с поправкой | G72: =CONCATENATE(Source!DM32,Source!FU32, "=", Source!FY32, "%") -> *0,85=59,5% | H72: =CONCATENATE(Source!AU32) -> 60
C73: Итого с НР и СП | G73: =((Source!AF32+Source!AE32)*Source!FX32/100)+((Source!AF32+Source!AE32)*Source!FY32/100)+Source!AB32 -> 460.13 | H73: =Source!O32+Source!X32+Source!Y32 -> 4655.68
A74: 6 | B74: =Source!E33 -> 5 | C74: =Source!G33 -> Заделка выбоин в полах цементных площадью до 1,0 м2 | D74: =Source!F33 -> 57-10-3 | E74: =Source!H33 -> 100 мест | F74: =Source!I33 -> 0.43 | G74: =Source!AB33 -> 1106.88 | H74: =Source!O33 -> 3108.01 | T74: =Source!O33+Source!X33+Source!Y33 -> 7511.72 | U74: =Source!P33 -> 0.67 | V74: =Source!S33 -> 2975.48 | W74: =Source!Q33 -> 131.86 | X74: =Source!R33 -> 0 | Y74: =Source!U33 -> 53.4189 | Z74: =Source!V33 -> 0 | AA74: =Source!X33 -> 2380.38 | AB74: =Source!Y33 -> 2023.33
C75: Коэфф. к ОЗП | D75: =Source!BA33 -> 6.53
C76: Коэфф. к эксплуатации машин | D76: =Source!BB33 -> 6.53
C77: Коэфф. к материалам | D77: =Source!BC33 -> 6.53
C78: Коэфф. к ЗПМ | D78: =Source!BS33 -> 6.53
C79: % НР | F79: =Source!BZ33 -> 80 | G79: =(Source!AF33+Source!AE33)*Source!FX33/100 -> 847.744 | H79: =Source!X33 -> 2380.38
C80: % СП | F80: =Source!CA33 -> 68 | G80: =(Source!AF33+Source!AE33)*Source!FY33/100 -> 720.5824 | H80: =Source!Y33 -> 2023.33
C81: Итого с НР и СП | G81: =((Source!AF33+Source!AE33)*Source!FX33/100)+((Source!AF33+Source!AE33)*Source!FY33/100)+Source!AB33 -> 2675.2064 | H81: =Source!O33+Source!X33+Source!Y33 -> 7511.72
A82: 7 | B82: =Source!E34 -> 5,1 | C82: =Source!G34 -> Раствор готовый кладочный тяжелый цементный | D82: =Source!F34 -> 04.3.01.09 | E82: =Source!H34 -> м3 | F82: =Source!I34 -> 0.9202 | G82: =Source!AB34 -> 0 | H82: =Source!O34 -> 0 | T82: =Source!O34+Source!X34+Source!Y34 -> 0 | U82: =Source!P34 -> 0 | V82: =Source!S34 -> 0 | W82: =Source!Q34 -> 0 | X82: =Source!R34 -> 0 | Y82: =Source!U34 -> 0 | Z82: =Source!V34 -> 0 | AA82: =Source!X34 -> 0 | AB82: =Source!Y34 -> 0
C83: Коэфф. к материалам | D83: =Source!BC34 -> 6.53
A84: 8 | B84: =Source!E35 -> 5,2 | C84: =Source!G35 -> Раствор готовый кладочный цементный марки 150 | D84: =Source!F35 -> 04.3.01.09-0015 | E84: =Source!H35 -> м3 | F84: =Source!I35 -> 0.9202 | G84: =Source!AB35 -> 548.3 | H84: =Source!O35 -> 3294.68 | T84: =Source!O35+Source!X35+Source!Y35 -> 3294.68 | U84: =Source!P35 -> 3294.68 | V84: =Source!S35 -> 0 | W84: =Source!Q35 -> 0 | X84: =Source!R35 -> 0 | Y84: =Source!U35 -> 0 | Z84: =Source!V35 -> 0 | AA84: =Source!X35 -> 0 | AB84: =Source!Y35 -> 0
C85: Коэфф. к материалам | D85: =Source!BC35 -> 6.53
A86: 9 | B86: =Source!E36 -> 6 | C86: =Source!G36 -> Устройство стяжек из выравнивающей смеси типа "Ветонит" 5000, толщиной 5 мм | D86: =Source!F36 -> 11-01-011-08 | E86: =Source!H36 -> 100 м2 | F86: =Source!I36 -> 2.793 | G86: =Source!AB36 -> 11078.65 | H86: =Source!O36 -> 202055.64 | T86: =Source!O36+Source!X36+Source!Y36 -> 213928.46 | U86: =Source!P36 -> 195173.96 | V86: =Source!S36 -> 6739.6 | W86: =Source!Q36 -> 142.08 | X86: =Source!R36 -> 44.87 | Y86: =Source!U36 -> 120.99416 | Z86: =Source!V36 -> 0.5935125 | AA86: =Source!X36 -> 7530.76 | AB86: =Source!Y36 -> 4342.06
C87: Коэфф. к ОЗП | D87: =Source!BA36 -> 6.53
C88: Коэфф. к эксплуатации машин | D88: =Source!BB36 -> 6.53
C89: Коэфф. к материалам | D89: =Source!BC36 -> 6.53
C90: Коэфф. к ЗПМ | D90: =Source!BS36 -> 6.53
C91: % НР | F91: =Source!BZ36 -> 123 | G91: =(Source!AF36+Source!AE36)*Source!FX36/100 -> 411.79293 | H91: =Source!X36 -> 7530.76
C92: % НР с поправкой | G92: =CONCATENATE(Source!DL36,Source!FT36, "=", Source!FX36, "%") -> *0,9=110,7% | H92: =CONCATENATE(Source!AT36) -> 111
C93: % СП | F93: =Source!CA36 -> 75 | G93: =(Source!AF36+Source!AE36)*Source!FY36/100 -> 237.14362 | H93: =Source!Y36 -> 4342.06
C94: СП с поправкой | G94: =CONCATENATE(Source!DM36,Source!FU36, "=", Source!FY36, "%") -> *0,85=63,75% | H94: =CONCATENATE(Source!AU36) -> 64
C95: Итого с НР и СП | G95: =((Source!AF36+Source!AE36)*Source!FX36/100)+((Source!AF36+Source!AE36)*Source!FY36/100)+Source!AB36 -> 11727.587 | H95: =Source!O36+Source!X36+Source!Y36 -> 213928.46
A96: 10 | B96: =Source!E37 -> 7 | C96: =Source!G37 -> Устройство стяжек на каждый последующий слой толщиной 1 мм добавлять к расценке 11-01-011-08 | D96: =Source!F37 -> 11-01-011-10 | E96: =Source!H37 -> 100 м2 | F96: =Source!I37 -> 2.793 | G96: =Source!AB37 -> 10370 | H96: =Source!O37 -> 189131.06 | T96: =Source!O37+Source!X37+Source!Y37 -> 192988.86 | U96: =Source!P37 -> 186828.48 | V96: =Source!S37 -> 2164.52 | W96: =Source!Q37 -> 138.06 | X96: =Source!R37 -> 39.94 | Y96: =Source!U37 -> 38.864595 | Z96: =Source!V37 -> 0.5236875 | AA96: =Source!X37 -> 2446.95 | AB96: =Source!Y37 -> 1410.85
C97: Коэфф. к ОЗП | D97: =Source!BA37 -> 6.53
C98: Коэфф. к эксплуатации машин | D98: =Source!BB37 -> 6.53
C99: Коэфф. к материалам | D99: =Source!BC37 -> 6.53
C100: Коэфф. к ЗПМ | D100: =Source!BS37 -> 6.53
C101: % НР | F101: =Source!BZ37 -> 123 | G101: =(Source!AF37+Source!AE37)*Source!FX37/100 -> 133.80309 | H101: =Source!X37 -> 2446.95
C102: % НР с поправкой | G102: =CONCATENATE(Source!DL37,Source!FT37, "=", Source!FX37, "%") -> *0,9=110,7% | H102: =CONCATENATE(Source!AT37) -> 111
C103: % СП | F103: =Source!CA37 -> 75 | G103: =(Source!AF37+Source!AE37)*Source!FY37/100 -> 77.054625 | H103: =Source!Y37 -> 1410.85
C104: СП с поправкой | G104: =CONCATENATE(Source!DM37,Source!FU37, "=", Source!FY37, "%") -> *0,85=63,75% | H104: =CONCATENATE(Source!AU37) -> 64
C105: Итого с НР и СП | G105: =((Source!AF37+Source!AE37)*Source!FX37/100)+((Source!AF37+Source!AE37)*Source!FY37/100)+Source!AB37 -> 10580.858 | H105: =Source!O37+Source!X37+Source!Y37 -> 192988.86
A106: 11 | B106: =Source!E38 -> 8 | C106: =Source!G38 -> Грунтование водно-дисперсионной грунтовкой поверхностей пористых (камень, кирпич, бетон и т д) | D106: =Source!F38 -> 15-07-003-02 | E106: =Source!H38 -> 100 м2 | F106: =Source!I38 -> 2.793 | G106: =Source!AB38 -> 268.3 | H106: =Source!O38 -> 4893.34 | T106: =Source!O38+Source!X38+Source!Y38 -> 5785.54 | U106: =Source!P38 -> 3871.81 | V106: =Source!S38 -> 617.73 | W106: =Source!Q38 -> 403.8 | X106: =Source!R38 -> 10.58 | Y106: =Source!U38 -> 10.30617 | Z106: =Source!V38 -> 0.13965 | AA106: =Source!X38 -> 596.89 | AB106: =Source!Y38 -> 295.31
...

Sheet Source
A1: 0 | B1: Smeta.RU (495) 974-1589 | D1: _PS_ | F1: 0 | G1: 0 | H1: 0 | I1: Smeta.RU | K1: 0 | L1: 13277 | M1: 10
A12: 1 | B12: 365 | C12: 0 | D12: =ROW(A307) -> 307 | E12: 0 | F12: Новый объект_(Копия)_(Копия) | G12: на капитальный ремонт учебных аудиторий 4-го этажа учебно-научного корпуса "К" НИЯУ МИФИ по адресу: г. Москва, Каширское шоссе, д.31, стр.46 | I12: 0 | K12: 0 | O12: 0 | P12: 0 | Q12: 0 | R12: 0 | V12: 0 | BH12: Сметные нормы списания | BI12: Коды ценников | BJ12: 1 | BK12: 1 | BL12: 0 | BM12: 0 | BN12: 1 | BO12: 0 | BP12: 2 | BQ12: 2 | BR12: 1 | BS12: 1 | BT12: 0 | BU12: 0 | BV12: 0 | BW12: 0 | BX12: 0 | BY12: ФЕР-2017 | BZ12: ТР для Версии 10: Центральные регионы (с учетом п-ма 2536-ИП/12/ГС от 22.03.2017 г | CA12: ФЕР-2017 | CB12: ФЕР-2017 | CC12: ФЕР-2017 | CD12: ФЕР-2017 | CE12: Поправки для ГСН 2017 от 31.03.2017 г | CF12: 0 | CG12: 0 | CH12: 524296 | CK12: 4 | EC12: 0
A15: 15 | B15: 1
A18: 52 | B18: =B307 -> 365 | C18: =C307 -> 1 | D18: =D307 -> 12 | E18: =E307 -> 0 | F18: =F307 -> Новый объект_(Копия)_(Копия) | G18: =G307 -> на капитальный ремонт учебных аудиторий 4-го этажа учебно-научного корпуса "К" НИЯУ МИФИ по адресу: г. Москва, Каширское шоссе, д.31, стр.46 | O18: =O307 -> 1970855.5 | P18: =P307 -> 1794567.4 | Q18: =Q307 -> 14459.14 | R18: =R307 -> 3141.31 | S18: =S307 -> 161828.87 | T18: =T307 -> 0 | U18: =U307 -> 2288.6531 | V18: =V307 -> 42.035352 | ... GX18: =GX307 -> 0
A20: 3 | B20: 1 | D20: =ROW(A275) -> 275 | F20: Новая локальная смета | G20: Новая локальная смета | I20: 0 | K20: 0 | V20: 0 | BX20: 0 | CF20: 0 | CG20: 0
A22: 52 | B22: =B275 -> 1 | C22: =C275 -> 3 | D22: =D275 -> 20 | E22: =E275 -> 0 | F22: =F275 -> Новая локальная смета | G22: =G275 -> Новая локальная смета | O22: =O275 -> 1970855.5 | P22: =P275 -> 1794567.4 | Q22: =Q275 -> 14459.14 | R22: =R275 -> 3141.31 | S22: =S275 -> 161828.87 | T22: =T275 -> 0 | U22: =U275 -> 2288.6531 | V22: =V275 -> 42.035352 | ... GX22: =GX275 -> 0
A24: 4 | B24: 1 | D24: =ROW(A83) -> 83 | F24: Новый раздел | G24: 1 Общестроительные работы | I24: 0 | K24: 0 | V24: 0 | BX24: 0 | CJ24: 0
A26: 52 | B26: =B83 -> 1 | C26: =C83 -> 4 | D26: =D83 -> 24 | E26: =E83 -> 0 | F26: =F83 -> Новый раздел | G26: =G83 -> 1 Общестроительные работы | O26: =O83 -> 1004846.6 | P26: =P83 -> 912062.98 | Q26: =Q83 -> 10200.38 | R26: =R83 -> 2626.99 | S26: =S83 -> 82583.22 | T26: =T83 -> 0 | U26: =U83 -> 1424.4293 | V26: =V83 -> 35.762058 | ... GX26: =GX83 -> 0
A28: 17 | B28: 1 | C28: =ROW(SmtRes!A1) -> 1 | D28: =ROW(EtalonRes!A2) -> 2 | E28: 1 | F28: 57-3-1 | G28: Разборка плинтусов деревянных | H28: 100 м | I28: 1.7048 | J28: 0 | O28: =ROUND(CP28,2) -> 327.4 | P28: =ROUND(CQ28*I28,2) -> 0 | Q28: =ROUND(CR28*I28,2) -> 0 | R28: =ROUND(CS28*I28,2) -> 0 | S28: =ROUND(CT28*I28,2) -> 327.4 | T28: =ROUND(CU28*I28,2) -> 0 | U28: =CV28*I28 -> 6.427096 | V28: =CW28*I28 -> 0 | W28: =ROUND(CX28*I28,2) -> 0 | X28: =ROUND(CY28,2) -> 261.92 | Y28: =ROUND(CZ28,2) -> 222.63 | AA28: 39099382 | AB28: =ROUND((AC28+AD28+AF28),2) -> 29.41 | AC28: =ROUND((ES28),2) -> 0 | AD28: =ROUND((((ET28)-(EU28))+AE28),2) -> 0 | AE28: =ROUND((EU28),2) -> 0 | AF28: =ROUND((EV28),2) -> 29.41 | AG28: =ROUND((AP28),2) -> 0 | AH28: =(EW28) -> 3.77 | AI28: =(EX28) -> 0 | AJ28: =ROUND((AS28),2) -> 0 | AK28: 29.41 | AL28: 0 | AM28: 0 | AN28: 0 | AO28: 29.41 | AP28: 0 | AQ28: 3.77 | AR28: 0 | AS28: 0 | AT28: 80 | AU28: 68 | AV28: 1 | AW28: 1 | AZ28: 6.53 | BA28: 6.53 | BB28: 6.53 | BC28: 6.53 | BH28: 0 | BI28: 1 | BJ28: ФЕР-2001, 57-3-1, приказ Минстроя России №1039/пр от 30.12.2016г. | BM28: 57001 | BN28: 0 | BP28: 0 | BQ28: 6 | BR28: 0 | BS28: 6.53 | BT28: 1 | BU28: 1 | BV28: 1 | BW28: 1 | BX28: 1 | BZ28: 80 | CA28: 68 | CF28: 0 | CG28: 0 | CM28: 0 | CO28: 0 | CP28: =(P28+Q28+S28) -> 327.4 | CQ28: =AC28*BC28 -> 0 | CR28: =AD28*BB28 -> 0 | CS28: =AE28*BS28 -> 0 | CT28: =AF28*BA28 -> 192.0473 | CU28: =AG28 -> 0 | CV28: =AH28 -> 3.77 | CW28: =AI28 -> 0 | CX28: =AJ28 -> 0 | CY28: =(((S28+R28)*AT28)/100) -> 261.92 | CZ28: =(((S28+R28)*AU28)/100) -> 222.632 | DN28: 0 | DO28: 0 | DP28: 1 | DQ28: 1 | DU28: 1003 | DV28: 100 м | DW28: 100 м | DX28: 100 | EE28: 39174582 | EF28: 6 | EG28: Ремонтно-строительные работы | EH28: 0 | EJ28: 1 | EK28: 57001 | EL28: Полы | EM28: рФЕР-57 | EQ28: 0 | ER28: 29.41 | ES28: 0 | ET28: 0 | EU28: 0 | EV28: 29.41 | EW28: 3.77 | EX28: 0 | EY28: 0 | FQ28: 0 | FR28: =ROUND(IF(AND(BH28=3,BI28=3),P28,0),2) -> 0 | FS28: 0 | FX28: 80 | FY28: 68 | GD28: 0 | GF28: -1219653826 | GG28: 1 | GH28: 1 | GI28: 4 | GJ28: 0 | GK28: =ROUND(R28*(R12)/100,2) -> 0 | GL28: =ROUND(IF(AND(BH28=3,BI28=3,FS28<>0),P28,0),2) -> 0 | GM28: =ROUND(O28+X28+Y28+GK28,2)+GX28 -> 811.95 | GN28: =IF(OR(BI28=0,BI28=1),ROUND(O28+X28+Y28+GK28,2),0) -> 811.95 | GO28: =IF(BI28=2,ROUND(O28+X28+Y28+GK28,2),0) -> 0 | GP28: =IF(BI28=4,ROUND(O28+X28+Y28+GK28,2)+GX28,0) -> 0 | GR28: 0 | GS28: 0 | GT28: 0 | GV28: =ROUND(GT28,2) -> 0 | GW28: 1 | GX28: =ROUND(GV28*GW28*I28,2) -> 0 | HA28: 0 | HB28: 0 | IK28: 0
A29: 17 | B29: 1 | C29: =ROW(SmtRes!A4) -> 4 | D29: =ROW(EtalonRes!A6) -> 6 | E29: 2 | F29: 57-2-1 | G29: Разборка покрытий полов из линолеума | H29: 100 м2 | I29: 2.793 | J29: 0 | O29: =ROUND(CP29,2) -> 1694.34 | P29: =ROUND(CQ29*I29,2) -> 0 | Q29: =ROUND(CR29*I29,2) -> 74.05 | R29: =ROUND(CS29*I29,2) -> 32.1 | S29: =ROUND(CT29*I29,2) -> 1620.29 | T29: =ROUND(CU29*I29,2) -> 0 | U29: =CV29*I29 -> 31.81227 | V29: =CW29*I29 -> 0.36309 | W29: =ROUND(CX29*I29,2) -> 0 | X29: =ROUND(CY29,2) -> 1321.91 | Y29: =ROUND(CZ29,2) -> 1123.63 | AA29: 39099382 | AB29: =ROUND((AC29+AD29+AF29),2) -> 92.9 | AC29: =ROUND((ES29),2) -> 0 | AD29: =ROUND((((ET29)-(EU29))+AE29),2) -> 4.06 | AE29: =ROUND((EU29),2) -> 1.76 | AF29: =ROUND((EV29),2) -> 88.84 | AG29: =ROUND((AP29),2) -> 0 | AH29: =(EW29) -> 11.39 | AI29: =(EX29) -> 0.13 | AJ29: =ROUND((AS29),2) -> 0 | AK29: 92.9 | AL29: 0 | AM29: 4.06 | AN29: 1.76 | AO29: 88.84 | AP29: 0 | AQ29: 11.39 | AR29: 0.13 | AS29: 0 | AT29: 80 | AU29: 68 | AV29: 1 | AW29: 1 | AZ29: 6.53 | BA29: 6.53 | BB29: 6.53 | BC29: 6.53 | BH29: 0 | BI29: 1 | BJ29: ФЕР-2001, 57-2-1, приказ Минстроя России №1039/пр от 30.12.2016г. | BM29: 57001 | BN29: 0 | BP29: 0 | BQ29: 6 | BR29: 0 | BS29: 6.53 | BT29: 1 | BU29: 1 | BV29: 1 | BW29: 1 | BX29: 1 | BZ29: 80 | CA29: 68 | CF29: 0 | CG29: 0 | CM29: 0 | CO29: 0 | CP29: =(P29+Q29+S29) -> 1694.34 | CQ29: =AC29*BC29 -> 0 | CR29: =AD29*BB29 -> 26.5118 | CS29: =AE29*BS29 -> 11.4928 | CT29: =AF29*BA29 -> 580.1252 | CU29: =AG29 -> 0 | CV29: =AH29 -> 11.39 | CW29: =AI29 -> 0.13 | CX29: =AJ29 -> 0 | CY29: =(((S29+R29)*AT29)/100) -> 1321.912 | CZ29: =(((S29+R29)*AU29)/100) -> 1123.6252 | DN29: 0 | DO29: 0 | DP29: 1 | DQ29: 1 | DU29: 1005 | DV29: 100 м2 | DW29: 100 м2 | DX29: 100 | EE29: 39174582 | EF29: 6 | EG29: Ремонтно-строительные работы | EH29: 0 | EJ29: 1 | EK29: 57001 | EL29: Полы | EM29: рФЕР-57 | EQ29: 0 | ER29: 92.9 | ES29: 0 | ET29: 4.06 | EU29: 1.76 | EV29: 88.84 | EW29: 11.39 | EX29: 0.13 | EY29: 0 | FQ29: 0 | FR29: =ROUND(IF(AND(BH29=3,BI29=3),P29,0),2) -> 0 | FS29: 0 | FX29: 80 | FY29: 68 | GD29: 0 | GF29: 334444289 | GG29: 1 | GH29: 1 | GI29: 4 | GJ29: 0 | GK29: =ROUND(R29*(R12)/100,2) -> 0 | GL29: =ROUND(IF(AND(BH29=3,BI29=3,FS29<>0),P29,0),2) -> 0 | GM29: =ROUND(O29+X29+Y29+GK29,2)+GX29 -> 4139.88 | GN29: =IF(OR(BI29=0,BI29=1),ROUND(O29+X29+Y29+GK29,2),0) -> 4139.88 | GO29: =IF(BI29=2,ROUND(O29+X29+Y29+GK29,2),0) -> 0 | GP29: =IF(BI29=4,ROUND(O29+X29+Y29+GK29,2)+GX29,0) -> 0 | GR29: 0 | GS29: 0 | GT29: 0 | GV29: =ROUND(GT29,2) -> 0 | GW29: 1 | GX29: =ROUND(GV29*GW29*I29,2) -> 0 | HA29: 0 | HB29: 0 | IK29: 0
A30: 17 | B30: 1 | C30: =ROW(SmtRes!A10) -> 10 | D30: =ROW(EtalonRes!A13) -> 13 | E30: 3 | F30: 65-33-1 | G30: Смена жалюзийных решеток | H30: 100 ШТ | I30: 0.13 | J30: 0 | O30: =ROUND(CP30,2) -> 365.76 | P30: =ROUND(CQ30*I30,2) -> 31.03 | Q30: =ROUND(CR30*I30,2) -> 0.26 | R30: =ROUND(CS30*I30,2) -> 0.12 | S30: =ROUND(CT30*I30,2) -> 334.47 | T30: =ROUND(CU30*I30,2) -> 0 | U30: =CV30*I30 -> 6.0047 | V30: =CW30*I30 -> 0.0013 | W30: =ROUND(CX30*I30,2) -> 0 | X30: =ROUND(CY30,2) -> 344.63 | Y30: =ROUND(CZ30,2) -> 200.75 | AA30: 39099382 | AB30: =ROUND((AC30+AD30+AF30),2) -> 430.86 | AC30: =ROUND((ES30),2) -> 36.55 | AD30: =ROUND((((ET30)-(EU30))+AE30),2) -> 0.31 | AE30: =ROUND((EU30),2) -> 0.14 | AF30: =ROUND((EV30),2) -> 394 | AG30: =ROUND((AP30),2) -> 0 | AH30: =(EW30) -> 46.19 | AI30: =(EX30) -> 0.01 | AJ30: =ROUND((AS30),2) -> 0 | AK30: 430.86 | AL30: 36.55 | AM30: 0.31 | AN30: 0.14 | AO30: 394 | AP30: 0 | AQ30: 46.19 | AR30: 0.01 | AS30: 0 | AT30: 103 | AU30: 60 | AV30: 1 | AW30: 1 | AZ30: 6.53 | BA30: 6.53 | BB30: 6.53 | BC30: 6.53 | BH30: 0 | BI30: 1 | BJ30: ФЕР-2001, 65-33-1, приказ Минстроя России №1039/пр от 30.12.2016г. | BM30: 65010 | BN30: 0 | BP30: 0 | BQ30: 6 | BR30: 0 | BS30: 6.53 | BT30: 1 | BU30: 1 | BV30: 1 | BW30: 1 | BX30: 1 | BZ30: 103 | CA30: 60 | CF30: 0 | CG30: 0 | CM30: 0 | CO30: 0 | CP30: =(P30+Q30+S30) -> 365.76 | CQ30: =AC30*BC30 -> 238.6715 | CR30: =AD30*BB30 -> 2.0243 | CS30: =AE30*BS30 -> 0.9142 | CT30: =AF30*BA30 -> 2572.82 | CU30: =AG30 -> 0 | CV30: =AH30 -> 46.19 | CW30: =AI30 -> 0.01 | CX30: =AJ30 -> 0 | CY30: =(((S30+R30)*AT30)/100) -> 344.6277 | CZ30: =(((S30+R30)*AU30)/100) -> 200.754 | DN30: 0 | DO30: 0 | DP30: 1 | DQ30: 1 | DU30: 1013 | DV30: 100 ШТ | DW30: 100 ШТ | DX30: 1 | EE30: 39174605 | EF30: 6 | EG30: Ремонтно-строительные работы | EH30: 0 | EJ30: 1 | EK30: 65010 | EL30: Внтуренниие с/техработы: смена труб | EM30: рФЕР-65 | EQ30: 0 | ER30: 430.86 | ES30: 36.55 | ET30: 0.31 | EU30: 0.14 | EV30: 394 | EW30: 46.19 | EX30: 0.01 | EY30: 0 | FQ30: 0 | FR30: =ROUND(IF(AND(BH30=3,BI30=3),P30,0),2) -> 0 | FS30: 0 | FX30: 103 | FY30: 60 | GD30: 0 | GF30: -2051527918 | GG30: 1 | GH30: 1 | GI30: 4 | GJ30: 0 | GK30: =ROUND(R30*(R12)/100,2) -> 0 | GL30: =ROUND(IF(AND(BH30=3,BI30=3,FS30<>0),P30,0),2) -> 0 | GM30: =ROUND(O30+X30+Y30+GK30,2)+GX30 -> 911.14 | GN30: =IF(OR(BI30=0,BI30=1),ROUND(O30+X30+Y30+GK30,2),0) -> 911.14 | GO30: =IF(BI30=2,ROUND(O30+X30+Y30+GK30,2),0) -> 0 | GP30: =IF(BI30=4,ROUND(O30+X30+Y30+GK30,2)+GX30,0) -> 0 | GR30: 0 | GS30: 0 | GT30: 0 | GV30: =ROUND(GT30,2) -> 0 | GW30: 1 | GX30: =ROUND(GV30*GW30*I30,2) -> 0 | HA30: 0 | HB30: 0 | IK30: 0
A31: 18 | B31: 1 | C31: 10 | E31: 3,1 | F31: 19.2.03.07-0028 | G31: Решетки пластиковые вентиляционные прим.(согласно тех.заданию) | H31: шт. | I31: =I30*J31 -> 13 | J31: 100 | O31: =ROUND(CP31,2) -> 81179.46 | P31: =ROUND(CQ31*I31,2) -> 81179.46 | Q31: =ROUND(CR31*I31,2) -> 0 | R31: =ROUND(CS31*I31,2) -> 0 | S31: =ROUND(CT31*I31,2) -> 0 | T31: =ROUND(CU31*I31,2) -> 0 | U31: =CV31*I31 -> 0 | V31: =CW31*I31 -> 0 | W31: =ROUND(CX31*I31,2) -> 0 | X31: =ROUND(CY31,2) -> 0 | Y31: =ROUND(CZ31,2) -> 0 | AA31: 39099382 | AB31: =ROUND((AC31+AD31+AF31),2) -> 956.29 | AC31: =ROUND((ES31),2) -> 956.29 | AD31: =ROUND((((ET31)-(EU31))+AE31),2) -> 0 | AE31: =ROUND((EU31),2) -> 0 | AF31: =ROUND((EV31),2) -> 0 | AG31: =ROUND((AP31),2) -> 0 | AH31: =(EW31) -> 0 | AI31: =(EX31) -> 0 | AJ31: =ROUND((AS31),2) -> 0 | AK31: 956.29 | AL31: 956.29 | AM31: 0 | AN31: 0 | AO31: 0 | AP31: 0 | AQ31: 0 | AR31: 0 | AS31: 0 | AT31: 103 | AU31: 60 | AV31: 1 | AW31: 1 | AZ31: 6.53 | BA31: 1 | BB31: 1 | BC31: 6.53 | BH31: 3 | BI31: 1 | BJ31: ФССЦ-2001, 19.2.03.07-0028, приказ Минстроя России №1039/пр от 30.12.2016г. | BM31: 65010 | BN31: 0 | BP31: 0 | BQ31: 6 | BR31: 0 | BS31: 1 | BT31: 1 | BU31: 1 | BV31: 1 | BW31: 1 | BX31: 1 | BZ31: 103 | CA31: 60 | CF31: 0 | CG31: 0 | CM31: 0 | CO31: 0 | CP31: =(P31+Q31+S31) -> 81179.46 | CQ31: =AC31*BC31 -> 6244.5737 | CR31: =AD31*BB31 -> 0 | CS31: =AE31*BS31 -> 0 | CT31: =AF31*BA31 -> 0 | CU31: =AG31 -> 0 | CV31: =AH31 -> 0 | CW31: =AI31 -> 0 | CX31: =AJ31 -> 0 | CY31: =(((S31+R31)*AT31)/100) -> 0 | CZ31: =(((S31+R31)*AU31)/100) -> 0 | DN31: 0 | DO31: 0 | DP31: 1 | DQ31: 1 | DU31: 1010 | DV31: шт. | DW31: шт. | DX31: 1 | EE31: 39174605 | EF31: 6 | EG31: Ремонтно-строительные работы | EH31: 0 | EJ31: 1 | EK31: 65010 | EL31: Внтуренниие с/техработы: смена труб | EM31: рФЕР-65 | EQ31: 0 | ER31: 956.29 | ES31: 956.29 | ET31: 0 | EU31: 0 | EV31: 0 | EW31: 0 | EX31: 0 | FQ31: 0 | FR31: =ROUND(IF(AND(BH31=3,BI31=3),P31,0),2) -> 0 | FS31: 0 | FX31: 103 | FY31: 60 | GD31: 0 | GF31: 128350836 | GG31: 1 | GH31: 1 | GI31: 4 | GJ31: 0 | GK31: =ROUND(R31*(R12)/100,2) -> 0 | GL31: =ROUND(IF(AND(BH31=3,BI31=3,FS31<>0),P31,0),2) -> 0 | GM31: =ROUND(O31+X31+Y31+GK31,2)+GX31 -> 81179.46 | GN31: =IF(OR(BI31=0,BI31=1),ROUND(O31+X31+Y31+GK31,2),0) -> 81179.46 | GO31: =IF(BI31=2,ROUND(O31+X31+Y31+GK31,2),0) -> 0 | GP31: =IF(BI31=4,ROUND(O31+X31+Y31+GK31,2)+GX31,0) -> 0 | GR31: 0 | GS31: 3 | GT31: 0 | GV31: =ROUND(GT31,2) -> 0 | GW31: 1 | GX31: =ROUND(GV31*GW31*I31,2) -> 0 | HA31: 0 | HB31: 0 | IK31: 0
A32: 17 | B32: 1 | C32: =ROW(SmtRes!A11) -> 11 | D32: =ROW(EtalonRes!A14) -> 14 | E32: 4 | F32: 46-02-009-02 | G32: Отбивка штукатурки с поверхностей стен | H32: 100 м2 | I32: 1.5465 | J32: 0 | O32: =ROUND(CP32,2) -> 1797.56 | P32: =ROUND(CQ32*I32,2) -> 0 | Q32: =ROUND(CR32*I32,2) -> 0 | R32: =ROUND(CS32*I32,2) -> 0 | S32: =ROUND(CT32*I32,2) -> 1797.56 | T32: =ROUND(CU32*I32,2) -> 0 | U32: =CV32*I32 -> 35.29113 | V32: =CW32*I32 -> 0 | W32: =ROUND(CX32*I32,2) -> 0 | X32: =ROUND(CY32,2) -> 1779.58 | Y32: =ROUND(CZ32,2) -> 1078.54 | AA32: 39099382 | AB32: =ROUND((AC32+AD32+AF32),2) -> 178 | AC32: =ROUND((ES32),2) -> 0 | AD32: =ROUND((((ET32)-(EU32))+AE32),2) -> 0 | AE32: =ROUND((EU32),2) -> 0 | AF32: =ROUND((EV32),2) -> 178 | AG32: =ROUND((AP32),2) -> 0 | AH32: =(EW32) -> 22.82 | AI32: =(EX32) -> 0 | AJ32: =ROUND((AS32),2) -> 0 | AK32: 178 | AL32: 0 | AM32: 0 | AN32: 0 | AO32: 178 | AP32: 0 | AQ32: 22.82 | AR32: 0 | AS32: 0 | AT32: 99 | AU32: 60 | AV32: 1 | AW32: 1 | AZ32: 6.53 | BA32: 6.53 | BB32: 6.53 | BC32: 6.53 | BH32: 0 | BI32: 1 | BJ32: ФЕР-2001, 46-02-009-02, приказ Минстроя России №1039/пр от 30.12.2016г. | BM32: 46001 | BN32: 0 | BP32: 0 | BQ32: 2 | BR32: 0 | BS32: 6.53 | BT32: 1 | BU32: 1 | BV32: 1 | BW32: 1 | BX32: 1 | BZ32: 110 | CA32: 70 | CF32: 0 | CG32: 0 | CM32: 0 | CO32: 0 | CP32: =(P32+Q32+S32) -> 1797.56 | CQ32: =AC32*BC32 -> 0 | CR32: =AD32*BB32 -> 0 | CS32: =AE32*BS32 -> 0 | CT32: =AF32*BA32 -> 1162.34 | CU32: =AG32 -> 0 | CV32: =AH32 -> 22.82 | CW32: =AI32 -> 0 | CX32: =AJ32 -> 0 | CY32: =(((S32+R32)*AT32)/100) -> 1779.5844 | CZ32: =(((S32+R32)*AU32)/100) -> 1078.536 | DN32: 0 | DO32: 0 | DP32: 1 | DQ32: 1 | DU32: 1005 | DV32: 100 м2 | DW32: 100 м2 | DX32: 100 | EE32: 39174571 | EF32: 2 | EG32: Общестроительные работы | EH32: 0 | EJ32: 1 | EK32: 46001 | EL32: Реконструкция зданий и сооружений | EM32: ФЕР-46 | EQ32: 0 | ER32: 178 | ES32: 0 | ET32: 0 | EU32: 0 | EV32: 178 | EW32: 22.82 | EX32: 0 | EY32: 0 | FQ32: 0 | FR32: =ROUND(IF(AND(BH32=3,BI32=3),P32,0),2) -> 0 | FS32: 0 | FT32: *0,9 | FU32: *0,85 | FX32: 99 | FY32: 59.5 | GD32: 0 | GF32: 232532105 | GG32: 1 | GH32: 1 | GI32: 4 | GJ32: 0 | GK32: =ROUND(R32*(R12)/100,2) -> 0 | GL32: =ROUND(IF(AND(BH32=3,BI32=3,FS32<>0),P32,0),2) -> 0 | GM32: =ROUND(O32+X32+Y32+GK32,2)+GX32 -> 4655.68 | GN32: =IF(OR(BI32=0,BI32=1),ROUND(O32+X32+Y32+GK32,2),0) -> 4655.68 | GO32: =IF(BI32=2,ROUND(O32+X32+Y32+GK32,2),0) -> 0 | GP32: =IF(BI32=4,ROUND(O32+X32+Y32+GK32,2)+GX32,0) -> 0 | GR32: 0 | GS32: 0 | GT32: 0 | GV32: =ROUND(GT32,2) -> 0 | GW32: 1 | GX32: =ROUND(GV32*GW32*I32,2) -> 0 | HA32: 0 | HB32: 0 | IK32: 0
A33: 17 | B33: 1 | C33: =ROW(SmtRes!A17) -> 17 | D33: =ROW(EtalonRes!A21) -> 21 | E33: 5 | F33: 57-10-3 | G33: Заделка выбоин в полах цементных площадью до 1,0 м2 | H33: 100 мест | I33: 0.43 | J33: 0 | O33: =ROUND(CP33,2) -> 3108.01 | P33: =ROUND(CQ33*I33,2) -> 0.67 | Q33: =ROUND(CR33*I33,2) -> 131.86 | R33: =ROUND(CS33*I33,2) -> 0 | S33: =ROUND(CT33*I33,2) -> 2975.48 | T33: =ROUND(CU33*I33,2) -> 0 | U33: =CV33*I33 -> 53.4189 | V33: =CW33*I33 -> 0 | W33: =ROUND(CX33*I33,2) -> 0 | X33: =ROUND(CY33,2) -> 2380.38 | Y33: =ROUND(CZ33,2) -> 2023.33 | AA33: 39099382 | AB33: =ROUND((AC33+AD33+AF33),2) -> 1106.88 | AC33: =ROUND((ES33),2) -> 0.24 | AD33: =ROUND((((ET33)-(EU33))+AE33),2) -> 46.96 | AE33: =ROUND((EU33),2) -> 0 | AF33: =ROUND((EV33),2) -> 1059.68 | AG33: =ROUND((AP33),2) -> 0 | AH33: =(EW33) -> 124.23 | AI33: =(EX33) -> 0 | AJ33: =ROUND((AS33),2) -> 0 | AK33: 1106.88 | AL33: 0.24 | AM33: 46.96 | AN33: 0 | AO33: 1059.68 | AP33: 0 | AQ33: 124.23 | AR33: 0 | AS33: 0 | AT33: 80 | AU33: 68 | AV33: 1 | AW33: 1 | AZ33: 6.53 | BA33: 6.53 | BB33: 6.53 | BC33: 6.53 | BH33: 0 | BI33: 1 | BJ33: ФЕР-2001, 57-10-3, приказ Минстроя России №1039/пр от 30.12.2016г. | BM33: 57001 | BN33: 0 | BP33: 0 | BQ33: 6 | BR33: 0 | BS33: 6.53 | BT33: 1 | BU33: 1 | BV33: 1 | BW33: 1 | BX33: 1 | BZ33: 80 | CA33: 68 | CF33: 0 | CG33: 0 | CM33: 0 | CO33: 0 | CP33: =(P33+Q33+S33) -> 3108.01 | CQ33: =AC33*BC33 -> 1.5672 | CR33: =AD33*BB33 -> 306.6488 | CS33: =AE33*BS33 -> 0 | CT33: =AF33*BA33 -> 6919.7104 | CU33: =AG33 -> 0 | CV33: =AH33 -> 124.23 | CW33: =AI33 -> 0 | CX33: =AJ33 -> 0 | CY33: =(((S33+R33)*AT33)/100) -> 2380.384 | CZ33: =(((S33+R33)*AU33)/100) -> 2023.3264 | DN33: 0 | DO33: 0 | DP33: 1 | DQ33: 1 | DU33: 1013 | DV33: 100 мест | DW33: 100 мест | DX33: 1 | EE33: 39174582 | EF33: 6 | EG33: Ремонтно-строительные работы | EH33: 0 | EJ33: 1 | EK33: 57001 | EL33: Полы | EM33: рФЕР-57 | EQ33: 0 | ER33: 1106.88 | ES33: 0.24 | ET33: 46.96 | EU33: 0 | EV33: 1059.68 | EW33: 124.23 | EX33: 0 | EY33: 0 | FQ33: 0 | FR33: =ROUND(IF(AND(BH33=3,BI33=3),P33,0),2) -> 0 | FS33: 0 | FX33: 80 | FY33: 68 | GD33: 0 | GF33: 424324215 | GG33: 1 | GH33: 1 | GI33: 4 | GJ33: 0 | GK33: =ROUND(R33*(R12)/100,2) -> 0 | GL33: =ROUND(IF(AND(BH33=3,BI33=3,FS33<>0),P33,0),2) -> 0 | GM33: =ROUND(O33+X33+Y33+GK33,2)+GX33 -> 7511.72 | GN33: =IF(OR(BI33=0,BI33=1),ROUND(O33+X33+Y33+GK33,2),0) -> 7511.72 | GO33: =IF(BI33=2,ROUND(O33+X33+Y33+GK33,2),0) -> 0 | GP33: =IF(BI33=4,ROUND(O33+X33+Y33+GK33,2)+GX33,0) -> 0 | GR33: 0 | GS33: 0 | GT33: 0 | GV33: =ROUND(GT33,2) -> 0 | GW33: 1 | GX33: =ROUND(GV33*GW33*I33,2) -> 0 | HA33: 0 | HB33: 0 | IK33: 0
A34: 18 | B34: 1 | C34: 16 | E34: 5,1 | F34: 04.3.01.09 | G34: Раствор готовый кладочный тяжелый цементный | H34: м3 | I34: =I33*J34 -> 0.9202 | J34: 2.14 | O34: =ROUND(CP34,2) -> 0 | P34: =ROUND(CQ34*I34,2) -> 0 | Q34: =ROUND(CR34*I34,2) -> 0 | R34: =ROUND(CS34*I34,2) -> 0 | S34: =ROUND(CT34*I34,2) -> 0 | T34: =ROUND(CU34*I34,2) -> 0 | U34: =CV34*I34 -> 0 | V34: =CW34*I34 -> 0 | W34: =ROUND(CX34*I34,2) -> 0 | X34: =ROUND(CY34,2) -> 0 | Y34: =ROUND(CZ34,2) -> 0 | AA34: 39099382 | AB34: =ROUND((AC34+AD34+AF34),2) -> 0 | AC34: =ROUND((ES34),2) -> 0 | AD34: =ROUND((((ET34)-(EU34))+AE34),2) -> 0 | AE34: =ROUND((EU34),2) -> 0 | AF34: =ROUND((EV34),2) -> 0 | AG34: =ROUND((AP34),2) -> 0 | AH34: =(EW34) -> 0 | AI34: =(EX34) -> 0 | AJ34: =ROUND((AS34),2) -> 0 | AK34: 0 | AL34: 0 | AM34: 0 | AN34: 0 | AO34: 0 | AP34: 0 | AQ34: 0 | AR34: 0 | AS34: 0 | AT34: 80 | AU34: 68 | AV34: 1 | AW34: 1 | AZ34: 6.53 | BA34: 1 | BB34: 1 | BC34: 6.53 | BH34: 3 | BI34: 1 | BM34: 57001 | BN34: 0 | BP34: 0 | BQ34: 6 | BR34: 0 | BS34: 1 | BT34: 1 | BU34: 1 | BV34: 1 | BW34: 1 | BX34: 1 | BZ34: 80 | CA34: 68 | CF34: 0 | CG34: 0 | CM34: 0 | CO34: 0 | CP34: =(P34+Q34+S34) -> 0 | CQ34: =AC34*BC34 -> 0 | CR34: =AD34*BB34 -> 0 | CS34: =AE34*BS34 -> 0 | CT34: =AF34*BA34 -> 0 | CU34: =AG34 -> 0 | CV34: =AH34 -> 0 | CW34: =AI34 -> 0 | CX34: =AJ34 -> 0 | CY34: =(((S34+R34)*AT34)/100) -> 0 | CZ34: =(((S34+R34)*AU34)/100) -> 0 | DN34: 0 | DO34: 0 | DP34: 1 | DQ34: 1 | DU34: 1007 | DV34: м3 | DW34: м3 | DX34: 1 | EE34: 39174582 | EF34: 6 | EG34: Ремонтно-строительные работы | EH34: 0 | EJ34: 1 | EK34: 57001 | EL34: Полы | EM34: рФЕР-57 | EQ34: 0 | ER34: 0 | ES34: 0 | ET34: 0 | EU34: 0 | EV34: 0 | EW34: 0 | EX34: 0 | FQ34: 0 | FR34: =ROUND(IF(AND(BH34=3,BI34=3),P34,0),2) -> 0 | FS34: 0 | FX34: 80 | FY34: 68 | GD34: 0 | GF34: -2113302258 | GG34: 1 | GH34: 1 | GI34: 4 | GJ34: 0 | GK34: =ROUND(R34*(R12)/100,2) -> 0 | GL34: =ROUND(IF(AND(BH34=3,BI34=3,FS34<>0),P34,0),2) -> 0 | GM34: =ROUND(O34+X34+Y34+GK34,2)+GX34 -> 0 | GN34: =IF(OR(BI34=0,BI34=1),ROUND(O34+X34+Y34+GK34,2),0) -> 0 | GO34: =IF(BI34=2,ROUND(O34+X34+Y34+GK34,2),0) -> 0 | GP34: =IF(BI34=4,ROUND(O34+X34+Y34+GK34,2)+GX34,0) -> 0 | GR34: 0 | GS34: 3 | GT34: 0 | GV34: =ROUND(GT34,2) -> 0 | GW34: 1 | GX34: =ROUND(GV34*GW34*I34,2) -> 0 | HA34: 0 | HB34: 0 | IK34: 0
A35: 18 | B35: 1 | C35: 17 | E35: 5,2 | F35: 04.3.01.09-0015 | G35: Раствор готовый кладочный цементный марки 150 | H35: м3 | I35: =I33*J35 -> 0.9202 | J35: 2.14 | O35: =ROUND(CP35,2) -> 3294.68 | P35: =ROUND(CQ35*I35,2) -> 3294.68 | Q35: =ROUND(CR35*I35,2) -> 0 | R35: =ROUND(CS35*I35,2) -> 0 | S35: =ROUND(CT35*I35,2) -> 0 | T35: =ROUND(CU35*I35,2) -> 0 | U35: =CV35*I35 -> 0 | V35: =CW35*I35 -> 0 | W35: =ROUND(CX35*I35,2) -> 0 | X35: =ROUND(CY35,2) -> 0 | Y35: =ROUND(CZ35,2) -> 0 | AA35: 39099382 | AB35: =ROUND((AC35+AD35+AF35),2) -> 548.3 | AC35: =ROUND((ES35),2) -> 548.3 | AD35: =ROUND((((ET35)-(EU35))+AE35),2) -> 0 | AE35: =ROUND((EU35),2) -> 0 | AF35: =ROUND((EV35),2) -> 0 | AG35: =ROUND((AP35),2) -> 0 | AH35: =(EW35) -> 0 | AI35: =(EX35) -> 0 | AJ35: =ROUND((AS35),2) -> 0 | AK35: 548.3 | AL35: 548.3 | AM35: 0 | AN35: 0 | AO35: 0 | AP35: 0 | AQ35: 0 | AR35: 0 | AS35: 0 | AT35: 80 | AU35: 68 | AV35: 1 | AW35: 1 | AZ35: 6.53 | BA35: 1 | BB35: 1 | BC35: 6.53 | BH35: 3 | BI35: 1 | BJ35: ФССЦ-2001, 04.3.01.09-0015, приказ Минстроя России №1039/пр от 30.12.2016г. | BM35: 57001 | BN35: 0 | BP35: 0 | BQ35: 6 | BR35: 0 | BS35: 1 | BT35: 1 | BU35: 1 | BV35: 1 | BW35: 1 | BX35: 1 | BZ35: 80 | CA35: 68 | CF35: 0 | CG35: 0 | CM35: 0 | CO35: 0 | CP35: =(P35+Q35+S35) -> 3294.68 | CQ35: =AC35*BC35 -> 3580.399 | CR35: =AD35*BB35 -> 0 | CS35: =AE35*BS35 -> 0 | CT35: =AF35*BA35 -> 0 | CU35: =AG35 -> 0 | CV35: =AH35 -> 0 | CW35: =AI35 -> 0 | CX35: =AJ35 -> 0 | CY35: =(((S35+R35)*AT35)/100) -> 0 | CZ35: =(((S35+R35)*AU35)/100) -> 0 | DN35: 0 | DO35: 0 | DP35: 1 | DQ35: 1 | DU35: 1007 | DV35: м3 | DW35: м3 | DX35: 1 | EE35: 39174582 | EF35: 6 | EG35: Ремонтно-строительные работы | EH35: 0 | EJ35: 1 | EK35: 57001 | EL35: Полы | EM35: рФЕР-57 | EQ35: 0 | ER35: 548.3 | ES35: 548.3 | ET35: 0 | EU35: 0 | EV35: 0 | EW35: 0 | EX35: 0 | FQ35: 0 | FR35: =ROUND(IF(AND(BH35=3,BI35=3),P35,0),2) -> 0 | FS35: 0 | FX35: 80 | FY35: 68 | GD35: 0 | GF35: -1970722706 | GG35: 1 | GH35: 1 | GI35: 4 | GJ35: 0 | GK35: =ROUND(R35*(R12)/100,2) -> 0 | GL35: =ROUND(IF(AND(BH35=3,BI35=3,FS35<>0),P35,0),2) -> 0 | GM35: =ROUND(O35+X35+Y35+GK35,2)+GX35 -> 3294.68 | GN35: =IF(OR(BI35=0,BI35=1),ROUND(O35+X35+Y35+GK35,2),0) -> 3294.68 | GO35: =IF(BI35=2,ROUND(O35+X35+Y35+GK35,2),0) -> 0 | GP35: =IF(BI35=4,ROUND(O35+X35+Y35+GK35,2)+GX35,0) -> 0 | GR35: 0 | GS35: 3 | GT35: 0 | GV35: =ROUND(GT35,2) -> 0 | GW35: 1 | GX35: =ROUND(GV35*GW35*I35,2) -> 0 | HA35: 0 | HB35: 0 | IK35: 0
A36: 17 | B36: 1 | C36: =ROW(SmtRes!A24) -> 24 | D36: =ROW(EtalonRes!A28) -> 28 | E36: 6 | F36: 11-01-011-08 | G36: Устройство стяжек из выравнивающей смеси типа "Ветонит" 5000, толщиной 5 мм | H36: 100 м2 | I36: 2.793 | J36: 0 | O36: =ROUND(CP36,2) -> 202055.64 | P36: =ROUND(CQ36*I36,2) -> 195173.96 | Q36: =ROUND(CR36*I36,2) -> 142.08 | R36: =ROUND(CS36*I36,2) -> 44.87 | S36: =ROUND(CT36*I36,2) -> 6739.6 | T36: =ROUND(CU36*I36,2) -> 0 | U36: =CV36*I36 -> 120.99416 | V36: =CW36*I36 -> 0.5935125 | W36: =ROUND(CX36*I36,2) -> 0 | X36: =ROUND(CY36,2) -> 7530.76 | Y36: =ROUND(CZ36,2) -> 4342.06 | AA36: 39099382 | AB36: =ROUND((AC36+AD36+AF36),2) -> 11078.65 | AC36: =ROUND((ES36),2) -> 10701.33 | AD36: =ROUND(((((ET36*1.25))-((EU36*1.25)))+AE36),2) -> 7.79 | AE36: =ROUND(((EU36*1.25)),2) -> 2.46 | AF36: =ROUND(((EV36*1.15)),2) -> 369.53 | AG36: =ROUND((AP36),2) -> 0 | AH36: =((EW36*1.15)) -> 43.3205 | AI36: =((EX36*1.25)) -> 0.2125 | AJ36: =ROUND((AS36),2) -> 0 | AK36: 11028.89 | AL36: 10701.33 | AM36: 6.23 | AN36: 1.97 | AO36: 321.33 | AP36: 0 | AQ36: 37.67 | AR36: 0.17 | AS36: 0 | AT36: 111 | AU36: 64 | AV36: 1 | AW36: 1 | AZ36: 6.53 | BA36: 6.53 | BB36: 6.53 | BC36: 6.53 | BH36: 0 | BI36: 1 | BJ36: ФЕР-2001, 11-01-011-08, приказ Минстроя России №1039/пр от 30.12.2016г. | BM36: 11001 | BN36: 0 | BP36: 0 | BQ36: 2 | BR36: 0 | BS36: 6.53 | BT36: 1 | BU36: 1 | BV36: 1 | BW36: 1 | BX36: 1 | BZ36: 123 | CA36: 75 | CF36: 0 | CG36: 0 | CM36: 0 | CN36: Поправка: МДС 81-35.2004, п.4.7 Наименование: Работы, выполняемые при реконструкции зданий и сооружений работы, аналогичные технологическим процессам в новом строительстве (в том числе возведение новых конструктивных элементов) стоимость которых определена по соответствующим сборникам ФЕР, кроме сборника № 46 «Работы при реконструкции зданий и сооружений» | CO36: 0 | CP36: =(P36+Q36+S36) -> 202055.64 | CQ36: =AC36*BC36 -> 69879.685 | CR36: =AD36*BB36 -> 50.8687 | CS36: =AE36*BS36 -> 16.0638 | CT36: =AF36*BA36 -> 2413.0309 | CU36: =AG36 -> 0 | CV36: =AH36 -> 43.3205 | CW36: =AI36 -> 0.2125 | CX36: =AJ36 -> 0 | CY36: =(((S36+R36)*AT36)/100) -> 7530.7617 | CZ36: =(((S36+R36)*AU36)/100) -> 4342.0608 | DE36: )*1,25 | DF36: )*1,25 | DG36: )*1,15 | DI36: )*1,15 | DJ36: )*1,25 | DN36: 0 | DO36: 0 | DP36: 1 | DQ36: 1 | DU36: 1005 | DV36: 100 м2 | DW36: 100 м2 | DX36: 100 | EE36: 39174504 | EF36: 2 | EG36: Общестроительные работы | EH36: 0 | EJ36: 1 | EK36: 11001 | EL36: Полы | EM36: ФЕР-11 | EO36: Поправка: МДС 81-35.2004, п.4.7 | EQ36: 0 | ER36: 11028.89 | ES36: 10701.33 | ET36: 6.23 | EU36: 1.97 | EV36: 321.33 | EW36: 37.67 | EX36: 0.17 | EY36: 0 | FQ36: 0 | FR36: =ROUND(IF(AND(BH36=3,BI36=3),P36,0),2) -> 0 | FS36: 0 | FT36: *0,9 | FU36: *0,85 | FX36: 110.7 | FY36: 63.75 | GD36: 0 | GF36: 1715562049 | GG36: 1 | GH36: 1 | GI36: 4 | GJ36: 0 | GK36: =ROUND(R36*(R12)/100,2) -> 0 | GL36: =ROUND(IF(AND(BH36=3,BI36=3,FS36<>0),P36,0),2) -> 0 | GM36: =ROUND(O36+X36+Y36+GK36,2)+GX36 -> 213928.46 | GN36: =IF(OR(BI36=0,BI36=1),ROUND(O36+X36+Y36+GK36,2),0) -> 213928.46 | GO36: =IF(BI36=2,ROUND(O36+X36+Y36+GK36,2),0) -> 0 | GP36: =IF(BI36=4,ROUND(O36+X36+Y36+GK36,2)+GX36,0) -> 0 | GR36: 0 | GS36: 0 | GT36: 0 | GV36: =ROUND(GT36,2) -> 0 | GW36: 1 | GX36: =ROUND(GV36*GW36*I36,2) -> 0 | HA36: 0 | HB36: 0 | IK36: 0
A37: 17 | B37: 1 | C37: =ROW(SmtRes!A30) -> 30 | D37: =ROW(EtalonRes!A34) -> 34 | E37: 7 | F37: 11-01-011-10 | G37: Устройство стяжек на каждый последующий слой толщиной 1 мм добавлять к расценке 11-01-011-08 | H37: 100 м2 | I37: 2.793 | J37: 0 | O37: =ROUND(CP37,2) -> 189131.06 | P37: =ROUND(CQ37*I37,2) -> 186828.48 | Q37: =ROUND(CR37*I37,2) -> 138.06 | R37: =ROUND(CS37*I37,2) -> 39.94 | S37: =ROUND(CT37*I37,2) -> 2164.52 | T37: =ROUND(CU37*I37,2) -> 0 | U37: =CV37*I37 -> 38.864595 | V37: =CW37*I37 -> 0.5236875 | W37: =ROUND(CX37*I37,2) -> 0 | X37: =ROUND(CY37,2) -> 2446.95 | Y37: =ROUND(CZ37,2) -> 1410.85 | AA37: 39099382 | AB37: =ROUND((AC37+AD37+AF37),2) -> 10370 | AC37: =ROUND(((ES37*5)),2) -> 10243.75 | AD37: =ROUND(((((ET37*1.25*5))-((EU37*1.25*5)))+AE37),2) -> 7.57 | AE37: =ROUND(((EU37*1.25*5)),2) -> 2.19 | AF37: =ROUND(((EV37*1.15*5)),2) -> 118.68 | AG37: =ROUND((AP37),2) -> 0 | AH37: =((EW37*1.15*5)) -> 13.915 | AI37: =((EX37*1.25*5)) -> 0.1875 | AJ37: =ROUND((AS37),2) -> 0 | AK37: 2070.6 | AL37: 2048.75 | AM37: 1.21 | AN37: 0.35 | AO37: 20.64 | AP37: 0 | AQ37: 2.42 | AR37: 0.03 | AS37: 0 | AT37: 111 | AU37: 64 | AV37: 1 | AW37: 1 | AZ37: 6.53 | BA37: 6.53 | BB37: 6.53 | BC37: 6.53 | BH37: 0 | BI37: 1 | BJ37: ФЕР-2001, 11-01-011-10, приказ Минстроя России №1039/пр от 30.12.2016г. | BM37: 11001 | BN37: 0 | BP37: 0 | BQ37: 2 | BR37: 0 | BS37: 6.53 | BT37: 1 | BU37: 1 | BV37: 1 | BW37: 1 | BX37: 1 | BZ37: 123 | CA37: 75 | CF37: 0 | CG37: 0 | CM37: 0 | CN37: Поправка: МДС 81-35.2004, п.4.7 Наименование: Работы, выполняемые при реконструкции зданий и сооружений работы, аналогичные технологическим процессам в новом строительстве (в том числе возведение новых конструктивных элементов) стоимость которых определена по соответствующим сборникам ФЕР, кроме сборника № 46 «Работы при реконструкции зданий и сооружений» | CO37: 0 | CP37: =(P37+Q37+S37) -> 189131.06 | CQ37: =AC37*BC37 -> 66891.688 | CR37: =AD37*BB37 -> 49.4321 | CS37: =AE37*BS37 -> 14.3007 | CT37: =AF37*BA37 -> 774.9804 | CU37: =AG37 -> 0 | CV37: =AH37 -> 13.915 | CW37: =AI37 -> 0.1875 | CX37: =AJ37 -> 0 | CY37: =(((S37+R37)*AT37)/100) -> 2446.9506 | CZ37: =(((S37+R37)*AU37)/100) -> 1410.8544 | DD37: *5 | DE37: )*1,25*5 | DF37: )*1,25*5 | DG37: )*1,15*5 | DI37: )*1,15*5 | DJ37: )*1,25*5 | DN37: 0 | DO37: 0 | DP37: 1 | DQ37: 1 | DU37: 1005 | DV37: 100 м2 | DW37: 100 м2 | DX37: 100 | EE37: 39174504 | EF37: 2 | EG37: Общестроительные работы | EH37: 0 | EJ37: 1 | EK37: 11001 | EL37: Полы | EM37: ФЕР-11 | EO37: Поправка: МДС 81-35.2004, п.4.7 | EQ37: 0 | ER37: 2070.6 | ES37: 2048.75 | ET37: 1.21 | EU37: 0.35 | EV37: 20.64 | EW37: 2.42 | EX37: 0.03 | EY37: 0 | FQ37: 0 | FR37: =ROUND(IF(AND(BH37=3,BI37=3),P37,0),2) -> 0 | FS37: 0 | FT37: *0,9 | FU37: *0,85 | FX37: 110.7 | FY37: 63.75 | GD37: 0 | GF37: 337317905 | GG37: 1 | GH37: 1 | GI37: 4 | GJ37: 0 | GK37: =ROUND(R37*(R12)/100,2) -> 0 | GL37: =ROUND(IF(AND(BH37=3,BI37=3,FS37<>0),P37,0),2) -> 0 | GM37: =ROUND(O37+X37+Y37+GK37,2)+GX37 -> 192988.86 | GN37: =IF(OR(BI37=0,BI37=1),ROUND(O37+X37+Y37+GK37,2),0) -> 192988.86 | GO37: =IF(BI37=2,ROUND(O37+X37+Y37+GK37,2),0) -> 0 | GP37: =IF(BI37=4,ROUND(O37+X37+Y37+GK37,2)+GX37,0) -> 0 | GR37: 0 | GS37: 3 | GT37: 0 | GV37: =ROUND(GT37,2) -> 0 | GW37: 1 | GX37: =ROUND(GV37*GW37*I37,2) -> 0 | HA37: 0 | HB37: 0 | IK37: 0
A38: 17 | B38: 1 | C38: =ROW(SmtRes!A38) -> 38 | D38: =ROW(EtalonRes!A42) -> 42 | E38: 8 | F38: 15-07-003-02 | G38: Грунтование водно-дисперсионной грунтовкой поверхностей пористых (камень, кирпич, бетон и т д) | H38: 100 м2 | I38: 2.793 | J38: 0 | O38: =ROUND(CP38,2) -> 4893.34 | P38: =ROUND(CQ38*I38,2) -> 3871.81 | Q38: =ROUND(CR38*I38,2) -> 403.8 | R38: =ROUND(CS38*I38,2) -> 10.58 | S38: =ROUND(CT38*I38,2) -> 617.73 | T38: =ROUND(CU38*I38,2) -> 0 | U38: =CV38*I38 -> 10.30617 | V38: =CW38*I38 -> 0.13965 | W38: =ROUND(CX38*I38,2) -> 0 | X38: =ROUND(CY38,2) -> 596.89 | Y38: =ROUND(CZ38,2) -> 295.31 | AA38: 39099382 | AB38: =ROUND((AC38+AD38+AF38),2) -> 268.3 | AC38: =ROUND((ES38),2) -> 212.29 | AD38: =ROUND((((ET38)-(EU38))+AE38),2) -> 22.14 | AE38: =ROUND((EU38),2) -> 0.58 | AF38: =ROUND((EV38),2) -> 33.87 | AG38: =ROUND((AP38),2) -> 0 | AH38: =(EW38) -> 3.69 | AI38: =(EX38) -> 0.05 | AJ38: =ROUND((AS38),2) -> 0 | AK38: 268.3 | AL38: 212.29 | AM38: 22.14 | AN38: 0.58 | AO38: 33.87 | AP38: 0 | AQ38: 3.69 | AR38: 0.05 | AS38: 0 | AT38: 95 | AU38: 47 | AV38: 1 | AW38: 1 | AZ38: 6.53 | BA38: 6.53 | BB38: 6.53 | BC38: 6.53 | BH38: 0 | BI38: 1 | BJ38: ФЕР-2001, 15-07-003-02, приказ Минстроя России №1039/пр от 30.12.2016г. | BM38: 15001 | BN38: 0 | BP38: 0 | BQ38: 2 | BR38: 0 | BS38: 6.53 | BT38: 1 | BU38: 1 | BV38: 1 | BW38: 1 | BX38: 1 | BZ38: 105 | CA38: 55 | CF38: 0 | CG38: 0 | CM38: 0 | CO38: 0 | CP38: =(P38+Q38+S38) -> 4893.34 | CQ38: =AC38*BC38 -> 1386.2537 | CR38: =AD38*BB38 -> 144.5742 | CS38: =AE38*BS38 -> 3.7874 | CT38: =AF38*BA38 -> 221.1711 | CU38: =AG38 -> 0 | CV38: =AH38 -> 3.69 | CW38: =AI38 -> 0.05 | CX38: =AJ38 -> 0 | CY38: =(((S38+R38)*AT38)/100) -> 596.8945 | CZ38: =(((S38+R38)*AU38)/100) -> 295.3057 | DN38: 0 | DO38: 0 | DP38: 1 | DQ38: 1 | DU38: 1005 | DV38: 100 м2 | DW38: 100 м2 | DX38: 100 | EE38: 39174529 | EF38: 2 | EG38: Общестроительные работы | EH38: 0 | EJ38: 1 | EK38: 15001 | EL38: Отделочные работы | EM38: ФЕР-15 | EQ38: 0 | ER38: 268.3 | ES38: 212.29 | ET38: 22.14 | EU38: 0.58 | EV38: 33.87 | EW38: 3.69 | EX38: 0.05 | EY38: 0 | FQ38: 0 | FR38: =ROUND(IF(AND(BH38=3,BI38=3),P38,0),2) -> 0 | FS38: 0 | FT38: *0,9 | FU38: *0,85 | FX38: 94.5 | FY38: 46.75 | GD38: 0 | GF38: 686490124 | GG38: 1 | GH38: 1 | GI38: 4 | GJ38: 0 | GK38: =ROUND(R38*(R12)/100,2) -> 0 | GL38: =ROUND(IF(AND(BH38=3,BI38=3,FS38<>0),P38,0),2) -> 0 | GM38: =ROUND(O38+X38+Y38+GK38,2)+GX38 -> 5785.54 | GN38: =IF(OR(BI38=0,BI38=1),ROUND(O38+X38+Y38+GK38,2),0) -> 5785.54 | GO38: =IF(BI38=2,ROUND(O38+X38+Y38+GK38,2),0) -> 0 | GP38: =IF(BI38=4,ROUND(O38+X38+Y38+GK38,2)+GX38,0) -> 0 | GR38: 0 | GS38: 0 | GT38: 0 | GV38: =ROUND(GT38,2) -> 0 | GW38: 1 | GX38: =ROUND(GV38*GW38*I38,2) -> 0 | HA38: 0 | HB38: 0 | IK38: 0
A39: 17 | B39: 1 | C39: =ROW(SmtRes!A47) -> 47 | D39: =ROW(EtalonRes!A49) -> 49 | E39: 9 | F39: 11-01-036-01 | G39: Устройство покрытий из линолеума на клее | H39: 100 м2 | I39: 2.793 | J39: 0 | O39: =ROUND(CP39,2) -> 7241.52 | P39: =ROUND(CQ39*I39,2) -> 16.6 | Q39: =ROUND(CR39*I39,2) -> 798.84 | R39: =ROUND(CS39*I39,2) -> 192.05 | S39: =ROUND(CT39*I39,2) -> 6426.08 | T39: =ROUND(CU39*I39,2) -> 0 | U39: =CV39*I39 -> 118.4232 | V39: =CW39*I39 -> 2.37405 | W39: =ROUND(CX39*I39,2) -> 0 | X39: =ROUND(CY39,2) -> 7346.12 | Y39: =ROUND(CZ39,2) -> 4235.6 | AA39: 39099382 | AB39: =ROUND((AC39+AD39+AF39),2) -> 397.05 | AC39: =ROUND((ES39),2) -> 0.91 | AD39: =ROUND((((ET39)-(EU39))+AE39),2) -> 43.8 | AE39: =ROUND((EU39),2) -> 10.53 | AF39: =ROUND((EV39),2) -> 352.34 | AG39: =ROUND((AP39),2) -> 0 | AH39: =(EW39) -> 42.4 | AI39: =(EX39) -> 0.85 | AJ39: =ROUND((AS39),2) -> 0 | AK39: 397.05 | AL39: 0.91 | AM39: 43.8 | AN39: 10.53 | AO39: 352.34 | AP39: 0 | AQ39: 42.4 | AR39: 0.85 | AS39: 0 | AT39: 111 | AU39: 64 | AV39: 1 | AW39: 1 | AZ39: 6.53 | BA39: 6.53 | BB39: 6.53 | BC39: 6.53 | BH39: 0 | BI39: 1 | BJ39: ФЕР-2001, 11-01-036-01, приказ Минстроя России №1039/пр от 30.12.2016г. | BM39: 11001 | BN39: 0 | BP39: 0 | BQ39: 2 | BR39: 0 | BS39: 6.53 | BT39: 1 | BU39: 1 | BV39: 1 | BW39: 1 | BX39: 1 | BZ39: 123 | CA39: 75 | CF39: 0 | CG39: 0 | CM39: 0 | CO39: 0 | CP39: =(P39+Q39+S39) -> 7241.52 | CQ39: =AC39*BC39 -> 5.9423 | CR39: =AD39*BB39 -> 286.014 | CS39: =AE39*BS39 -> 68.7609 | CT39: =AF39*BA39 -> 2300.7802 | CU39: =AG39 -> 0 | CV39: =AH39 -> 42.4 | CW39: =AI39 -> 0.85 | CX39: =AJ39 -> 0 | CY39: =(((S39+R39)*AT39)/100) -> 7346.1243 | CZ39: =(((S39+R39)*AU39)/100) -> 4235.6032 | DN39: 0 | DO39: 0 | DP39: 1 | DQ39: 1 | DU39: 1005 | DV39: 100 м2 | DW39: 100 м2 | DX39: 100 | EE39: 39174504 | EF39: 2 | EG39: Общестроительные работы | EH39: 0 | EJ39: 1 | EK39: 11001 | EL39: Полы | EM39: ФЕР-11 | EQ39: 0 | ER39: 397.05 | ES39: 0.91 | ET39: 43.8 | EU39: 10.53 | EV39: 352.34 | EW39: 42.4 | EX39: 0.85 | EY39: 0 | FQ39: 0 | FR39: =ROUND(IF(AND(BH39=3,BI39=3),P39,0),2) -> 0 | FS39: 0 | FT39: *0,9 | FU39: *0,85 | FX39: 110.7 | FY39: 63.75 | GD39: 0 | GF39: 35623097 | GG39: 1 | GH39: 1 | GI39: 4 | GJ39: 0 | GK39: =ROUND(R39*(R12)/100,2) -> 0 | GL39: =ROUND(IF(AND(BH39=3,BI39=3,FS39<>0),P39,0),2) -> 0 | GM39: =ROUND(O39+X39+Y39+GK39,2)+GX39 -> 18823.24 | GN39: =IF(OR(BI39=0,BI39=1),ROUND(O39+X39+Y39+GK39,2),0) -> 18823.24 | GO39: =IF(BI39=2,ROUND(O39+X39+Y39+GK39,2),0) -> 0 | GP39: =IF(BI39=4,ROUND(O39+X39+Y39+GK39,2)+GX39,0) -> 0 | GR39: 0 | GS39: 0 | GT39: 0 | GV39: =ROUND(GT39,2) -> 0 | GW39: 1 | GX39: =ROUND(GV39*GW39*I39,2) -> 0 | HA39: 0 | HB39: 0 | IK39: 0
A40: 18 | B40: 1 | C40: 43 | E40: 9,1 | F40: 01.6.03.04 | G40: Линолеум на теплозвукоизолирующей подоснове | H40: м2 | I40: =I39*J40 -> 284.886 | J40: 102 | O40: =ROUND(CP40,2) -> 0 | P40: =ROUND(CQ40*I40,2) -> 0 | Q40: =ROUND(CR40*I40,2) -> 0 | R40: =ROUND(CS40*I40,2) -> 0 | S40: =ROUND(CT40*I40,2) -> 0 | T40: =ROUND(CU40*I40,2) -> 0 | U40: =CV40*I40 -> 0 | V40: =CW40*I40 -> 0 | W40: =ROUND(CX40*I40,2) -> 0 | X40: =ROUND(CY40,2) -> 0 | Y40: =ROUND(CZ40,2) -> 0 | AA40: 39099382 | AB40: =ROUND((AC40+AD40+AF40),2) -> 0 | AC40: =ROUND((ES40),2) -> 0 | AD40: =ROUND((((ET40)-(EU40))+AE40),2) -> 0 | AE40: =ROUND((EU40),2) -> 0 | AF40: =ROUND((EV40),2) -> 0 | AG40: =ROUND((AP40),2) -> 0 | AH40: =(EW40) -> 0 | AI40: =(EX40) -> 0 | AJ40: =ROUND((AS40),2) -> 0 | AK40: 0 | AL40: 0 | AM40: 0 | AN40: 0 | AO40: 0 | AP40: 0 | AQ40: 0 | AR40: 0 | AS40: 0 | AT40: 111 | AU40: 64 | AV40: 1 | AW40: 1 | AZ40: 6.53 | BA40: 1 | BB40: 1 | BC40: 6.53 | BH40: 3 | BI40: 1 | BM40: 11001 | BN40: 0 | BP40: 0 | BQ40: 2 | BR40: 0 | BS40: 1 | BT40: 1 | BU40: 1 | BV40: 1 | BW40: 1 | BX40: 1 | BZ40: 123 | CA40: 75 | CF40: 0 | CG40: 0 | CM40: 0 | CO40: 0 | CP40: =(P40+Q40+S40) -> 0 | CQ40: =AC40*BC40 -> 0 | CR40: =AD40*BB40 -> 0 | CS40: =AE40*BS40 -> 0 | CT40: =AF40*BA40 -> 0 | CU40: =AG40 -> 0 | CV40: =AH40 -> 0 | CW40: =AI40 -> 0 | CX40: =AJ40 -> 0 | CY40: =(((S40+R40)*AT40)/100) -> 0 | CZ40: =(((S40+R40)*AU40)/100) -> 0 | DN40: 0 | DO40: 0 | DP40: 1 | DQ40: 1 | DU40: 1005 | DV40: м2 | DW40: м2 | DX40: 1 | EE40: 39174504 | EF40: 2 | EG40: Общестроительные работы | EH40: 0 | EJ40: 1 | EK40: 11001 | EL40: Полы | EM40: ФЕР-11 | EQ40: 0 | ER40: 0 | ES40: 0 | ET40: 0 | EU40: 0 | EV40: 0 | EW40: 0 | EX40: 0 | FQ40: 0 | FR40: =ROUND(IF(AND(BH40=3,BI40=3),P40,0),2) -> 0 | FS40: 0 | FT40: *0,9 | FU40: *0,85 | FX40: 110.7 | FY40: 63.75 | GD40: 0 | GF40: -919469713 | GG40: 1 | GH40: 1 | GI40: 4 | GJ40: 0 | GK40: =ROUND(R40*(R12)/100,2) -> 0 | GL40: =ROUND(IF(AND(BH40=3,BI40=3,FS40<>0),P40,0),2) -> 0 | GM40: =ROUND(O40+X40+Y40+GK40,2)+GX40 -> 0 | GN40: =IF(OR(BI40=0,BI40=1),ROUND(O40+X40+Y40+GK40,2),0) -> 0 | GO40: =IF(BI40=2,ROUND(O40+X40+Y40+GK40,2),0) -> 0 | GP40: =IF(BI40=4,ROUND(O40+X40+Y40+GK40,2)+GX40,0) -> 0 | GR40: 0 | GS40: 3 | GT40: 0 | GV40: =ROUND(GT40,2) -> 0 | GW40: 1 | GX40: =ROUND(GV40*GW40*I40,2) -> 0 | HA40: 0 | HB40: 0 | IK40: 0
A41: 18 | B41: 1 | C41: 44 | E41: 9,2 | F41: 01.6.03.04-0101 | G41: Линолеум коммерческий гетерогенный "ТАРКЕТТ TRAVERTINE" (толщина 2 мм, толщина защитного слоя 0,5 мм, класс 33/41, пож. безопасность Г1, В2, РП1, Д2, Т2) | H41: м2 | I41: =I39*J41 -> 284.886 | J41: 102 | O41: =ROUND(CP41,2) -> 144173.68 | P41: =ROUND(CQ41*I41,2) -> 144173.68 | Q41: =ROUND(CR41*I41,2) -> 0 | R41: =ROUND(CS41*I41,2) -> 0 | S41: =ROUND(CT41*I41,2) -> 0 | T41: =ROUND(CU41*I41,2) -> 0 | U41: =CV41*I41 -> 0 | V41: =CW41*I41 -> 0 | W41: =ROUND(CX41*I41,2) -> 0 | X41: =ROUND(CY41,2) -> 0 | Y41: =ROUND(CZ41,2) -> 0 | AA41: 39099382 | AB41: =ROUND((AC41+AD41+AF41),2) -> 77.5 | AC41: =ROUND((ES41),2) -> 77.5 | AD41: =ROUND((((ET41)-(EU41))+AE41),2) -> 0 | AE41: =ROUND((EU41),2) -> 0 | AF41: =ROUND((EV41),2) -> 0 | AG41: =ROUND((AP41),2) -> 0 | AH41: =(EW41) -> 0 | AI41: =(EX41) -> 0 | AJ41: =ROUND((AS41),2) -> 0 | AK41: 77.5 | AL41: 77.5 | AM41: 0 | AN41: 0 | AO41: 0 | AP41: 0 | AQ41: 0 | AR41: 0 | AS41: 0 | AT41: 111 | AU41: 64 | AV41: 1 | AW41: 1 | AZ41: 6.53 | BA41: 1 | BB41: 1 | BC41: 6.53 | BH41: 3 | BI41: 1 | BJ41: ФССЦ-2001, 01.6.03.04-0101, приказ Минстроя России №1039/пр от 30.12.2016г. | BM41: 11001 | BN41: 0 | BP41: 0 | BQ41: 2 | BR41: 0 | BS41: 1 | BT41: 1 | BU41: 1 | BV41: 1 | BW41: 1 | BX41: 1 | BZ41: 123 | CA41: 75 | CF41: 0 | CG41: 0 | CM41: 0 | CO41: 0 | CP41: =(P41+Q41+S41) -> 144173.68 | CQ41: =AC41*BC41 -> 506.075 | CR41: =AD41*BB41 -> 0 | CS41: =AE41*BS41 -> 0 | CT41: =AF41*BA41 -> 0 | CU41: =AG41 -> 0 | CV41: =AH41 -> 0 | CW41: =AI41 -> 0 | CX41: =AJ41 -> 0 | CY41: =(((S41+R41)*AT41)/100) -> 0 | CZ41: =(((S41+R41)*AU41)/100) -> 0 | DN41: 0 | DO41: 0 | DP41: 1 | DQ41: 1 | DU41: 1005 | DV41: м2 | DW41: м2 | DX41: 1 | EE41: 39174504 | EF41: 2 | EG41: Общестроительные работы | EH41: 0 | EJ41: 1 | EK41: 11001 | EL41: Полы | EM41: ФЕР-11 | EQ41: 0 | ER41: 77.5 | ES41: 77.5 | ET41: 0 | EU41: 0 | EV41: 0 | EW41: 0 | EX41: 0 | FQ41: 0 | FR41: =ROUND(IF(AND(BH41=3,BI41=3),P41,0),2) -> 0 | FS41: 0 | FT41: *0,9 | FU41: *0,85 | FX41: 110.7 | FY41: 63.75 | GD41: 0 | GF41: 1392042579 | GG41: 1 | GH41: 1 | GI41: 4 | GJ41: 0 | GK41: =ROUND(R41*(R12)/100,2) -> 0 | GL41: =ROUND(IF(AND(BH41=3,BI41=3,FS41<>0),P41,0),2) -> 0 | GM41: =ROUND(O41+X41+Y41+GK41,2)+GX41 -> 144173.68 | GN41: =IF(OR(BI41=0,BI41=1),ROUND(O41+X41+Y41+GK41,2),0) -> 144173.68 | GO41: =IF(BI41=2,ROUND(O41+X41+Y41+GK41,2),0) -> 0 | GP41: =IF(BI41=4,ROUND(O41+X41+Y41+GK41,2)+GX41,0) -> 0 | GR41: 0 | GS41: 0 | GT41: 0 | GV41: =ROUND(GT41,2) -> 0 | GW41: 1 | GX41: =ROUND(GV41*GW41*I41,2) -> 0 | HA41: 0 | HB41: 0 | IK41: 0
A42: 18 | B42: 1 | C42: 47 | E42: 9,3 | F42: 14.1.06.05 | G42: Состав клеящий | H42: кг | I42: =I39*J42 -> 139.65 | J42: 50 | O42: =ROUND(CP42,2) -> 0 | P42: =ROUND(CQ42*I42,2) -> 0 | Q42: =ROUND(CR42*I42,2) -> 0 | R42: =ROUND(CS42*I42,2) -> 0 | S42: =ROUND(CT42*I42,2) -> 0 | T42: =ROUND(CU42*I42,2) -> 0 | U42: =CV42*I42 -> 0 | V42: =CW42*I42 -> 0 | W42: =ROUND(CX42*I42,2) -> 0 | X42: =ROUND(CY42,2) -> 0 | Y42: =ROUND(CZ42,2) -> 0 | AA42: 39099382 | AB42: =ROUND((AC42+AD42+AF42),2) -> 0 | AC42: =ROUND((ES42),2) -> 0 | AD42: =ROUND((((ET42)-(EU42))+AE42),2) -> 0 | AE42: =ROUND((EU42),2) -> 0 | AF42: =ROUND((EV42),2) -> 0 | AG42: =ROUND((AP42),2) -> 0 | AH42: =(EW42) -> 0 | AI42: =(EX42) -> 0 | AJ42: =ROUND((AS42),2) -> 0 | AK42: 0 | AL42: 0 | AM42: 0 | AN42: 0 | AO42: 0 | AP42: 0 | AQ42: 0 | AR42: 0 | AS42: 0 | AT42: 111 | AU42: 64 | AV42: 1 | AW42: 1 | AZ42: 6.53 | BA42: 1 | BB42: 1 | BC42: 6.53 | BH42: 3 | BI42: 1 | BM42: 11001 | BN42: 0 | BP42: 0 | BQ42: 2 | BR42: 0 | BS42: 1 | BT42: 1 | BU42: 1 | BV42: 1 | BW42: 1 | BX42: 1 | BZ42: 123 | CA42: 75 | CF42: 0 | CG42: 0 | CM42: 0 | CO42: 0 | CP42: =(P42+Q42+S42) -> 0 | CQ42: =AC42*BC42 -> 0 | CR42: =AD42*BB42 -> 0 | CS42: =AE42*BS42 -> 0 | CT42: =AF42*BA42 -> 0 | CU42: =AG42 -> 0 | CV42: =AH42 -> 0 | CW42: =AI42 -> 0 | CX42: =AJ42 -> 0 | CY42: =(((S42+R42)*AT42)/100) -> 0 | CZ42: =(((S42+R42)*AU42)/100) -> 0 | DN42: 0 | DO42: 0 | DP42: 1 | DQ42: 1 | DU42: 1009 | DV42: кг | DW42: кг | DX42: 1 | EE42: 39174504 | EF42: 2 | EG42: Общестроительные работы | EH42: 0 | EJ42: 1 | EK42: 11001 | EL42: Полы | EM42: ФЕР-11 | EQ42: 0 | ER42: 0 | ES42: 0 | ET42: 0 | EU42: 0 | EV42: 0 | EW42: 0 | EX42: 0 | FQ42: 0 | FR42: =ROUND(IF(AND(BH42=3,BI42=3),P42,0),2) -> 0 | FS42: 0 | FT42: *0,9 | FU42: *0,85 | FX42: 110.7 | FY42: 63.75 | GD42: 0 | GF42: 290394019 | GG42: 1 | GH42: 1 | GI42: 4 | GJ42: 0 | GK42: =ROUND(R42*(R12)/100,2) -> 0 | GL42: =ROUND(IF(AND(BH42=3,BI42=3,FS42<>0),P42,0),2) -> 0 | GM42: =ROUND(O42+X42+Y42+GK42,2)+GX42 -> 0 | GN42: =IF(OR(BI42=0,BI42=1),ROUND(O42+X42+Y42+GK42,2),0) -> 0 | GO42: =IF(BI42=2,ROUND(O42+X42+Y42+GK42,2),0) -> 0 | GP42: =IF(BI42=4,ROUND(O42+X42+Y42+GK42,2)+GX42,0) -> 0 | GR42: 0 | GS42: 3 | GT42: 0 | GV42: =ROUND(GT42,2) -> 0 | GW42: 1 | GX42: =ROUND(GV42*GW42*I42,2) -> 0 | HA42: 0 | HB42: 0 | IK42: 0
A43: 18 | B43: 1 | C43: 46 | E43: 9,4 | F43: 14.1.02.03-0002 | G43: Клей ПВА | H43: кг | I43: =I39*J43 -> 139.65 | J43: 50 | O43: =ROUND(CP43,2) -> 14499.44 | P43: =ROUND(CQ43*I43,2) -> 14499.44 | Q43: =ROUND(CR43*I43,2) -> 0 | R43: =ROUND(CS43*I43,2) -> 0 | S43: =ROUND(CT43*I43,2) -> 0 | T43: =ROUND(CU43*I43,2) -> 0 | U43: =CV43*I43 -> 0 | V43: =CW43*I43 -> 0 | W43: =ROUND(CX43*I43,2) -> 0 | X43: =ROUND(CY43,2) -> 0 | Y43: =ROUND(CZ43,2) -> 0 | AA43: 39099382 | AB43: =ROUND((AC43+AD43+AF43),2) -> 15.9 | AC43: =ROUND((ES43),2) -> 15.9 | AD43: =ROUND((((ET43)-(EU43))+AE43),2) -> 0 | AE43: =ROUND((EU43),2) -> 0 | AF43: =ROUND((EV43),2) -> 0 | AG43: =ROUND((AP43),2) -> 0 | AH43: =(EW43) -> 0 | AI43: =(EX43) -> 0 | AJ43: =ROUND((AS43),2) -> 0 | AK43: 15.9 | AL43: 15.9 | AM43: 0 | AN43: 0 | AO43: 0 | AP43: 0 | AQ43: 0 | AR43: 0 | AS43: 0 | AT43: 111 | AU43: 64 | AV43: 1 | AW43: 1 | AZ43: 6.53 | BA43: 1 | BB43: 1 | BC43: 6.53 | BH43: 3 | BI43: 1 | BJ43: ФССЦ-2001, 14.1.02.03-0002, приказ Минстроя России №1039/пр от 30.12.2016г. | BM43: 11001 | BN43: 0 | BP43: 0 | BQ43: 2 | BR43: 0 | BS43: 1 | BT43: 1 | BU43: 1 | BV43: 1 | BW43: 1 | BX43: 1 | BZ43: 123 | CA43: 75 | CF43: 0 | CG43: 0 | CM43: 0 | CO43: 0 | CP43: =(P43+Q43+S43) -> 14499.44 | CQ43: =AC43*BC43 -> 103.827 | CR43: =AD43*BB43 -> 0 | CS43: =AE43*BS43 -> 0 | CT43: =AF43*BA43 -> 0 | CU43: =AG43 -> 0 | CV43: =AH43 -> 0 | CW43: =AI43 -> 0 | CX43: =AJ43 -> 0 | CY43: =(((S43+R43)*AT43)/100) -> 0 | CZ43: =(((S43+R43)*AU43)/100) -> 0 | DN43: 0 | DO43: 0 | DP43: 1 | DQ43: 1 | DU43: 1009 | DV43: кг | DW43: кг | DX43: 1 | EE43: 39174504 | EF43: 2 | EG43: Общестроительные работы | EH43: 0 | EJ43: 1 | EK43: 11001 | EL43: Полы | EM43: ФЕР-11 | EQ43: 0 | ER43: 15.9 | ES43: 15.9 | ET43: 0 | EU43: 0 | EV43: 0 | EW43: 0 | EX43: 0 | FQ43: 0 | FR43: =ROUND(IF(AND(BH43=3,BI43=3),P43,0),2) -> 0 | FS43: 0 | FT43: *0,9 | FU43: *0,85 | FX43: 110.7 | FY43: 63.75 | GD43: 0 | GF43: 1104462431 | GG43: 1 | GH43: 1 | GI43: 4 | GJ43: 0 | GK43: =ROUND(R43*(R12)/100,2) -> 0 | GL43: =ROUND(IF(AND(BH43=3,BI43=3,FS43<>0),P43,0),2) -> 0 | GM43: =ROUND(O43+X43+Y43+GK43,2)+GX43 -> 14499.44 | GN43: =IF(OR(BI43=0,BI43=1),ROUND(O43+X43+Y43+GK43,2),0) -> 14499.44 | GO43: =IF(BI43=2,ROUND(O43+X43+Y43+GK43,2),0) -> 0 | GP43: =IF(BI43=4,ROUND(O43+X43+Y43+GK43,2)+GX43,0) -> 0 | GR43: 0 | GS43: 0 | GT43: 0 | GV43: =ROUND(GT43,2) -> 0 | GW43: 1 | GX43: =ROUND(GV43*GW43*I43,2) -> 0 | HA43: 0 | HB43: 0 | IK43: 0
A44: 17 | B44: 1 | C44: =ROW(SmtRes!A65) -> 65 | D44: =ROW(EtalonRes!A61) -> 61 | E44: 10 | F44: 11-01-040-03 | G44: Устройство плинтусов поливинилхлоридных на винтах самонарезающих | H44: 100 м | I44: 1.7048 | J44: 0 | O44: =ROUND(CP44,2) -> 1526.14 | P44: =ROUND(CQ44*I44,2) -> 819.79 | Q44: =ROUND(CR44*I44,2) -> 23.71 | R44: =ROUND(CS44*I44,2) -> 4.68 | S44: =ROUND(CT44*I44,2) -> 682.64 | T44: =ROUND(CU44*I44,2) -> 0 | U44: =CV44*I44 -> 11.388064 | V44: =CW44*I44 -> 0.068192 | W44: =ROUND(CX44*I44,2) -> 0 | X44: =ROUND(CY44,2) -> 762.93 | Y44: =ROUND(CZ44,2) -> 439.88 | AA44: 39099382 | AB44: =ROUND((AC44+AD44+AF44),2) -> 137.09 | AC44: =ROUND((ES44),2) -> 73.64 | AD44: =ROUND((((ET44)-(EU44))+AE44),2) -> 2.13 | AE44: =ROUND((EU44),2) -> 0.42 | AF44: =ROUND((EV44),2) -> 61.32 | AG44: =ROUND((AP44),2) -> 0 | AH44: =(EW44) -> 6.68 | AI44: =(EX44) -> 0.04 | AJ44: =ROUND((AS44),2) -> 0 | AK44: 137.09 | AL44: 73.64 | AM44: 2.13 | AN44: 0.42 | AO44: 61.32 | AP44: 0 | AQ44: 6.68 | AR44: 0.04 | AS44: 0 | AT44: 111 | AU44: 64 | AV44: 1 | AW44: 1 | AZ44: 6.53 | BA44: 6.53 | BB44: 6.53 | BC44: 6.53 | BH44: 0 | BI44: 1 | BJ44: ФЕР-2001, 11-01-040-03, приказ Минстроя России №1039/пр от 30.12.2016г. | BM44: 11001 | BN44: 0 | BP44: 0 | BQ44: 2 | BR44: 0 | BS44: 6.53 | BT44: 1 | BU44: 1 | BV44: 1 | BW44: 1 | BX44: 1 | BZ44: 123 | CA44: 75 | CF44: 0 | CG44: 0 | CM44: 0 | CO44: 0 | CP44: =(P44+Q44+S44) -> 1526.14 | CQ44: =AC44*BC44 -> 480.8692 | CR44: =AD44*BB44 -> 13.9089 | CS44: =AE44*BS44 -> 2.7426 | CT44: =AF44*BA44 -> 400.4196 | CU44: =AG44 -> 0 | CV44: =AH44 -> 6.68 | CW44: =AI44 -> 0.04 | CX44: =AJ44 -> 0 | CY44: =(((S44+R44)*AT44)/100) -> 762.9252 | CZ44: =(((S44+R44)*AU44)/100) -> 439.8848 | DN44: 0 | DO44: 0 | DP44: 1 | DQ44: 1 | DU44: 1003 | DV44: 100 м | DW44: 100 м | DX44: 100 | EE44: 39174504 | EF44: 2 | EG44: Общестроительные работы | EH44: 0 | EJ44: 1 | EK44: 11001 | EL44: Полы | EM44: ФЕР-11 | EQ44: 0 | ER44: 137.09 | ES44: 73.64 | ET44: 2.13 | EU44: 0.42 | EV44: 61.32 | EW44: 6.68 | EX44: 0.04 | EY44: 0 | FQ44: 0 | FR44: =ROUND(IF(AND(BH44=3,BI44=3),P44,0),2) -> 0 | FS44: 0 | FT44: *0,9 | FU44: *0,85 | FX44: 110.7 | FY44: 63.75 | GD44: 0 | GF44: -1404287246 | GG44: 1 | GH44: 1 | GI44: 4 | GJ44: 0 | GK44: =ROUND(R44*(R12)/100,2) -> 0 | GL44: =ROUND(IF(AND(BH44=3,BI44=3,FS44<>0),P44,0),2) -> 0 | GM44: =ROUND(O44+X44+Y44+GK44,2)+GX44 -> 2728.95 | GN44: =IF(OR(BI44=0,BI44=1),ROUND(O44+X44+Y44+GK44,2),0) -> 2728.95 | GO44: =IF(BI44=2,ROUND(O44+X44+Y44+GK44,2),0) -> 0 | GP44: =IF(BI44=4,ROUND(O44+X44+Y44+GK44,2)+GX44,0) -> 0 | GR44: 0 | GS44: 0 | GT44: 0 | GV44: =ROUND(GT44,2) -> 0 | GW44: 1 | GX44: =ROUND(GV44*GW44*I44,2) -> 0 | HA44: 0 | HB44: 0 | IK44: 0
A45: 18 | B45: 1 | C45: 54 | E45: 10,1 | F45: 11.3.03.06 | G45: Плинтуса для полов пластиковые | H45: м | I45: =I44*J45 -> 172.1848 | J45: 101 | O45: =ROUND(CP45,2) -> 0 | P45: =ROUND(CQ45*I45,2) -> 0 | Q45: =ROUND(CR45*I45,2) -> 0 | R45: =ROUND(CS45*I45,2) -> 0 | S45: =ROUND(CT45*I45,2) -> 0 | T45: =ROUND(CU45*I45,2) -> 0 | U45: =CV45*I45 -> 0 | V45: =CW45*I45 -> 0 | W45: =ROUND(CX45*I45,2) -> 0 | X45: =ROUND(CY45,2) -> 0 | Y45: =ROUND(CZ45,2) -> 0 | AA45: 39099382 | AB45: =ROUND((AC45+AD45+AF45),2) -> 0 | AC45: =ROUND((ES45),2) -> 0 | AD45: =ROUND((((ET45)-(EU45))+AE45),2) -> 0 | AE45: =ROUND((EU45),2) -> 0 | AF45: =ROUND((EV45),2) -> 0 | AG45: =ROUND((AP45),2) -> 0 | AH45: =(EW45) -> 0 | AI45: =(EX45) -> 0 | AJ45: =ROUND((AS45),2) -> 0 | AK45: 0 | AL45: 0 | AM45: 0 | AN45: 0 | AO45: 0 | AP45: 0 | AQ45: 0 | AR45: 0 | AS45: 0 | AT45: 111 | AU45: 64 | AV45: 1 | AW45: 1 | AZ45: 6.53 | BA45: 1 | BB45: 1 | BC45: 6.53 | BH45: 3 | BI45: 1 | BM45: 11001 | BN45: 0 | BP45: 0 | BQ45: 2 | BR45: 0 | BS45: 1 | BT45: 1 | BU45: 1 | BV45: 1 | BW45: 1 | BX45: 1 | BZ45: 123 | CA45: 75 | CF45: 0 | CG45: 0 | CM45: 0 | CO45: 0 | CP45: =(P45+Q45+S45) -> 0 | CQ45: =AC45*BC45 -> 0 | CR45: =AD45*BB45 -> 0 | CS45: =AE45*BS45 -> 0 | CT45: =AF45*BA45 -> 0 | CU45: =AG45 -> 0 | CV45: =AH45 -> 0 | CW45: =AI45 -> 0 | CX45: =AJ45 -> 0 | CY45: =(((S45+R45)*AT45)/100) -> 0 | CZ45: =(((S45+R45)*AU45)/100) -> 0 | DN45: 0 | DO45: 0 | DP45: 1 | DQ45: 1 | DU45: 1003 | DV45: м | DW45: м | DX45: 1 | EE45: 39174504 | EF45: 2 | EG45: Общестроительные работы | EH45: 0 | EJ45: 1 | EK45: 11001 | EL45: Полы | EM45: ФЕР-11 | EQ45: 0 | ER45: 0 | ES45: 0 | ET45: 0 | EU45: 0 | EV45: 0 | EW45: 0 | EX45: 0 | FQ45: 0 | FR45: =ROUND(IF(AND(BH45=3,BI45=3),P45,0),2) -> 0 | FS45: 0 | FT45: *0,9 | FU45: *0,85 | FX45: 110.7 | FY45: 63.75 | GD45: 0 | GF45: -2049262376 | GG45: 1 | GH45: 1 | GI45: 4 | GJ45: 0 | GK45: =ROUND(R45*(R12)/100,2) -> 0 | GL45: =ROUND(IF(AND(BH45=3,BI45=3,FS45<>0),P45,0),2) -> 0 | GM45: =ROUND(O45+X45+Y45+GK45,2)+GX45 -> 0 | GN45: =IF(OR(BI45=0,BI45=1),ROUND(O45+X45+Y45+GK45,2),0) -> 0 | GO45: =IF(BI45=2,ROUND(O45+X45+Y45+GK45,2),0) -> 0 | GP45: =IF(BI45=4,ROUND(O45+X45+Y45+GK45,2)+GX45,0) -> 0 | GR45: 0 | GS45: 3 | GT45: 0 | GV45: =ROUND(GT45,2) -> 0 | GW45: 1 | GX45: =ROUND(GV45*GW45*I45,2) -> 0 | HA45: 0 | HB45: 0 | IK45: 0
A46: 18 | B46: 1 | C46: 55 | E46: 10,2 | F46: 11.3.03.06-0001 | G46: Плинтуса для полов пластиковые KronPlast Premium с кабель-каналом, 19х48 мм прим. | H46: м | I46: =I44*J46 -> 172.1848 | J46: 101 | O46: =ROUND(CP46,2) -> 13829.71 | P46: =ROUND(CQ46*I46,2) -> 13829.71 | Q46: =ROUND(CR46*I46,2) -> 0 | R46: =ROUND(CS46*I46,2) -> 0 | S46: =ROUND(CT46*I46,2) -> 0 | T46: =ROUND(CU46*I46,2) -> 0 | U46: =CV46*I46 -> 0 | V46: =CW46*I46 -> 0 | W46: =ROUND(CX46*I46,2) -> 0 | X46: =ROUND(CY46,2) -> 0 | Y46: =ROUND(CZ46,2) -> 0 | AA46: 39099382 | AB46: =ROUND((AC46+AD46+AF46),2) -> 12.3 | AC46: =ROUND((ES46),2) -> 12.3 | AD46: =ROUND((((ET46)-(EU46))+AE46),2) -> 0 | AE46: =ROUND((EU46),2) -> 0 | AF46: =ROUND((EV46),2) -> 0 | AG46: =ROUND((AP46),2) -> 0 | AH46: =(EW46) -> 0 | AI46: =(EX46) -> 0 | AJ46: =ROUND((AS46),2) -> 0 | AK46: 12.3 | AL46: 12.3 | AM46: 0 | AN46: 0 | AO46: 0 | AP46: 0 | AQ46: 0 | AR46: 0 | AS46: 0 | AT46: 111 | AU46: 64 | AV46: 1 | AW46: 1 | AZ46: 6.53 | BA46: 1 | BB46: 1 | BC46: 6.53 | BH46: 3 | BI46: 1 | BJ46: ФССЦ-2001, 11.3.03.06-0001, приказ Минстроя России №1039/пр от 30.12.2016г. | BM46: 11001 | BN46: 0 | BP46: 0 | BQ46: 2 | BR46: 0 | BS46: 1 | BT46: 1 | BU46: 1 | BV46: 1 | BW46: 1 | BX46: 1 | BZ46: 123 | CA46: 75 | CF46: 0 | CG46: 0 | CM46: 0 | CO46: 0 | CP46: =(P46+Q46+S46) -> 13829.71 | CQ46: =AC46*BC46 -> 80.319 | CR46: =AD46*BB46 -> 0 | CS46: =AE46*BS46 -> 0 | CT46: =AF46*BA46 -> 0 | CU46: =AG46 -> 0 | CV46: =AH46 -> 0 | CW46: =AI46 -> 0 | CX46: =AJ46 -> 0 | CY46: =(((S46+R46)*AT46)/100) -> 0 | CZ46: =(((S46+R46)*AU46)/100) -> 0 | DN46: 0 | DO46: 0 | DP46: 1 | DQ46: 1 | DU46: 1003 | DV46: м | DW46: м | DX46: 1 | EE46: 39174504 | EF46: 2 | EG46: Общестроительные работы | EH46: 0 | EJ46: 1 | EK46: 11001 | EL46: Полы | EM46: ФЕР-11 | EQ46: 0 | ER46: 12.3 | ES46: 12.3 | ET46: 0 | EU46: 0 | EV46: 0 | EW46: 0 | EX46: 0 | FQ46: 0 | FR46: =ROUND(IF(AND(BH46=3,BI46=3),P46,0),2) -> 0 | FS46: 0 | FT46: *0,9 | FU46: *0,85 | FX46: 110.7 | FY46: 63.75 | GD46: 0 | GF46: -843297162 | GG46: 1 | GH46: 1 | GI46: 4 | GJ46: 0 | GK46: =ROUND(R46*(R12)/100,2) -> 0 | GL46: =ROUND(IF(AND(BH46=3,BI46=3,FS46<>0),P46,0),2) -> 0 | GM46: =ROUND(O46+X46+Y46+GK46,2)+GX46 -> 13829.71 | GN46: =IF(OR(BI46=0,BI46=1),ROUND(O46+X46+Y46+GK46,2),0) -> 13829.71 | GO46: =IF(BI46=2,ROUND(O46+X46+Y46+GK46,2),0) -> 0 | GP46: =IF(BI46=4,ROUND(O46+X46+Y46+GK46,2)+GX46,0) -> 0 | GR46: 0 | GS46: 0 | GT46: 0 | GV46: =ROUND(GT46,2) -> 0 | GW46: 1 | GX46: =ROUND(GV46*GW46*I46,2) -> 0 | HA46: 0 | HB46: 0 | IK46: 0
A47: 18 | B47: 1 | C47: 56 | E47: 10,3 | F47: 11.3.03.14 | G47: Уголок наружный для пластикового плинтуса | H47: шт. | I47: =I44*J47 -> 12 | J47: 7.0389489 | O47: =ROUND(CP47,2) -> 0 | P47: =ROUND(CQ47*I47,2) -> 0 | Q47: =ROUND(CR47*I47,2) -> 0 | R47: =ROUND(CS47*I47,2) -> 0 | S47: =ROUND(CT47*I47,2) -> 0 | T47: =ROUND(CU47*I47,2) -> 0 | U47: =CV47*I47 -> 0 | V47: =CW47*I47 -> 0 | W47: =ROUND(CX47*I47,2) -> 0 | X47: =ROUND(CY47,2) -> 0 | Y47: =ROUND(CZ47,2) -> 0 | AA47: 39099382 | AB47: =ROUND((AC47+AD47+AF47),2) -> 0 | AC47: =ROUND((ES47),2) -> 0 | AD47: =ROUND((((ET47)-(EU47))+AE47),2) -> 0 | AE47: =ROUND((EU47),2) -> 0 | AF47: =ROUND((EV47),2) -> 0 | AG47: =ROUND((AP47),2) -> 0 | AH47: =(EW47) -> 0 | AI47: =(EX47) -> 0 | AJ47: =ROUND((AS47),2) -> 0 | AK47: 0 | AL47: 0 | AM47: 0 | AN47: 0 | AO47: 0 | AP47: 0 | AQ47: 0 | AR47: 0 | AS47: 0 | AT47: 111 | AU47: 64 | AV47: 1 | AW47: 1 | AZ47: 6.53 | BA47: 1 | BB47: 1 | BC47: 6.53 | BH47: 3 | BI47: 1 | BM47: 11001 | BN47: 0 | BP47: 0 | BQ47: 2 | BR47: 0 | BS47: 1 | BT47: 1 | BU47: 1 | BV47: 1 | BW47: 1 | BX47: 1 | BZ47: 123 | CA47: 75 | CF47: 0 | CG47: 0 | CM47: 0 | CO47: 0 | CP47: =(P47+Q47+S47) -> 0 | CQ47: =AC47*BC47 -> 0 | CR47: =AD47*BB47 -> 0 | CS47: =AE47*BS47 -> 0 | CT47: =AF47*BA47 -> 0 | CU47: =AG47 -> 0 | CV47: =AH47 -> 0 | CW47: =AI47 -> 0 | CX47: =AJ47 -> 0 | CY47: =(((S47+R47)*AT47)/100) -> 0 | CZ47: =(((S47+R47)*AU47)/100) -> 0 | DN47: 0 | DO47: 0 | DP47: 1 | DQ47: 1 | DU47: 1010 | DV47: шт. | DW47: шт. | DX47: 1 | EE47: 39174504 | EF47: 2 | EG47: Общестроительные работы | EH47: 0 | EJ47: 1 | EK47: 11001 | EL47: Полы | EM47: ФЕР-11 | EQ47: 0 | ER47: 0 | ES47: 0 | ET47: 0 | EU47: 0 | EV47: 0 | EW47: 0 | EX47: 0 | FQ47: 0 | FR47: =ROUND(IF(AND(BH47=3,BI47=3),P47,0),2) -> 0 | FS47: 0 | FT47: *0,9 | FU47: *0,85 | FX47: 110.7 | FY47: 63.75 | GD47: 0 | GF47: 457303772 | GG47: 1 | GH47: 1 | GI47: 4 | GJ47: 0 | GK47: =ROUND(R47*(R12)/100,2) -> 0 | GL47: =ROUND(IF(AND(BH47=3,BI47=3,FS47<>0),P47,0),2) -> 0 | GM47: =ROUND(O47+X47+Y47+GK47,2)+GX47 -> 0 | GN47: =IF(OR(BI47=0,BI47=1),ROUND(O47+X47+Y47+GK47,2),0) -> 0 | GO47: =IF(BI47=2,ROUND(O47+X47+Y47+GK47,2),0) -> 0 | GP47: =IF(BI47=4,ROUND(O47+X47+Y47+GK47,2)+GX47,0) -> 0 | GR47: 0 | GS47: 3 | GT47: 0 | GV47: =ROUND(GT47,2) -> 0 | GW47: 1 | GX47: =ROUND(GV47*GW47*I47,2) -> 0 | HA47: 0 | HB47: 0 | IK47: 0
A48: 18 | B48: 1 | C48: 62 | E48: 10,4 | F48: 11.3.03.14-0011 | G48: Заглушки торцевая для пластикового плинтуса правая, высота 48 мм | H48: 100 шт. | I48: =I44*J48 -> 0.14 | J48: 0.08212107 | O48: =ROUND(CP48,2) -> 57.59 | P48: =ROUND(CQ48*I48,2) -> 57.59 | Q48: =ROUND(CR48*I48,2) -> 0 | R48: =ROUND(CS48*I48,2) -> 0 | S48: =ROUND(CT48*I48,2) -> 0 | T48: =ROUND(CU48*I48,2) -> 0 | U48: =CV48*I48 -> 0 | V48: =CW48*I48 -> 0 | W48: =ROUND(CX48*I48,2) -> 0 | X48: =ROUND(CY48,2) -> 0 | Y48: =ROUND(CZ48,2) -> 0 | AA48: 39099382 | AB48: =ROUND((AC48+AD48+AF48),2) -> 63 | AC48: =ROUND((ES48),2) -> 63 | AD48: =ROUND((((ET48)-(EU48))+AE48),2) -> 0 | AE48: =ROUND((EU48),2) -> 0 | AF48: =ROUND((EV48),2) -> 0 | AG48: =ROUND((AP48),2) -> 0 | AH48: =(EW48) -> 0 | AI48: =(EX48) -> 0 | AJ48: =ROUND((AS48),2) -> 0 | AK48: 63 | AL48: 63 | AM48: 0 | AN48: 0 | AO48: 0 | AP48: 0 | AQ48: 0 | AR48: 0 | AS48: 0 | AT48: 111 | AU48: 64 | AV48: 1 | AW48: 1 | AZ48: 6.53 | BA48: 1 | BB48: 1 | BC48: 6.53 | BH48: 3 | BI48: 1 | BJ48: ФССЦ-2001, 11.3.03.14-0011, приказ Минстроя России №1039/пр от 30.12.2016г. | BM48: 11001 | BN48: 0 | BP48: 0 | BQ48: 2 | BR48: 0 | BS48: 1 | BT48: 1 | BU48: 1 | BV48: 1 | BW48: 1 | BX48: 1 | BZ48: 123 | CA48: 75 | CF48: 0 | CG48: 0 | CM48: 0 | CO48: 0 | CP48: =(P48+Q48+S48) -> 57.59 | CQ48: =AC48*BC48 -> 411.39 | CR48: =AD48*BB48 -> 0 | CS48: =AE48*BS48 -> 0 | CT48: =AF48*BA48 -> 0 | CU48: =AG48 -> 0 | CV48: =AH48 -> 0 | CW48: =AI48 -> 0 | CX48: =AJ48 -> 0 | CY48: =(((S48+R48)*AT48)/100) -> 0 | CZ48: =(((S48+R48)*AU48)/100) -> 0 | DN48: 0 | DO48: 0 | DP48: 1 | DQ48: 1 | DU48: 1010 | DV48: 100 шт. | DW48: 100 шт. | DX48: 100 | EE48: 39174504 | EF48: 2 | EG48: Общестроительные работы | EH48: 0 | EJ48: 1 | EK48: 11001 | EL48: Полы | EM48: ФЕР-11 | EQ48: 0 | ER48: 63 | ES48: 63 | ET48: 0 | EU48: 0 | EV48: 0 | EW48: 0 | EX48: 0 | FQ48: 0 | FR48: =ROUND(IF(AND(BH48=3,BI48=3),P48,0),2) -> 0 | FS48: 0 | FT48: *0,9 | FU48: *0,85 | FX48: 110.7 | FY48: 63.75 | GD48: 0 | GF48: 1906340979 | GG48: 1 | GH48: 1 | GI48: 4 | GJ48: 0 | GK48: =ROUND(R48*(R12)/100,2) -> 0 | GL48: =ROUND(IF(AND(BH48=3,BI48=3,FS48<>0),P48,0),2) -> 0 | GM48: =ROUND(O48+X48+Y48+GK48,2)+GX48 -> 57.59 | GN48: =IF(OR(BI48=0,BI48=1),ROUND(O48+X48+Y48+GK48,2),0) -> 57.59 | GO48: =IF(BI48=2,ROUND(O48+X48+Y48+GK48,2),0) -> 0 | GP48: =IF(BI48=4,ROUND(O48+X48+Y48+GK48,2)+GX48,0) -> 0 | GR48: 0 | GS48: 0 | GT48: 0 | GV48: =ROUND(GT48,2) -> 0 | GW48: 1 | GX48: =ROUND(GV48*GW48*I48,2) -> 0 | HA48: 0 | HB48: 0 | IK48: 0
A49: 18 | B49: 1 | C49: 60 | E49: 10,5 | F49: 11.3.03.14-0001 | G49: Заглушка торцевая для пластикового плинтуса левая, высота 48 мм | H49: 100 шт. | I49: =I44*J49 -> 0.14 | J49: 0.08212107 | O49: =ROUND(CP49,2) -> 57.59 | P49: =ROUND(CQ49*I49,2) -> 57.59 | Q49: =ROUND(CR49*I49,2) -> 0 | R49: =ROUND(CS49*I49,2) -> 0 | S49: =ROUND(CT49*I49,2) -> 0 | T49: =ROUND(CU49*I49,2) -> 0 | U49: =CV49*I49 -> 0 | V49: =CW49*I49 -> 0 | W49: =ROUND(CX49*I49,2) -> 0 | X49: =ROUND(CY49,2) -> 0 | Y49: =ROUND(CZ49,2) -> 0 | AA49: 39099382 | AB49: =ROUND((AC49+AD49+AF49),2) -> 63 | AC49: =ROUND((ES49),2) -> 63 | AD49: =ROUND((((ET49)-(EU49))+AE49),2) -> 0 | AE49: =ROUND((EU49),2) -> 0 | AF49: =ROUND((EV49),2) -> 0 | AG49: =ROUND((AP49),2) -> 0 | AH49: =(EW49) -> 0 | AI49: =(EX49) -> 0 | AJ49: =ROUND((AS49),2) -> 0 | AK49: 63 | AL49: 63 | AM49: 0 | AN49: 0 | AO49: 0 | AP49: 0 | AQ49: 0 | AR49: 0 | AS49: 0 | AT49: 111 | AU49: 64 | AV49: 1 | AW49: 1 | AZ49: 6.53 | BA49: 1 | BB49: 1 | BC49: 6.53 | BH49: 3 | BI49: 1 | BJ49: ФССЦ-2001, 11.3.03.14-0001, приказ Минстроя России №1039/пр от 30.12.2016г. | BM49: 11001 | BN49: 0 | BP49: 0 | BQ49: 2 | BR49: 0 | BS49: 1 | BT49: 1 | BU49: 1 | BV49: 1 | BW49: 1 | BX49: 1 | BZ49: 123 | CA49: 75 | CF49: 0 | CG49: 0 | CM49: 0 | CO49: 0 | CP49: =(P49+Q49+S49) -> 57.59 | CQ49: =AC49*BC49 -> 411.39 | CR49: =AD49*BB49 -> 0 | CS49: =AE49*BS49 -> 0 | CT49: =AF49*BA49 -> 0 | CU49: =AG49 -> 0 | CV49: =AH49 -> 0 | CW49: =AI49 -> 0 | CX49: =AJ49 -> 0 | CY49: =(((S49+R49)*AT49)/100) -> 0 | CZ49: =(((S49+R49)*AU49)/100) -> 0 | DN49: 0 | DO49: 0 | DP49: 1 | DQ49: 1 | DU49: 1010 | DV49: 100 шт. | DW49: 100 шт. | DX49: 100 | EE49: 39174504 | EF49: 2 | EG49: Общестроительные работы | EH49: 0 | EJ49: 1 | EK49: 11001 | EL49: Полы | EM49: ФЕР-11 | EQ49: 0 | ER49: 63 | ES49: 63 | ET49: 0 | EU49: 0 | EV49: 0 | EW49: 0 | EX49: 0 | FQ49: 0 | FR49: =ROUND(IF(AND(BH49=3,BI49=3),P49,0),2) -> 0 | FS49: 0 | FT49: *0,9 | FU49: *0,85 | FX49: 110.7 | FY49: 63.75 | GD49: 0 | GF49: 1345842772 | GG49: 1 | GH49: 1 | GI49: 4 | GJ49: 0 | GK49: =ROUND(R49*(R12)/100,2) -> 0 | GL49: =ROUND(IF(AND(BH49=3,BI49=3,FS49<>0),P49,0),2) -> 0 | GM49: =ROUND(O49+X49+Y49+GK49,2)+GX49 -> 57.59 | GN49: =IF(OR(BI49=0,BI49=1),ROUND(O49+X49+Y49+GK49,2),0) -> 57.59 | GO49: =IF(BI49=2,ROUND(O49+X49+Y49+GK49,2),0) -> 0 | GP49: =IF(BI49=4,ROUND(O49+X49+Y49+GK49,2)+GX49,0) -> 0 | GR49: 0 | GS49: 0 | GT49: 0 | GV49: =ROUND(GT49,2) -> 0 | GW49: 1 | GX49: =ROUND(GV49*GW49*I49,2) -> 0 | HA49: 0 | HB49: 0 | IK49: 0
A50: 18 | B50: 1 | C50: 63 | E50: 10,6 | F50: 11.3.03.14-0021 | G50: Соединитель для пластикового плинтуса, высота 48 мм | H50: 100 шт. | I50: =I44*J50 -> 0.68 | J50: 0.39887377 | O50: =ROUND(CP50,2) -> 568.37 | P50: =ROUND(CQ50*I50,2) -> 568.37 | Q50: =ROUND(CR50*I50,2) -> 0 | R50: =ROUND(CS50*I50,2) -> 0 | S50: =ROUND(CT50*I50,2) -> 0 | T50: =ROUND(CU50*I50,2) -> 0 | U50: =CV50*I50 -> 0 | V50: =CW50*I50 -> 0 | W50: =ROUND(CX50*I50,2) -> 0 | X50: =ROUND(CY50,2) -> 0 | Y50: =ROUND(CZ50,2) -> 0 | AA50: 39099382 | AB50: =ROUND((AC50+AD50+AF50),2) -> 128 | AC50: =ROUND((ES50),2) -> 128 | AD50: =ROUND((((ET50)-(EU50))+AE50),2) -> 0 | AE50: =ROUND((EU50),2) -> 0 | AF50: =ROUND((EV50),2) -> 0 | AG50: =ROUND((AP50),2) -> 0 | AH50: =(EW50) -> 0 | AI50: =(EX50) -> 0 | AJ50: =ROUND((AS50),2) -> 0 | AK50: 128 | AL50: 128 | AM50: 0 | AN50: 0 | AO50: 0 | AP50: 0 | AQ50: 0 | AR50: 0 | AS50: 0 | AT50: 111 | AU50: 64 | AV50: 1 | AW50: 1 | AZ50: 6.53 | BA50: 1 | BB50: 1 | BC50: 6.53 | BH50: 3 | BI50: 1 | BJ50: ФССЦ-2001, 11.3.03.14-0021, приказ Минстроя России №1039/пр от 30.12.2016г. | BM50: 11001 | BN50: 0 | BP50: 0 | BQ50: 2 | BR50: 0 | BS50: 1 | BT50: 1 | BU50: 1 | BV50: 1 | BW50: 1 | BX50: 1 | BZ50: 123 | CA50: 75 | CF50: 0 | CG50: 0 | CM50: 0 | CO50: 0 | CP50: =(P50+Q50+S50) -> 568.37 | CQ50: =AC50*BC50 -> 835.84 | CR50: =AD50*BB50 -> 0 | CS50: =AE50*BS50 -> 0 | CT50: =AF50*BA50 -> 0 | CU50: =AG50 -> 0 | CV50: =AH50 -> 0 | CW50: =AI50 -> 0 | CX50: =AJ50 -> 0 | CY50: =(((S50+R50)*AT50)/100) -> 0 | CZ50: =(((S50+R50)*AU50)/100) -> 0 | DN50: 0 | DO50: 0 | DP50: 1 | DQ50: 1 | DU50: 1010 | DV50: 100 шт. | DW50: 100 шт. | DX50: 100 | EE50: 39174504 | EF50: 2 | EG50: Общестроительные работы | EH50: 0 | EJ50: 1 | EK50: 11001 | EL50: Полы | EM50: ФЕР-11 | EQ50: 0 | ER50: 128 | ES50: 128 | ET50: 0 | EU50: 0 | EV50: 0 | EW50: 0 | EX50: 0 | FQ50: 0 | FR50: =ROUND(IF(AND(BH50=3,BI50=3),P50,0),2) -> 0 | FS50: 0 | FT50: *0,9 | FU50: *0,85 | FX50: 110.7 | FY50: 63.75 | GD50: 0 | GF50: 848075668 | GG50: 1 | GH50: 1 | GI50: 4 | GJ50: 0 | GK50: =ROUND(R50*(R12)/100,2) -> 0 | GL50: =ROUND(IF(AND(BH50=3,BI50=3,FS50<>0),P50,0),2) -> 0 | GM50: =ROUND(O50+X50+Y50+GK50,2)+GX50 -> 568.37 | GN50: =IF(OR(BI50=0,BI50=1),ROUND(O50+X50+Y50+GK50,2),0) -> 568.37 | GO50: =IF(BI50=2,ROUND(O50+X50+Y50+GK50,2),0) -> 0 | GP50: =IF(BI50=4,ROUND(O50+X50+Y50+GK50,2)+GX50,0) -> 0 | GR50: 0 | GS50: 0 | GT50: 0 | GV50: =ROUND(GT50,2) -> 0 | GW50: 1 | GX50: =ROUND(GV50*GW50*I50,2) -> 0 | HA50: 0 | HB50: 0 | IK50: 0
A51: 18 | B51: 1 | C51: 64 | E51: 10,7 | F51: 11.3.03.14-0031 | G51: Уголок внутренний для пластикового плинтуса, высота 48 мм | H51: 100 шт. | I51: =I44*J51 -> 0.12 | J51: 0.070389489 | O51: =ROUND(CP51,2) -> 100.3 | P51: =ROUND(CQ51*I51,2) -> 100.3 | Q51: =ROUND(CR51*I51,2) -> 0 | R51: =ROUND(CS51*I51,2) -> 0 | S51: =ROUND(CT51*I51,2) -> 0 | T51: =ROUND(CU51*I51,2) -> 0 | U51: =CV51*I51 -> 0 | V51: =CW51*I51 -> 0 | W51: =ROUND(CX51*I51,2) -> 0 | X51: =ROUND(CY51,2) -> 0 | Y51: =ROUND(CZ51,2) -> 0 | AA51: 39099382 | AB51: =ROUND((AC51+AD51+AF51),2) -> 128 | AC51: =ROUND((ES51),2) -> 128 | AD51: =ROUND((((ET51)-(EU51))+AE51),2) -> 0 | AE51: =ROUND((EU51),2) -> 0 | AF51: =ROUND((EV51),2) -> 0 | AG51: =ROUND((AP51),2) -> 0 | AH51: =(EW51) -> 0 | AI51: =(EX51) -> 0 | AJ51: =ROUND((AS51),2) -> 0 | AK51: 128 | AL51: 128 | AM51: 0 | AN51: 0 | AO51: 0 | AP51: 0 | AQ51: 0 | AR51: 0 | AS51: 0 | AT51: 111 | AU51: 64 | AV51: 1 | AW51: 1 | AZ51: 6.53 | BA51: 1 | BB51: 1 | BC51: 6.53 | BH51: 3 | BI51: 1 | BJ51: ФССЦ-2001, 11.3.03.14-0031, приказ Минстроя России №1039/пр от 30.12.2016г. | BM51: 11001 | BN51: 0 | BP51: 0 | BQ51: 2 | BR51: 0 | BS51: 1 | BT51: 1 | BU51: 1 | BV51: 1 | BW51: 1 | BX51: 1 | BZ51: 123 | CA51: 75 | CF51: 0 | CG51: 0 | CM51: 0 | CO51: 0 | CP51: =(P51+Q51+S51) -> 100.3 | CQ51: =AC51*BC51 -> 835.84 | CR51: =AD51*BB51 -> 0 | CS51: =AE51*BS51 -> 0 | CT51: =AF51*BA51 -> 0 | CU51: =AG51 -> 0 | CV51: =AH51 -> 0 | CW51: =AI51 -> 0 | CX51: =AJ51 -> 0 | CY51: =(((S51+R51)*AT51)/100) -> 0 | CZ51: =(((S51+R51)*AU51)/100) -> 0 | DN51: 0 | DO51: 0 | DP51: 1 | DQ51: 1 | DU51: 1010 | DV51: 100 шт. | DW51: 100 шт. | DX51: 100 | EE51: 39174504 | EF51: 2 | EG51: Общестроительные работы | EH51: 0 | EJ51: 1 | EK51: 11001 | EL51: Полы | EM51: ФЕР-11 | EQ51: 0 | ER51: 128 | ES51: 128 | ET51: 0 | EU51: 0 | EV51: 0 | EW51: 0 | EX51: 0 | FQ51: 0 | FR51: =ROUND(IF(AND(BH51=3,BI51=3),P51,0),2) -> 0 | FS51: 0 | FT51: *0,9 | FU51: *0,85 | FX51: 110.7 | FY51: 63.75 | GD51: 0 | GF51: 1508644261 | GG51: 1 | GH51: 1 | GI51: 4 | GJ51: 0 | GK51: =ROUND(R51*(R12)/100,2) -> 0 | GL51: =ROUND(IF(AND(BH51=3,BI51=3,FS51<>0),P51,0),2) -> 0 | GM51: =ROUND(O51+X51+Y51+GK51,2)+GX51 -> 100.3 | GN51: =IF(OR(BI51=0,BI51=1),ROUND(O51+X51+Y51+GK51,2),0) -> 100.3 | GO51: =IF(BI51=2,ROUND(O51+X51+Y51+GK51,2),0) -> 0 | GP51: =IF(BI51=4,ROUND(O51+X51+Y51+GK51,2)+GX51,0) -> 0 | GR51: 0 | GS51: 0 | GT51: 0 | GV51: =ROUND(GT51,2) -> 0 | GW51: 1 | GX51: =ROUND(GV51*GW51*I51,2) -> 0 | HA51: 0 | HB51: 0 | IK51: 0
A52: 18 | B52: 1 | C52: 65 | E52: 10,8 | F52: 11.3.03.14-0033 | G52: Уголок наружный для пластикового плинтуса, высота 48 мм | H52: 100 шт. | I52: =I44*J52 -> 0.12 | J52: 0.070389489 | O52: =ROUND(CP52,2) -> 100.3 | P52: =ROUND(CQ52*I52,2) -> 100.3 | Q52: =ROUND(CR52*I52,2) -> 0 | R52: =ROUND(CS52*I52,2) -> 0 | S52: =ROUND(CT52*I52,2) -> 0 | T52: =ROUND(CU52*I52,2) -> 0 | U52: =CV52*I52 -> 0 | V52: =CW52*I52 -> 0 | W52: =ROUND(CX52*I52,2) -> 0 | X52: =ROUND(CY52,2) -> 0 | Y52: =ROUND(CZ52,2) -> 0 | AA52: 39099382 | AB52: =ROUND((AC52+AD52+AF52),2) -> 128 | AC52: =ROUND((ES52),2) -> 128 | AD52: =ROUND((((ET52)-(EU52))+AE52),2) -> 0 | AE52: =ROUND((EU52),2) -> 0 | AF52: =ROUND((EV52),2) -> 0 | AG52: =ROUND((AP52),2) -> 0 | AH52: =(EW52) -> 0 | AI52: =(EX52) -> 0 | AJ52: =ROUND((AS52),2) -> 0 | AK52: 128 | AL52: 128 | AM52: 0 | AN52: 0 | AO52: 0 | AP52: 0 | AQ52: 0 | AR52: 0 | AS52: 0 | AT52: 111 | AU52: 64 | AV52: 1 | AW52: 1 | AZ52: 6.53 | BA52: 1 | BB52: 1 | BC52: 6.53 | BH52: 3 | BI52: 1 | BJ52: ФССЦ-2001, 11.3.03.14-0033, приказ Минстроя России №1039/пр от 30.12.2016г. | BM52: 11001 | BN52: 0 | BP52: 0 | BQ52: 2 | BR52: 0 | BS52: 1 | BT52: 1 | BU52: 1 | BV52: 1 | BW52: 1 | BX52: 1 | BZ52: 123 | CA52: 75 | CF52: 0 | CG52: 0 | CM52: 0 | CO52: 0 | CP52: =(P52+Q52+S52) -> 100.3 | CQ52: =AC52*BC52 -> 835.84 | CR52: =AD52*BB52 -> 0 | CS52: =AE52*BS52 -> 0 | CT52: =AF52*BA52 -> 0 | CU52: =AG52 -> 0 | CV52: =AH52 -> 0 | CW52: =AI52 -> 0 | CX52: =AJ52 -> 0 | CY52: =(((S52+R52)*AT52)/100) -> 0 | CZ52: =(((S52+R52)*AU52)/100) -> 0 | DN52: 0 | DO52: 0 | DP52: 1 | DQ52: 1 | DU52: 1010 | DV52: 100 шт. | DW52: 100 шт. | DX52: 100 | EE52: 39174504 | EF52: 2 | EG52: Общестроительные работы | EH52: 0 | EJ52: 1 | EK52: 11001 | EL52: Полы | EM52: ФЕР-11 | EQ52: 0 | ER52: 128 | ES52: 128 | ET52: 0 | EU52: 0 | EV52: 0 | EW52: 0 | EX52: 0 | FQ52: 0 | FR52: =ROUND(IF(AND(BH52=3,BI52=3),P52,0),2) -> 0 | FS52: 0 | FT52: *0,9 | FU52: *0,85 | FX52: 110.7 | FY52: 63.75 | GD52: 0 | GF52: -1530028590 | GG52: 1 | GH52: 1 | GI52: 4 | GJ52: 0 | GK52: =ROUND(R52*(R12)/100,2) -> 0 | GL52: =ROUND(IF(AND(BH52=3,BI52=3,FS52<>0),P52,0),2) -> 0 | GM52: =ROUND(O52+X52+Y52+GK52,2)+GX52 -> 100.3 | GN52: =IF(OR(BI52=0,BI52=1),ROUND(O52+X52+Y52+GK52,2),0) -> 100.3 | GO52: =IF(BI52=2,ROUND(O52+X52+Y52+GK52,2),0) -> 0 | GP52: =IF(BI52=4,ROUND(O52+X52+Y52+GK52,2)+GX52,0) -> 0 | GR52: 0 | GS52: 0 | GT52: 0 | GV52: =ROUND(GT52,2) -> 0 | GW52: 1 | GX52: =ROUND(GV52*GW52*I52,2) -> 0 | HA52: 0 | HB52: 0 | IK52: 0
A53: 18 | B53: 1 | C53: 61 | E53: 10,9 | F53: 11.3.03.14-0001 | G53: Заглушка торцевая для пластикового плинтуса левая, высота 48 мм | H53: 100 шт. | I53: =I44*J53 -> 0.12 | J53: 0.070389489 | O53: =ROUND(CP53,2) -> 49.37 | P53: =ROUND(CQ53*I53,2) -> 49.37 | Q53: =ROUND(CR53*I53,2) -> 0 | R53: =ROUND(CS53*I53,2) -> 0 | S53: =ROUND(CT53*I53,2) -> 0 | T53: =ROUND(CU53*I53,2) -> 0 | U53: =CV53*I53 -> 0 | V53: =CW53*I53 -> 0 | W53: =ROUND(CX53*I53,2) -> 0 | X53: =ROUND(CY53,2) -> 0 | Y53: =ROUND(CZ53,2) -> 0 | AA53: 39099382 | AB53: =ROUND((AC53+AD53+AF53),2) -> 63 | AC53: =ROUND((ES53),2) -> 63 | AD53: =ROUND((((ET53)-(EU53))+AE53),2) -> 0 | AE53: =ROUND((EU53),2) -> 0 | AF53: =ROUND((EV53),2) -> 0 | AG53: =ROUND((AP53),2) -> 0 | AH53: =(EW53) -> 0 | AI53: =(EX53) -> 0 | AJ53: =ROUND((AS53),2) -> 0 | AK53: 63 | AL53: 63 | AM53: 0 | AN53: 0 | AO53: 0 | AP53: 0 | AQ53: 0 | AR53: 0 | AS53: 0 | AT53: 111 | AU53: 64 | AV53: 1 | AW53: 1 | AZ53: 6.53 | BA53: 1 | BB53: 1 | BC53: 6.53 | BH53: 3 | BI53: 1 | BJ53: ФССЦ-2001, 11.3.03.14-0001, приказ Минстроя России №1039/пр от 30.12.2016г. | BM53: 11001 | BN53: 0 | BP53: 0 | BQ53: 2 | BR53: 0 | BS53: 1 | BT53: 1 | BU53: 1 | BV53: 1 | BW53: 1 | BX53: 1 | BZ53: 123 | CA53: 75 | CF53: 0 | CG53: 0 | CM53: 0 | CO53: 0 | CP53: =(P53+Q53+S53) -> 49.37 | CQ53: =AC53*BC53 -> 411.39 | CR53: =AD53*BB53 -> 0 | CS53: =AE53*BS53 -> 0 | CT53: =AF53*BA53 -> 0 | CU53: =AG53 -> 0 | CV53: =AH53 -> 0 | CW53: =AI53 -> 0 | CX53: =AJ53 -> 0 | CY53: =(((S53+R53)*AT53)/100) -> 0 | CZ53: =(((S53+R53)*AU53)/100) -> 0 | DN53: 0 | DO53: 0 | DP53: 1 | DQ53: 1 | DU53: 1010 | DV53: 100 шт. | DW53: 100 шт. | DX53: 100 | EE53: 39174504 | EF53: 2 | EG53: Общестроительные работы | EH53: 0 | EJ53: 1 | EK53: 11001 | EL53: Полы | EM53: ФЕР-11 | EQ53: 0 | ER53: 63 | ES53: 63 | ET53: 0 | EU53: 0 | EV53: 0 | EW53: 0 | EX53: 0 | FQ53: 0 | FR53: =ROUND(IF(AND(BH53=3,BI53=3),P53,0),2) -> 0 | FS53: 0 | FT53: *0,9 | FU53: *0,85 | FX53: 110.7 | FY53: 63.75 | GD53: 0 | GF53: 1345842772 | GG53: 1 | GH53: 1 | GI53: 4 | GJ53: 0 | GK53: =ROUND(R53*(R12)/100,2) -> 0 | GL53: =ROUND(IF(AND(BH53=3,BI53=3,FS53<>0),P53,0),2) -> 0 | GM53: =ROUND(O53+X53+Y53+GK53,2)+GX53 -> 49.37 | GN53: =IF(OR(BI53=0,BI53=1),ROUND(O53+X53+Y53+GK53,2),0) -> 49.37 | GO53: =IF(BI53=2,ROUND(O53+X53+Y53+GK53,2),0) -> 0 | GP53: =IF(BI53=4,ROUND(O53+X53+Y53+GK53,2)+GX53,0) -> 0 | GR53: 0 | GS53: 3 | GT53: 0 | GV53: =ROUND(GT53,2) -> 0 | GW53: 1 | GX53: =ROUND(GV53*GW53*I53,2) -> 0 | HA53: 0 | HB53: 0 | IK53: 0
A54: 18 | B54: 1 | C54: 57 | E54: 10,10 | F54: 11.3.03.14 | G54: Соединитель для пластикового плинтуса | H54: шт. | I54: =I44*J54 -> 68 | J54: 39.887377 | O54: =ROUND(CP54,2) -> 0 | P54: =ROUND(CQ54*I54,2) -> 0 | Q54: =ROUND(CR54*I54,2) -> 0 | R54: =ROUND(CS54*I54,2) -> 0 | S54: =ROUND(CT54*I54,2) -> 0 | T54: =ROUND(CU54*I54,2) -> 0 | U54: =CV54*I54 -> 0 | V54: =CW54*I54 -> 0 | W54: =ROUND(CX54*I54,2) -> 0 | X54: =ROUND(CY54,2) -> 0 | Y54: =ROUND(CZ54,2) -> 0 | AA54: 39099382 | AB54: =ROUND((AC54+AD54+AF54),2) -> 0 | AC54: =ROUND((ES54),2) -> 0 | AD54: =ROUND((((ET54)-(EU54))+AE54),2) -> 0 | AE54: =ROUND((EU54),2) -> 0 | AF54: =ROUND((EV54),2) -> 0 | AG54: =ROUND((AP54),2) -> 0 | AH54: =(EW54) -> 0 | AI54: =(EX54) -> 0 | AJ54: =ROUND((AS54),2) -> 0 | AK54: 0 | AL54: 0 | AM54: 0 | AN54: 0 | AO54: 0 | AP54: 0 | AQ54: 0 | AR54: 0 | AS54: 0 | AT54: 111 | AU54: 64 | AV54: 1 | AW54: 1 | AZ54: 6.53 | BA54: 1 | BB54: 1 | BC54: 6.53 | BH54: 3 | BI54: 1 | BM54: 11001 | BN54: 0 | BP54: 0 | BQ54: 2 | BR54: 0 | BS54: 1 | BT54: 1 | BU54: 1 | BV54: 1 | BW54: 1 | BX54: 1 | BZ54: 123 | CA54: 75 | CF54: 0 | CG54: 0 | CM54: 0 | CO54: 0 | CP54: =(P54+Q54+S54) -> 0 | CQ54: =AC54*BC54 -> 0 | CR54: =AD54*BB54 -> 0 | CS54: =AE54*BS54 -> 0 | CT54: =AF54*BA54 -> 0 | CU54: =AG54 -> 0 | CV54: =AH54 -> 0 | CW54: =AI54 -> 0 | CX54: =AJ54 -> 0 | CY54: =(((S54+R54)*AT54)/100) -> 0 | CZ54: =(((S54+R54)*AU54)/100) -> 0 | DN54: 0 | DO54: 0 | DP54: 1 | DQ54: 1 | DU54: 1010 | DV54: шт. | DW54: шт. | DX54: 1 | EE54: 39174504 | EF54: 2 | EG54: Общестроительные работы | EH54: 0 | EJ54: 1 | EK54: 11001 | EL54: Полы | EM54: ФЕР-11 | EQ54: 0 | ER54: 0 | ES54: 0 | ET54: 0 | EU54: 0 | EV54: 0 | EW54: 0 | EX54: 0 | FQ54: 0 | FR54: =ROUND(IF(AND(BH54=3,BI54=3),P54,0),2) -> 0 | FS54: 0 | FT54: *0,9 | FU54: *0,85 | FX54: 110.7 | FY54: 63.75 | GD54: 0 | GF54: 2133044040 | GG54: 1 | GH54: 1 | GI54: 4 | GJ54: 0 | GK54: =ROUND(R54*(R12)/100,2) -> 0 | GL54: =ROUND(IF(AND(BH54=3,BI54=3,FS54<>0),P54,0),2) -> 0 | GM54: =ROUND(O54+X54+Y54+GK54,2)+GX54 -> 0 | GN54: =IF(OR(BI54=0,BI54=1),ROUND(O54+X54+Y54+GK54,2),0) -> 0 | GO54: =IF(BI54=2,ROUND(O54+X54+Y54+GK54,2),0) -> 0 | GP54: =IF(BI54=4,ROUND(O54+X54+Y54+GK54,2)+GX54,0) -> 0 | GR54: 0 | GS54: 3 | GT54: 0 | GV54: =ROUND(GT54,2) -> 0 | GW54: 1 | GX54: =ROUND(GV54*GW54*I54,2) -> 0 | HA54: 0 | HB54: 0 | IK54: 0
A55: 18 | B55: 1 | C55: 58 | E55: 10,11 | F55: 11.3.03.14 | G55: Заглушка торцевая для пластикового плинтуса левая | H55: шт. | I55: =I44*J55 -> 14 | J55: 8.212107 | O55: =ROUND(CP55,2) -> 0 | P55: =ROUND(CQ55*I55,2) -> 0 | Q55: =ROUND(CR55*I55,2) -> 0 | R55: =ROUND(CS55*I55,2) -> 0 | S55: =ROUND(CT55*I55,2) -> 0 | T55: =ROUND(CU55*I55,2) -> 0 | U55: =CV55*I55 -> 0 | V55: =CW55*I55 -> 0 | W55: =ROUND(CX55*I55,2) -> 0 | X55: =ROUND(CY55,2) -> 0 | Y55: =ROUND(CZ55,2) -> 0 | AA55: 39099382 | AB55: =ROUND((AC55+AD55+AF55),2) -> 0 | AC55: =ROUND((ES55),2) -> 0 | AD55: =ROUND((((ET55)-(EU55))+AE55),2) -> 0 | AE55: =ROUND((EU55),2) -> 0 | AF55: =ROUND((EV55),2) -> 0 | AG55: =ROUND((AP55),2) -> 0 | AH55: =(EW55) -> 0 | AI55: =(EX55) -> 0 | AJ55: =ROUND((AS55),2) -> 0 | AK55: 0 | AL55: 0 | AM55: 0 | AN55: 0 | AO55: 0 | AP55: 0 | AQ55: 0 | AR55: 0 | AS55: 0 | AT55: 111 | AU55: 64 | AV55: 1 | AW55: 1 | AZ55: 6.53 | BA55: 1 | BB55: 1 | BC55: 6.53 | BH55: 3 | BI55: 1 | BM55: 11001 | BN55: 0 | BP55: 0 | BQ55: 2 | BR55: 0 | BS55: 1 | BT55: 1 | BU55: 1 | BV55: 1 | BW55: 1 | BX55: 1 | BZ55: 123 | CA55: 75 | CF55: 0 | CG55: 0 | CM55: 0 | CO55: 0 | CP55: =(P55+Q55+S55) -> 0 | CQ55: =AC55*BC55 -> 0 | CR55: =AD55*BB55 -> 0 | CS55: =AE55*BS55 -> 0 | CT55: =AF55*BA55 -> 0 | CU55: =AG55 -> 0 | CV55: =AH55 -> 0 | CW55: =AI55 -> 0 | CX55: =AJ55 -> 0 | CY55: =(((S55+R55)*AT55)/100) -> 0 | CZ55: =(((S55+R55)*AU55)/100) -> 0 | DN55: 0 | DO55: 0 | DP55: 1 | DQ55: 1 | DU55: 1010 | DV55: шт. | DW55: шт. | DX55: 1 | EE55: 39174504 | EF55: 2 | EG55: Общестроительные работы | EH55: 0 | EJ55: 1 | EK55: 11001 | EL55: Полы | EM55: ФЕР-11 | EQ55: 0 | ER55: 0 | ES55: 0 | ET55: 0 | EU55: 0 | EV55: 0 | EW55: 0 | EX55: 0 | FQ55: 0 | FR55: =ROUND(IF(AND(BH55=3,BI55=3),P55,0),2) -> 0 | FS55: 0 | FT55: *0,9 | FU55: *0,85 | FX55: 110.7 | FY55: 63.75 | GD55: 0 | GF55: 1953413105 | GG55: 1 | GH55: 1 | GI55: 4 | GJ55: 0 | GK55: =ROUND(R55*(R12)/100,2) -> 0 | GL55: =ROUND(IF(AND(BH55=3,BI55=3,FS55<>0),P55,0),2) -> 0 | GM55: =ROUND(O55+X55+Y55+GK55,2)+GX55 -> 0 | GN55: =IF(OR(BI55=0,BI55=1),ROUND(O55+X55+Y55+GK55,2),0) -> 0 | GO55: =IF(BI55=2,ROUND(O55+X55+Y55+GK55,2),0) -> 0 | GP55: =IF(BI55=4,ROUND(O55+X55+Y55+GK55,2)+GX55,0) -> 0 | GR55: 0 | GS55: 3 | GT55: 0 | GV55: =ROUND(GT55,2) -> 0 | GW55: 1 | GX55: =ROUND(GV55*GW55*I55,2) -> 0 | HA55: 0 | HB55: 0 | IK55: 0
A56: 18 | B56: 1 | C56: 59 | E56: 10,12 | F56: 11.3.03.14 | G56: Заглушка торцевая для пластикового плинтуса правая | H56: шт. | I56: =I44*J56 -> 14 | J56: 8.212107 | O56: =ROUND(CP56,2) -> 0 | P56: =ROUND(CQ56*I56,2) -> 0 | Q56: =ROUND(CR56*I56,2) -> 0 | R56: =ROUND(CS56*I56,2) -> 0 | S56: =ROUND(CT56*I56,2) -> 0 | T56: =ROUND(CU56*I56,2) -> 0 | U56: =CV56*I56 -> 0 | V56: =CW56*I56 -> 0 | W56: =ROUND(CX56*I56,2) -> 0 | X56: =ROUND(CY56,2) -> 0 | Y56: =ROUND(CZ56,2) -> 0 | AA56: 39099382 | AB56: =ROUND((AC56+AD56+AF56),2) -> 0 | AC56: =ROUND((ES56),2) -> 0 | AD56: =ROUND((((ET56)-(EU56))+AE56),2) -> 0 | AE56: =ROUND((EU56),2) -> 0 | AF56: =ROUND((EV56),2) -> 0 | AG56: =ROUND((AP56),2) -> 0 | AH56: =(EW56) -> 0 | AI56: =(EX56) -> 0 | AJ56: =ROUND((AS56),2) -> 0 | AK56: 0 | AL56: 0 | AM56: 0 | AN56: 0 | AO56: 0 | AP56: 0 | AQ56: 0 | AR56: 0 | AS56: 0 | AT56: 111 | AU56: 64 | AV56: 1 | AW56: 1 | AZ56: 6.53 | BA56: 1 | BB56: 1 | BC56: 6.53 | BH56: 3 | BI56: 1 | BM56: 11001 | BN56: 0 | BP56: 0 | BQ56: 2 | BR56: 0 | BS56: 1 | BT56: 1 | BU56: 1 | BV56: 1 | BW56: 1 | BX56: 1 | BZ56: 123 | CA56: 75 | CF56: 0 | CG56: 0 | CM56: 0 | CO56: 0 | CP56: =(P56+Q56+S56) -> 0 | CQ56: =AC56*BC56 -> 0 | CR56: =AD56*BB56 -> 0 | CS56: =AE56*BS56 -> 0 | CT56: =AF56*BA56 -> 0 | CU56: =AG56 -> 0 | CV56: =AH56 -> 0 | CW56: =AI56 -> 0 | CX56: =AJ56 -> 0 | CY56: =(((S56+R56)*AT56)/100) -> 0 | CZ56: =(((S56+R56)*AU56)/100) -> 0 | DN56: 0 | DO56: 0 | DP56: 1 | DQ56: 1 | DU56: 1010 | DV56: шт. | DW56: шт. | DX56: 1 | EE56: 39174504 | EF56: 2 | EG56: Общестроительные работы | EH56: 0 | EJ56: 1 | EK56: 11001 | EL56: Полы | EM56: ФЕР-11 | EQ56: 0 | ER56: 0 | ES56: 0 | ET56: 0 | EU56: 0 | EV56: 0 | EW56: 0 | EX56: 0 | FQ56: 0 | FR56: =ROUND(IF(AND(BH56=3,BI56=3),P56,0),2) -> 0 | FS56: 0 | FT56: *0,9 | FU56: *0,85 | FX56: 110.7 | FY56: 63.75 | GD56: 0 | GF56: -333106949 | GG56: 1 | GH56: 1 | GI56: 4 | GJ56: 0 | GK56: =ROUND(R56*(R12)/100,2) -> 0 | GL56: =ROUND(IF(AND(BH56=3,BI56=3,FS56<>0),P56,0),2) -> 0 | GM56: =ROUND(O56+X56+Y56+GK56,2)+GX56 -> 0 | GN56: =IF(OR(BI56=0,BI56=1),ROUND(O56+X56+Y56+GK56,2),0) -> 0 | GO56: =IF(BI56=2,ROUND(O56+X56+Y56+GK56,2),0) -> 0 | GP56: =IF(BI56=4,ROUND(O56+X56+Y56+GK56,2)+GX56,0) -> 0 | GR56: 0 | GS56: 3 | GT56: 0 | GV56: =ROUND(GT56,2) -> 0 | GW56: 1 | GX56: =ROUND(GV56*GW56*I56,2) -> 0 | HA56: 0 | HB56: 0 | IK56: 0
A57: 17 | B57: 1 | C57: =ROW(SmtRes!A70) -> 70 | D57: =ROW(EtalonRes!A64) -> 64 | E57: 11 | F57: 11-01-049-01 | G57: Укладка металлического накладного профиля (порога) | H57: 100 м | I57: =ROUND(7.2/100,9) -> 0.072 | J57: 0 | O57: =ROUND(CP57,2) -> 106.18 | P57: =ROUND(CQ57*I57,2) -> 37.8 | Q57: =ROUND(CR57*I57,2) -> 0 | R57: =ROUND(CS57*I57,2) -> 0 | S57: =ROUND(CT57*I57,2) -> 68.38 | T57: =ROUND(CU57*I57,2) -> 0 | U57: =CV57*I57 -> 1.19808 | V57: =CW57*I57 -> 0 | W57: =ROUND(CX57*I57,2) -> 0 | X57: =ROUND(CY57,2) -> 75.9 | Y57: =ROUND(CZ57,2) -> 43.76 | AA57: 39099382 | AB57: =ROUND((AC57+AD57+AF57),2) -> 225.83 | AC57: =ROUND((ES57),2) -> 80.4 | AD57: =ROUND((((ET57)-(EU57))+AE57),2) -> 0 | AE57: =ROUND((EU57),2) -> 0 | AF57: =ROUND((EV57),2) -> 145.43 | AG57: =ROUND((AP57),2) -> 0 | AH57: =(EW57) -> 16.64 | AI57: =(EX57) -> 0 | AJ57: =ROUND((AS57),2) -> 0 | AK57: 225.83 | AL57: 80.4 | AM57: 0 | AN57: 0 | AO57: 145.43 | AP57: 0 | AQ57: 16.64 | AR57: 0 | AS57: 0 | AT57: 111 | AU57: 64 | AV57: 1 | AW57: 1 | AZ57: 6.53 | BA57: 6.53 | BB57: 6.53 | BC57: 6.53 | BH57: 0 | BI57: 1 | BJ57: ФЕР-2001, 11-01-049-01, приказ Минстроя России №1039/пр от 30.12.2016г. | BM57: 11001 | BN57: 0 | BP57: 0 | BQ57: 2 | BR57: 0 | BS57: 6.53 | BT57: 1 | BU57: 1 | BV57: 1 | BW57: 1 | BX57: 1 | BZ57: 123 | CA57: 75 | CF57: 0 | CG57: 0 | CM57: 0 | CO57: 0 | CP57: =(P57+Q57+S57) -> 106.18 | CQ57: =AC57*BC57 -> 525.012 | CR57: =AD57*BB57 -> 0 | CS57: =AE57*BS57 -> 0 | CT57: =AF57*BA57 -> 949.6579 | CU57: =AG57 -> 0 | CV57: =AH57 -> 16.64 | CW57: =AI57 -> 0 | CX57: =AJ57 -> 0 | CY57: =(((S57+R57)*AT57)/100) -> 75.9018 | CZ57: =(((S57+R57)*AU57)/100) -> 43.7632 | DN57: 0 | DO57: 0 | DP57: 1 | DQ57: 1 | DU57: 1003 | DV57: 100 м | DW57: 100 м | DX57: 100 | EE57: 39174504 | EF57: 2 | EG57: Общестроительные работы | EH57: 0 | EJ57: 1 | EK57: 11001 | EL57: Полы | EM57: ФЕР-11 | EQ57: 0 | ER57: 225.83 | ES57: 80.4 | ET57: 0 | EU57: 0 | EV57: 145.43 | EW57: 16.64 | EX57: 0 | EY57: 0 | FQ57: 0 | FR57: =ROUND(IF(AND(BH57=3,BI57=3),P57,0),2) -> 0 | FS57: 0 | FT57: *0,9 | FU57: *0,85 | FX57: 110.7 | FY57: 63.75 | GD57: 0 | GF57: 30217037 | GG57: 1 | GH57: 1 | GI57: 4 | GJ57: 0 | GK57: =ROUND(R57*(R12)/100,2) -> 0 | GL57: =ROUND(IF(AND(BH57=3,BI57=3,FS57<>0),P57,0),2) -> 0 | GM57: =ROUND(O57+X57+Y57+GK57,2)+GX57 -> 225.84 | GN57: =IF(OR(BI57=0,BI57=1),ROUND(O57+X57+Y57+GK57,2),0) -> 225.84 | GO57: =IF(BI57=2,ROUND(O57+X57+Y57+GK57,2),0) -> 0 | GP57: =IF(BI57=4,ROUND(O57+X57+Y57+GK57,2)+GX57,0) -> 0 | GR57: 0 | GS57: 0 | GT57: 0 | GV57: =ROUND(GT57,2) -> 0 | GW57: 1 | GX57: =ROUND(GV57*GW57*I57,2) -> 0 | HA57: 0 | HB57: 0 | IK57: 0
A58: 18 | B58: 1 | C58: 70 | E58: 11,1 | F58: 09.2.03.02-0002 | G58: Профили стыкоперекрывающие из алюминиевых сплавов (порожки) с покрытием и антискользящей вставкой, шириной 39 мм, длиной до 1,8 м | H58: шт. | I58: =I57*J58 -> 1 | J58: 13.888889 | O58: =ROUND(CP58,2) -> 204.26 | P58: =ROUND(CQ58*I58,2) -> 204.26 | Q58: =ROUND(CR58*I58,2) -> 0 | R58: =ROUND(CS58*I58,2) -> 0 | S58: =ROUND(CT58*I58,2) -> 0 | T58: =ROUND(CU58*I58,2) -> 0 | U58: =CV58*I58 -> 0 | V58: =CW58*I58 -> 0 | W58: =ROUND(CX58*I58,2) -> 0 | X58: =ROUND(CY58,2) -> 0 | Y58: =ROUND(CZ58,2) -> 0 | AA58: 39099382 | AB58: =ROUND((AC58+AD58+AF58),2) -> 31.28 | AC58: =ROUND((ES58),2) -> 31.28 | AD58: =ROUND((((ET58)-(EU58))+AE58),2) -> 0 | AE58: =ROUND((EU58),2) -> 0 | AF58: =ROUND((EV58),2) -> 0 | AG58: =ROUND((AP58),2) -> 0 | AH58: =(EW58) -> 0 | AI58: =(EX58) -> 0 | AJ58: =ROUND((AS58),2) -> 0 | AK58: 31.28 | AL58: 31.28 | AM58: 0 | AN58: 0 | AO58: 0 | AP58: 0 | AQ58: 0 | AR58: 0 | AS58: 0 | AT58: 111 | AU58: 64 | AV58: 1 | AW58: 1 | AZ58: 6.53 | BA58: 1 | BB58: 1 | BC58: 6.53 | BH58: 3 | BI58: 1 | BJ58: ФССЦ-2001, 09.2.03.02-0002, приказ Минстроя России №1039/пр от 30.12.2016г. | BM58: 11001 | BN58: 0 | BP58: 0 | BQ58: 2 | BR58: 0 | BS58: 1 | BT58: 1 | BU58: 1 | BV58: 1 | BW58: 1 | BX58: 1 | BZ58: 123 | CA58: 75 | CF58: 0 | CG58: 0 | CM58: 0 | CO58: 0 | CP58: =(P58+Q58+S58) -> 204.26 | CQ58: =AC58*BC58 -> 204.2584 | CR58: =AD58*BB58 -> 0 | CS58: =AE58*BS58 -> 0 | CT58: =AF58*BA58 -> 0 | CU58: =AG58 -> 0 | CV58: =AH58 -> 0 | CW58: =AI58 -> 0 | CX58: =AJ58 -> 0 | CY58: =(((S58+R58)*AT58)/100) -> 0 | CZ58: =(((S58+R58)*AU58)/100) -> 0 | DN58: 0 | DO58: 0 | DP58: 1 | DQ58: 1 | DU58: 1010 | DV58: шт. | DW58: шт. | DX58: 1 | EE58: 39174504 | EF58: 2 | EG58: Общестроительные работы | EH58: 0 | EJ58: 1 | EK58: 11001 | EL58: Полы | EM58: ФЕР-11 | EQ58: 0 | ER58: 31.28 | ES58: 31.28 | ET58: 0 | EU58: 0 | EV58: 0 | EW58: 0 | EX58: 0 | FQ58: 0 | FR58: =ROUND(IF(AND(BH58=3,BI58=3),P58,0),2) -> 0 | FS58: 0 | FT58: *0,9 | FU58: *0,85 | FX58: 110.7 | FY58: 63.75 | GD58: 0 | GF58: 577992781 | GG58: 1 | GH58: 1 | GI58: 4 | GJ58: 0 | GK58: =ROUND(R58*(R12)/100,2) -> 0 | GL58: =ROUND(IF(AND(BH58=3,BI58=3,FS58<>0),P58,0),2) -> 0 | GM58: =ROUND(O58+X58+Y58+GK58,2)+GX58 -> 204.26 | GN58: =IF(OR(BI58=0,BI58=1),ROUND(O58+X58+Y58+GK58,2),0) -> 204.26 | GO58: =IF(BI58=2,ROUND(O58+X58+Y58+GK58,2),0) -> 0 | GP58: =IF(BI58=4,ROUND(O58+X58+Y58+GK58,2)+GX58,0) -> 0 | GR58: 0 | GS58: 0 | GT58: 0 | GV58: =ROUND(GT58,2) -> 0 | GW58: 1 | GX58: =ROUND(GV58*GW58*I58,2) -> 0 | HA58: 0 | HB58: 0 | IK58: 0
A59: 18 | B59: 1 | C59: 69 | E59: 11,2 | F59: 09.2.03.02-0001 | G59: Профили стыкоперекрывающие из алюминиевых сплавов (порожки) с покрытием и антискользящей вставкой, шириной 39 мм, длиной 0,9 м | H59: шт. | I59: =I57*J59 -> 6 | J59: 83.333333 | O59: =ROUND(CP59,2) -> 590.44 | P59: =ROUND(CQ59*I59,2) -> 590.44 | Q59: =ROUND(CR59*I59,2) -> 0 | R59: =ROUND(CS59*I59,2) -> 0 | S59: =ROUND(CT59*I59,2) -> 0 | T59: =ROUND(CU59*I59,2) -> 0 | U59: =CV59*I59 -> 0 | V59: =CW59*I59 -> 0 | W59: =ROUND(CX59*I59,2) -> 0 | X59: =ROUND(CY59,2) -> 0 | Y59: =ROUND(CZ59,2) -> 0 | AA59: 39099382 | AB59: =ROUND((AC59+AD59+AF59),2) -> 15.07 | AC59: =ROUND((ES59),2) -> 15.07 | AD59: =ROUND((((ET59)-(EU59))+AE59),2) -> 0 | AE59: =ROUND((EU59),2) -> 0 | AF59: =ROUND((EV59),2) -> 0 | AG59: =ROUND((AP59),2) -> 0 | AH59: =(EW59) -> 0 | AI59: =(EX59) -> 0 | AJ59: =ROUND((AS59),2) -> 0 | AK59: 15.07 | AL59: 15.07 | AM59: 0 | AN59: 0 | AO59: 0 | AP59: 0 | AQ59: 0 | AR59: 0 | AS59: 0 | AT59: 111 | AU59: 64 | AV59: 1 | AW59: 1 | AZ59: 6.53 | BA59: 1 | BB59: 1 | BC59: 6.53 | BH59: 3 | BI59: 1 | BJ59: ФССЦ-2001, 09.2.03.02-0001, приказ Минстроя России №1039/пр от 30.12.2016г. | BM59: 11001 | BN59: 0 | BP59: 0 | BQ59: 2 | BR59: 0 | BS59: 1 | BT59: 1 | BU59: 1 | BV59: 1 | BW59: 1 | BX59: 1 | BZ59: 123 | CA59: 75 | CF59: 0 | CG59: 0 | CM59: 0 | CO59: 0 | CP59: =(P59+Q59+S59) -> 590.44 | CQ59: =AC59*BC59 -> 98.4071 | CR59: =AD59*BB59 -> 0 | CS59: =AE59*BS59 -> 0 | CT59: =AF59*BA59 -> 0 | CU59: =AG59 -> 0 | CV59: =AH59 -> 0 | CW59: =AI59 -> 0 | CX59: =AJ59 -> 0 | CY59: =(((S59+R59)*AT59)/100) -> 0 | CZ59: =(((S59+R59)*AU59)/100) -> 0 | DN59: 0 | DO59: 0 | DP59: 1 | DQ59: 1 | DU59: 1010 | DV59: шт. | DW59: шт. | DX59: 1 | EE59: 39174504 | EF59: 2 | EG59: Общестроительные работы | EH59: 0 | EJ59: 1 | EK59: 11001 | EL59: Полы | EM59: ФЕР-11 | EQ59: 0 | ER59: 15.07 | ES59: 15.07 | ET59: 0 | EU59: 0 | EV59: 0 | EW59: 0 | EX59: 0 | FQ59: 0 | FR59: =ROUND(IF(AND(BH59=3,BI59=3),P59,0),2) -> 0 | FS59: 0 | FT59: *0,9 | FU59: *0,85 | FX59: 110.7 | FY59: 63.75 | GD59: 0 | GF59: -1858633972 | GG59: 1 | GH59: 1 | GI59: 4 | GJ59: 0 | GK59: =ROUND(R59*(R12)/100,2) -> 0 | GL59: =ROUND(IF(AND(BH59=3,BI59=3,FS59<>0),P59,0),2) -> 0 | GM59: =ROUND(O59+X59+Y59+GK59,2)+GX59 -> 590.44 | GN59: =IF(OR(BI59=0,BI59=1),ROUND(O59+X59+Y59+GK59,2),0) -> 590.44 | GO59: =IF(BI59=2,ROUND(O59+X59+Y59+GK59,2),0) -> 0 | GP59: =IF(BI59=4,ROUND(O59+X59+Y59+GK59,2)+GX59,0) -> 0 | GR59: 0 | GS59: 0 | GT59: 0 | GV59: =ROUND(GT59,2) -> 0 | GW59: 1 | GX59: =ROUND(GV59*GW59*I59,2) -> 0 | HA59: 0 | HB59: 0 | IK59: 0
A60: 18 | B60: 1 | C60: 68 | E60: 11,3 | F60: 09.2.03.02 | G60: Профили стыкоперекрывающие из алюминиевых сплавов (порожки) с покрытием | H60: м | I60: =I57*J60 -> 7.56 | J60: 105 | O60: =ROUND(CP60,2) -> 0 | P60: =ROUND(CQ60*I60,2) -> 0 | Q60: =ROUND(CR60*I60,2) -> 0 | R60: =ROUND(CS60*I60,2) -> 0 | S60: =ROUND(CT60*I60,2) -> 0 | T60: =ROUND(CU60*I60,2) -> 0 | U60: =CV60*I60 -> 0 | V60: =CW60*I60 -> 0 | W60: =ROUND(CX60*I60,2) -> 0 | X60: =ROUND(CY60,2) -> 0 | Y60: =ROUND(CZ60,2) -> 0 | AA60: 39099382 | AB60: =ROUND((AC60+AD60+AF60),2) -> 0 | AC60: =ROUND((ES60),2) -> 0 | AD60: =ROUND((((ET60)-(EU60))+AE60),2) -> 0 | AE60: =ROUND((EU60),2) -> 0 | AF60: =ROUND((EV60),2) -> 0 | AG60: =ROUND((AP60),2) -> 0 | AH60: =(EW60) -> 0 | AI60: =(EX60) -> 0 | AJ60: =ROUND((AS60),2) -> 0 | AK60: 0 | AL60: 0 | AM60: 0 | AN60: 0 | AO60: 0 | AP60: 0 | AQ60: 0 | AR60: 0 | AS60: 0 | AT60: 111 | AU60: 64 | AV60: 1 | AW60: 1 | AZ60: 6.53 | BA60: 1 | BB60: 1 | BC60: 6.53 | BH60: 3 | BI60: 1 | BM60: 11001 | BN60: 0 | BP60: 0 | BQ60: 2 | BR60: 0 | BS60: 1 | BT60: 1 | BU60: 1 | BV60: 1 | BW60: 1 | BX60: 1 | BZ60: 123 | CA60: 75 | CF60: 0 | CG60: 0 | CM60: 0 | CO60: 0 | CP60: =(P60+Q60+S60) -> 0 | CQ60: =AC60*BC60 -> 0 | CR60: =AD60*BB60 -> 0 | CS60: =AE60*BS60 -> 0 | CT60: =AF60*BA60 -> 0 | CU60: =AG60 -> 0 | CV60: =AH60 -> 0 | CW60: =AI60 -> 0 | CX60: =AJ60 -> 0 | CY60: =(((S60+R60)*AT60)/100) -> 0 | CZ60: =(((S60+R60)*AU60)/100) -> 0 | DN60: 0 | DO60: 0 | DP60: 1 | DQ60: 1 | DU60: 1003 | DV60: м | DW60: м | DX60: 1 | EE60: 39174504 | EF60: 2 | EG60: Общестроительные работы | EH60: 0 | EJ60: 1 | EK60: 11001 | EL60: Полы | EM60: ФЕР-11 | EQ60: 0 | ER60: 0 | ES60: 0 | ET60: 0 | EU60: 0 | EV60: 0 | EW60: 0 | EX60: 0 | FQ60: 0 | FR60: =ROUND(IF(AND(BH60=3,BI60=3),P60,0),2) -> 0 | FS60: 0 | FT60: *0,9 | FU60: *0,85 | FX60: 110.7 | FY60: 63.75 | GD60: 0 | GF60: 2101938969 | GG60: 1 | GH60: 1 | GI60: 4 | GJ60: 0 | GK60: =ROUND(R60*(R12)/100,2) -> 0 | GL60: =ROUND(IF(AND(BH60=3,BI60=3,FS60<>0),P60,0),2) -> 0 | GM60: =ROUND(O60+X60+Y60+GK60,2)+GX60 -> 0 | GN60: =IF(OR(BI60=0,BI60=1),ROUND(O60+X60+Y60+GK60,2),0) -> 0 | GO60: =IF(BI60=2,ROUND(O60+X60+Y60+GK60,2),0) -> 0 | GP60: =IF(BI60=4,ROUND(O60+X60+Y60+GK60,2)+GX60,0) -> 0 | GR60: 0 | GS60: 3 | GT60: 0 | GV60: =ROUND(GT60,2) -> 0 | GW60: 1 | GX60: =ROUND(GV60*GW60*I60,2) -> 0 | HA60: 0 | HB60: 0 | IK60: 0
A61: 17 | B61: 1 | C61: =ROW(SmtRes!A78) -> 78 | D61: =ROW(EtalonRes!A72) -> 72 | E61: 12 | F61: 15-02-016-03 | G61: Штукатурка поверхностей внутри здания цементно-известковым или цементным раствором по камню и бетону улучшенная стен | H61: 100 м2 | I61: 1.5465 | J61: 0 | O61: =ROUND(CP61,2) -> 22091.5 | P61: =ROUND(CQ61*I61,2) -> 11415.51 | Q61: =ROUND(CR61*I61,2) -> 1305.05 | R61: =ROUND(CS61*I61,2) -> 756.19 | S61: =ROUND(CT61*I61,2) -> 9370.94 | T61: =ROUND(CU61*I61,2) -> 0 | U61: =CV61*I61 -> 152.66429 | V61: =CW61*I61 -> 12.159356 | W61: =ROUND(CX61*I61,2) -> 0 | X61: =ROUND(CY61,2) -> 9620.77 | Y61: =ROUND(CZ61,2) -> 4759.75 | AA61: 39099382 | AB61: =ROUND((AC61+AD61+AF61),2) -> 2187.57 | AC61: =ROUND((ES61),2) -> 1130.4 | AD61: =ROUND(((((ET61*1.25))-((EU61*1.25)))+AE61),2) -> 129.23 | AE61: =ROUND(((EU61*1.25)),2) -> 74.88 | AF61: =ROUND(((EV61*1.15)),2) -> 927.94 | AG61: =ROUND((AP61),2) -> 0 | AH61: =((EW61*1.15)) -> 98.716 | AI61: =((EX61*1.25)) -> 7.8625 | AJ61: =ROUND((AS61),2) -> 0 | AK61: 2040.68 | AL61: 1130.4 | AM61: 103.38 | AN61: 59.9 | AO61: 806.9 | AP61: 0 | AQ61: 85.84 | AR61: 6.29 | AS61: 0 | AT61: 95 | AU61: 47 | AV61: 1 | AW61: 1 | AZ61: 6.53 | BA61: 6.53 | BB61: 6.53 | BC61: 6.53 | BH61: 0 | BI61: 1 | BJ61: ФЕР-2001, 15-02-016-03, приказ Минстроя России №1039/пр от 30.12.2016г. | BM61: 15001 | BN61: 0 | BP61: 0 | BQ61: 2 | BR61: 0 | BS61: 6.53 | BT61: 1 | BU61: 1 | BV61: 1 | BW61: 1 | BX61: 1 | BZ61: 105 | CA61: 55 | CF61: 0 | CG61: 0 | CM61: 0 | CN61: Поправка: МДС 81-35.2004, п.4.7 Наименование: Работы, выполняемые при реконструкции зданий и сооружений работы, аналогичные технологическим процессам в новом строительстве (в том числе возведение новых конструктивных элементов) стоимость которых определена по соответствующим сборникам ФЕР, кроме сборника № 46 «Работы при реконструкции зданий и сооружений» | CO61: 0 | CP61: =(P61+Q61+S61) -> 22091.5 | CQ61: =AC61*BC61 -> 7381.512 | CR61: =AD61*BB61 -> 843.8719 | CS61: =AE61*BS61 -> 488.9664 | CT61: =AF61*BA61 -> 6059.4482 | CU61: =AG61 -> 0 | CV61: =AH61 -> 98.716 | CW61: =AI61 -> 7.8625 | CX61: =AJ61 -> 0 | CY61: =(((S61+R61)*AT61)/100) -> 9620.7735 | CZ61: =(((S61+R61)*AU61)/100) -> 4759.7511 | DE61: )*1,25 | DF61: )*1,25 | DG61: )*1,15 | DI61: )*1,15 | DJ61: )*1,25 | DN61: 0 | DO61: 0 | DP61: 1 | DQ61: 1 | DU61: 1005 | DV61: 100 м2 | DW61: 100 м2 | DX61: 100 | EE61: 39174529 | EF61: 2 | EG61: Общестроительные работы | EH61: 0 | EJ61: 1 | EK61: 15001 | EL61: Отделочные работы | EM61: ФЕР-15 | EO61: Поправка: МДС 81-35.2004, п.4.7 | EQ61: 0 | ER61: 2040.68 | ES61: 1130.4 | ET61: 103.38 | EU61: 59.9 | EV61: 806.9 | EW61: 85.84 | EX61: 6.29 | EY61: 0 | FQ61: 0 | FR61: =ROUND(IF(AND(BH61=3,BI61=3),P61,0),2) -> 0 | FS61: 0 | FT61: *0,9 | FU61: *0,85 | FX61: 94.5 | FY61: 46.75 | GD61: 0 | GF61: 2119154356 | GG61: 1 | GH61: 1 | GI61: 4 | GJ61: 0 | GK61: =ROUND(R61*(R12)/100,2) -> 0 | GL61: =ROUND(IF(AND(BH61=3,BI61=3,FS61<>0),P61,0),2) -> 0 | GM61: =ROUND(O61+X61+Y61+GK61,2)+GX61 -> 36472.02 | GN61: =IF(OR(BI61=0,BI61=1),ROUND(O61+X61+Y61+GK61,2),0) -> 36472.02 | GO61: =IF(BI61=2,ROUND(O61+X61+Y61+GK61,2),0) -> 0 | GP61: =IF(BI61=4,ROUND(O61+X61+Y61+GK61,2)+GX61,0) -> 0 | GR61: 0 | GS61: 3 | GT61: 0 | GV61: =ROUND(GT61,2) -> 0 | GW61: 1 | GX61: =ROUND(GV61*GW61*I61,2) -> 0 | HA61: 0 | HB61: 0 | IK61: 0
A62: 17 | B62: 1 | C62: =ROW(SmtRes!A83) -> 83 | D62: =ROW(EtalonRes!A77) -> 77 | E62: 13 | F62: 15-01-047-15 | G62: Устройство подвесных потолков типа <Армстронг> по каркасу из оцинкованного профиля | H62: 100 м2 | I62: 2.793 | J62: 0 | O62: =ROUND(CP62,2) -> 120796.39 | P62: =ROUND(CQ62*I62,2) -> 97308.57 | Q62: =ROUND(CR62*I62,2) -> 5922.16 | R62: =ROUND(CS62*I62,2) -> 1156.13 | S62: =ROUND(CT62*I62,2) -> 17565.66 | T62: =ROUND(CU62*I62,2) -> 0 | U62: =CV62*I62 -> 286.17078 | V62: =CW62*I62 -> 14.91462 | W62: =ROUND(CX62*I62,2) -> 0 | X62: =ROUND(CY62,2) -> 17785.7 | Y62: =ROUND(CZ62,2) -> 8799.24 | AA62: 39099382 | AB62: =ROUND((AC62+AD62+AF62),2) -> 6623.23 | AC62: =ROUND((ES62),2) -> 5335.4 | AD62: =ROUND((((ET62)-(EU62))+AE62),2) -> 324.71 | AE62: =ROUND((EU62),2) -> 63.39 | AF62: =ROUND((EV62),2) -> 963.12 | AG62: =ROUND((AP62),2) -> 0 | AH62: =(EW62) -> 102.46 | AI62: =(EX62) -> 5.34 | AJ62: =ROUND((AS62),2) -> 0 | AK62: 6623.23 | AL62: 5335.4 | AM62: 324.71 | AN62: 63.39 | AO62: 963.12 | AP62: 0 | AQ62: 102.46 | AR62: 5.34 | AS62: 0 | AT62: 95 | AU62: 47 | AV62: 1 | AW62: 1 | AZ62: 6.53 | BA62: 6.53 | BB62: 6.53 | BC62: 6.53 | BH62: 0 | BI62: 1 | BJ62: ФЕР-2001, 15-01-047-15, приказ Минстроя России №1039/пр от 30.12.2016г. | BM62: 15001 | BN62: 0 | BP62: 0 | BQ62: 2 | BR62: 0 | BS62: 6.53 | BT62: 1 | BU62: 1 | BV62: 1 | BW62: 1 | BX62: 1 | BZ62: 105 | CA62: 55 | CF62: 0 | CG62: 0 | CM62: 0 | CO62: 0 | CP62: =(P62+Q62+S62) -> 120796.39 | CQ62: =AC62*BC62 -> 34840.162 | CR62: =AD62*BB62 -> 2120.3563 | CS62: =AE62*BS62 -> 413.9367 | CT62: =AF62*BA62 -> 6289.1736 | CU62: =AG62 -> 0 | CV62: =AH62 -> 102.46 | CW62: =AI62 -> 5.34 | CX62: =AJ62 -> 0 | CY62: =(((S62+R62)*AT62)/100) -> 17785.7 | CZ62: =(((S62+R62)*AU62)/100) -> 8799.2413 | DN62: 0 | DO62: 0 | DP62: 1 | DQ62: 1 | DU62: 1005 | DV62: 100 м2 | DW62: 100 м2 | DX62: 100 | EE62: 39174529 | EF62: 2 | EG62: Общестроительные работы | EH62: 0 | EJ62: 1 | EK62: 15001 | EL62: Отделочные работы | EM62: ФЕР-15 | EQ62: 0 | ER62: 6623.23 | ES62: 5335.4 | ET62: 324.71 | EU62: 63.39 | EV62: 963.12 | EW62: 102.46 | EX62: 5.34 | EY62: 0 | FQ62: 0 | FR62: =ROUND(IF(AND(BH62=3,BI62=3),P62,0),2) -> 0 | FS62: 0 | FT62: *0,9 | FU62: *0,85 | FX62: 94.5 | FY62: 46.75 | GD62: 0 | GF62: -59192285 | GG62: 1 | GH62: 1 | GI62: 4 | GJ62: 0 | GK62: =ROUND(R62*(R12)/100,2) -> 0 | GL62: =ROUND(IF(AND(BH62=3,BI62=3,FS62<>0),P62,0),2) -> 0 | GM62: =ROUND(O62+X62+Y62+GK62,2)+GX62 -> 147381.33 | GN62: =IF(OR(BI62=0,BI62=1),ROUND(O62+X62+Y62+GK62,2),0) -> 147381.33 | GO62: =IF(BI62=2,ROUND(O62+X62+Y62+GK62,2),0) -> 0 | GP62: =IF(BI62=4,ROUND(O62+X62+Y62+GK62,2)+GX62,0) -> 0 | GR62: 0 | GS62: 0 | GT62: 0 | GV62: =ROUND(GT62,2) -> 0 | GW62: 1 | GX62: =ROUND(GV62*GW62*I62,2) -> 0 | HA62: 0 | HB62: 0 | IK62: 0
A63: 17 | B63: 1 | C63: =ROW(SmtRes!A89) -> 89 | D63: =ROW(EtalonRes!A82) -> 82 | E63: 14 | F63: 61-1-2 | G63: Сплошное выравнивание штукатурки стен цементно-известковым раствором при толщине намета до 10 мм | H63: 100 м2 | I63: 4.638 | J63: 0 | O63: =ROUND(CP63,2) -> 27921.71 | P63: =ROUND(CQ63*I63,2) -> 16652.23 | Q63: =ROUND(CR63*I63,2) -> 606.03 | R63: =ROUND(CS63*I63,2) -> 261.67 | S63: =ROUND(CT63*I63,2) -> 10663.45 | T63: =ROUND(CU63*I63,2) -> 0 | U63: =CV63*I63 -> 196.51206 | V63: =CW63*I63 -> 2.96832 | W63: =ROUND(CX63*I63,2) -> 0 | X63: =ROUND(CY63,2) -> 8630.84 | Y63: =ROUND(CZ63,2) -> 5462.56 | AA63: 39099382 | AB63: =ROUND((AC63+AD63+AF63),2) -> 921.93 | AC63: =ROUND((ES63),2) -> 549.83 | AD63: =ROUND((((ET63)-(EU63))+AE63),2) -> 20.01 | AE63: =ROUND((EU63),2) -> 8.64 | AF63: =ROUND((EV63),2) -> 352.09 | AG63: =ROUND((AP63),2) -> 0 | AH63: =(EW63) -> 42.37 | AI63: =(EX63) -> 0.64 | AJ63: =ROUND((AS63),2) -> 0 | AK63: 921.93 | AL63: 549.83 | AM63: 20.01 | AN63: 8.64 | AO63: 352.09 | AP63: 0 | AQ63: 42.37 | AR63: 0.64 | AS63: 0 | AT63: 79 | AU63: 50 | AV63: 1 | AW63: 1 | AZ63: 6.53 | BA63: 6.53 | BB63: 6.53 | BC63: 6.53 | BH63: 0 | BI63: 1 | BJ63: ФЕР-2001, 61-1-2, приказ Минстроя России №1039/пр от 30.12.2016г. | BM63: 61001 | BN63: 0 | BP63: 0 | BQ63: 6 | BR63: 0 | BS63: 6.53 | BT63: 1 | BU63: 1 | BV63: 1 | BW63: 1 | BX63: 1 | BZ63: 79 | CA63: 50 | CF63: 0 | CG63: 0 | CM63: 0 | CO63: 0 | CP63: =(P63+Q63+S63) -> 27921.71 | CQ63: =AC63*BC63 -> 3590.3899 | CR63: =AD63*BB63 -> 130.6653 | CS63: =AE63*BS63 -> 56.4192 | CT63: =AF63*BA63 -> 2299.1477 | CU63: =AG63 -> 0 | CV63: =AH63 -> 42.37 | CW63: =AI63 -> 0.64 | CX63: =AJ63 -> 0 | CY63: =(((S63+R63)*AT63)/100) -> 8630.8448 | CZ63: =(((S63+R63)*AU63)/100) -> 5462.56 | DN63: 0 | DO63: 0 | DP63: 1 | DQ63: 1 | DU63: 1005 | DV63: 100 м2 | DW63: 100 м2 | DX63: 100 | EE63: 39174586 | EF63: 6 | EG63: Ремонтно-строительные работы | EH63: 0 | EJ63: 1 | EK63: 61001 | EL63: Штукатрурные работы | EM63: рФЕР-61 | EQ63: 0 | ER63: 921.93 | ES63: 549.83 | ET63: 20.01 | EU63: 8.64 | EV63: 352.09 | EW63: 42.37 | EX63: 0.64 | EY63: 0 | FQ63: 0 | FR63: =ROUND(IF(AND(BH63=3,BI63=3),P63,0),2) -> 0 | FS63: 0 | FX63: 79 | FY63: 50 | GD63: 0 | GF63: 651283125 | GG63: 1 | GH63: 1 | GI63: 4 | GJ63: 0 | GK63: =ROUND(R63*(R12)/100,2) -> 0 | GL63: =ROUND(IF(AND(BH63=3,BI63=3,FS63<>0),P63,0),2) -> 0 | GM63: =ROUND(O63+X63+Y63+GK63,2)+GX63 -> 42015.11 | GN63: =IF(OR(BI63=0,BI63=1),ROUND(O63+X63+Y63+GK63,2),0) -> 42015.11 | GO63: =IF(BI63=2,ROUND(O63+X63+Y63+GK63,2),0) -> 0 | GP63: =IF(BI63=4,ROUND(O63+X63+Y63+GK63,2)+GX63,0) -> 0 | GR63: 0 | GS63: 0 | GT63: 0 | GV63: =ROUND(GT63,2) -> 0 | GW63: 1 | GX63: =ROUND(GV63*GW63*I63,2) -> 0 | HA63: 0 | HB63: 0 | IK63: 0
A64: 18 | B64: 1 | C64: 88 | E64: 14,1 | F64: 04.3.01.12-0111 | G64: Раствор готовый отделочный тяжелый, цементно-известковый 1:1:6 | H64: м3 | I64: =I63*J64 -> -4.91628 | J64: -1.06 | O64: =ROUND(CP64,2) -> -16626.62 | P64: =ROUND(CQ64*I64,2) -> -16626.62 | Q64: =ROUND(CR64*I64,2) -> 0 | R64: =ROUND(CS64*I64,2) -> 0 | S64: =ROUND(CT64*I64,2) -> 0 | T64: =ROUND(CU64*I64,2) -> 0 | U64: =CV64*I64 -> 0 | V64: =CW64*I64 -> 0 | W64: =ROUND(CX64*I64,2) -> 0 | X64: =ROUND(CY64,2) -> 0 | Y64: =ROUND(CZ64,2) -> 0 | AA64: 39099382 | AB64: =ROUND((AC64+AD64+AF64),2) -> 517.91 | AC64: =ROUND((ES64),2) -> 517.91 | AD64: =ROUND((((ET64)-(EU64))+AE64),2) -> 0 | AE64: =ROUND((EU64),2) -> 0 | AF64: =ROUND((EV64),2) -> 0 | AG64: =ROUND((AP64),2) -> 0 | AH64: =(EW64) -> 0 | AI64: =(EX64) -> 0 | AJ64: =ROUND((AS64),2) -> 0 | AK64: 517.91 | AL64: 517.91 | AM64: 0 | AN64: 0 | AO64: 0 | AP64: 0 | AQ64: 0 | AR64: 0 | AS64: 0 | AT64: 79 | AU64: 50 | AV64: 1 | AW64: 1 | AZ64: 6.53 | BA64: 1 | BB64: 1 | BC64: 6.53 | BH64: 3 | BI64: 1 | BJ64: ФССЦ-2001, 04.3.01.12-0111, приказ Минстроя России №1039/пр от 30.12.2016г. | BM64: 61001 | BN64: 0 | BP64: 0 | BQ64: 6 | BR64: 1 | BS64: 1 | BT64: 1 | BU64: 1 | BV64: 1 | BW64: 1 | BX64: 1 | BZ64: 79 | CA64: 50 | CF64: 0 | CG64: 0 | CM64: 0 | CO64: 0 | CP64: =(P64+Q64+S64) -> -16626.62 | CQ64: =AC64*BC64 -> 3381.9523 | CR64: =AD64*BB64 -> 0 | CS64: =AE64*BS64 -> 0 | CT64: =AF64*BA64 -> 0 | CU64: =AG64 -> 0 | CV64: =AH64 -> 0 | CW64: =AI64 -> 0 | CX64: =AJ64 -> 0 | CY64: =(((S64+R64)*AT64)/100) -> 0 | CZ64: =(((S64+R64)*AU64)/100) -> 0 | DN64: 0 | DO64: 0 | DP64: 1 | DQ64: 1 | DU64: 1007 | DV64: м3 | DW64: м3 | DX64: 1 | EE64: 39174586 | EF64: 6 | EG64: Ремонтно-строительные работы | EH64: 0 | EJ64: 1 | EK64: 61001 | EL64: Штукатрурные работы | EM64: рФЕР-61 | EQ64: 32768 | ER64: 517.91 | ES64: 517.91 | ET64: 0 | EU64: 0 | EV64: 0 | EW64: 0 | EX64: 0 | FQ64: 0 | FR64: =ROUND(IF(AND(BH64=3,BI64=3),P64,0),2) -> 0 | FS64: 0 | FX64: 79 | FY64: 50 | GD64: 0 | GF64: -1001479081 | GG64: 1 | GH64: 1 | GI64: 4 | GJ64: 0 | GK64: =ROUND(R64*(R12)/100,2) -> 0 | GL64: =ROUND(IF(AND(BH64=3,BI64=3,FS64<>0),P64,0),2) -> 0 | GM64: =ROUND(O64+X64+Y64+GK64,2)+GX64 -> -16626.62 | GN64: =IF(OR(BI64=0,BI64=1),ROUND(O64+X64+Y64+GK64,2),0) -> -16626.62 | GO64: =IF(BI64=2,ROUND(O64+X64+Y64+GK64,2),0) -> 0 | GP64: =IF(BI64=4,ROUND(O64+X64+Y64+GK64,2)+GX64,0) -> 0 | GR64: 0 | GS64: 0 | GT64: 0 | GV64: =ROUND(GT64,2) -> 0 | GW64: 1 | GX64: =ROUND(GV64*GW64*I64,2) -> 0 | HA64: 0 | HB64: 0 | IK64: 0
A65: 18 | B65: 1 | C65: 89 | E65: 14,2 | F65: 04.3.02.05-0002 | G65: Смесь штукатурная «Ротбанд», КНАУФ | H65: кг | I65: =I63*J65 -> 7373.9903 | J65: 1589.9074 | O65: =ROUND(CP65,2) -> 99674.96 | P65: =ROUND(CQ65*I65,2) -> 99674.96 | Q65: =ROUND(CR65*I65,2) -> 0 | R65: =ROUND(CS65*I65,2) -> 0 | S65: =ROUND(CT65*I65,2) -> 0 | T65: =ROUND(CU65*I65,2) -> 0 | U65: =CV65*I65 -> 0 | V65: =CW65*I65 -> 0 | W65: =ROUND(CX65*I65,2) -> 0 | X65: =ROUND(CY65,2) -> 0 | Y65: =ROUND(CZ65,2) -> 0 | AA65: 39099382 | AB65: =ROUND((AC65+AD65+AF65),2) -> 2.07 | AC65: =ROUND((ES65),2) -> 2.07 | AD65: =ROUND((((ET65)-(EU65))+AE65),2) -> 0 | AE65: =ROUND((EU65),2) -> 0 | AF65: =ROUND((EV65),2) -> 0 | AG65: =ROUND((AP65),2) -> 0 | AH65: =(EW65) -> 0 | AI65: =(EX65) -> 0 | AJ65: =ROUND((AS65),2) -> 0 | AK65: 2.07 | AL65: 2.07 | AM65: 0 | AN65: 0 | AO65: 0 | AP65: 0 | AQ65: 0 | AR65: 0 | AS65: 0 | AT65: 79 | AU65: 50 | AV65: 1 | AW65: 1 | AZ65: 6.53 | BA65: 1 | BB65: 1 | BC65: 6.53 | BH65: 3 | BI65: 1 | BJ65: ФССЦ-2001, 04.3.02.05-0002, приказ Минстроя России №1039/пр от 30.12.2016г. | BM65: 61001 | BN65: 0 | BP65: 0 | BQ65: 6 | BR65: 0 | BS65: 1 | BT65: 1 | BU65: 1 | BV65: 1 | BW65: 1 | BX65: 1 | BZ65: 79 | CA65: 50 | CF65: 0 | CG65: 0 | CM65: 0 | CO65: 0 | CP65: =(P65+Q65+S65) -> 99674.96 | CQ65: =AC65*BC65 -> 13.5171 | CR65: =AD65*BB65 -> 0 | CS65: =AE65*BS65 -> 0 | CT65: =AF65*BA65 -> 0 | CU65: =AG65 -> 0 | CV65: =AH65 -> 0 | CW65: =AI65 -> 0 | CX65: =AJ65 -> 0 | CY65: =(((S65+R65)*AT65)/100) -> 0 | CZ65: =(((S65+R65)*AU65)/100) -> 0 | DN65: 0 | DO65: 0 | DP65: 1 | DQ65: 1 | DU65: 1009 | DV65: кг | DW65: кг | DX65: 1 | EE65: 39174586 | EF65: 6 | EG65: Ремонтно-строительные работы | EH65: 0 | EJ65: 1 | EK65: 61001 | EL65: Штукатрурные работы | EM65: рФЕР-61 | EQ65: 0 | ER65: 2.07 | ES65: 2.07 | ET65: 0 | EU65: 0 | EV65: 0 | EW65: 0 | EX65: 0 | FQ65: 0 | FR65: =ROUND(IF(AND(BH65=3,BI65=3),P65,0),2) -> 0 | FS65: 0 | FX65: 79 | FY65: 50 | GD65: 0 | GF65: -60067644 | GG65: 1 | GH65: 1 | GI65: 4 | GJ65: 0 | GK65: =ROUND(R65*(R12)/100,2) -> 0 | GL65: =ROUND(IF(AND(BH65=3,BI65=3,FS65<>0),P65,0),2) -> 0 | GM65: =ROUND(O65+X65+Y65+GK65,2)+GX65 -> 99674.96 | GN65: =IF(OR(BI65=0,BI65=1),ROUND(O65+X65+Y65+GK65,2),0) -> 99674.96 | GO65: =IF(BI65=2,ROUND(O65+X65+Y65+GK65,2),0) -> 0 | GP65: =IF(BI65=4,ROUND(O65+X65+Y65+GK65,2)+GX65,0) -> 0 | GR65: 0 | GS65: 0 | GT65: 0 | GV65: =ROUND(GT65,2) -> 0 | GW65: 1 | GX65: =ROUND(GV65*GW65*I65,2) -> 0 | HA65: 0 | HB65: 0 | IK65: 0
A66: 17 | B66: 1 | C66: =ROW(SmtRes!A96) -> 96 | D66: =ROW(EtalonRes!A88) -> 88 | E66: 15 | F66: 15-04-006-04 | G66: Покрытие поверхностей грунтовкой глубокого проникновения за 2 раза стен | H66: 100 м2 | I66: 4.638 | J66: 0 | O66: =ROUND(CP66,2) -> 4814.88 | P66: =ROUND(CQ66*I66,2) -> 10.9 | Q66: =ROUND(CR66*I66,2) -> 49.06 | R66: =ROUND(CS66*I66,2) -> 11.21 | S66: =ROUND(CT66*I66,2) -> 4754.92 | T66: =ROUND(CU66*I66,2) -> 0 | U66: =CV66*I66 -> 75.69216 | V66: =CW66*I66 -> 0.13914 | W66: =ROUND(CX66*I66,2) -> 0 | X66: =ROUND(CY66,2) -> 4527.82 | Y66: =ROUND(CZ66,2) -> 2240.08 | AA66: 39099382 | AB66: =ROUND((AC66+AD66+AF66),2) -> 158.98 | AC66: =ROUND((ES66),2) -> 0.36 | AD66: =ROUND((((ET66)-(EU66))+AE66),2) -> 1.62 | AE66: =ROUND((EU66),2) -> 0.37 | AF66: =ROUND((EV66),2) -> 157 | AG66: =ROUND((AP66),2) -> 0 | AH66: =(EW66) -> 16.32 | AI66: =(EX66) -> 0.03 | AJ66: =ROUND((AS66),2) -> 0 | AK66: 158.98 | AL66: 0.36 | AM66: 1.62 | AN66: 0.37 | AO66: 157 | AP66: 0 | AQ66: 16.32 | AR66: 0.03 | AS66: 0 | AT66: 95 | AU66: 47 | AV66: 1 | AW66: 1 | AZ66: 6.53 | BA66: 6.53 | BB66: 6.53 | BC66: 6.53 | BH66: 0 | BI66: 1 | BJ66: ФЕР-2001, 15-04-006-04, приказ Минстроя России №1039/пр от 30.12.2016г. | BM66: 15001 | BN66: 0 | BP66: 0 | BQ66: 2 | BR66: 0 | BS66: 6.53 | BT66: 1 | BU66: 1 | BV66: 1 | BW66: 1 | BX66: 1 | BZ66: 105 | CA66: 55 | CF66: 0 | CG66: 0 | CM66: 0 | CO66: 0 | CP66: =(P66+Q66+S66) -> 4814.88 | CQ66: =AC66*BC66 -> 2.3508 | CR66: =AD66*BB66 -> 10.5786 | CS66: =AE66*BS66 -> 2.4161 | CT66: =AF66*BA66 -> 1025.21 | CU66: =AG66 -> 0 | CV66: =AH66 -> 16.32 | CW66: =AI66 -> 0.03 | CX66: =AJ66 -> 0 | CY66: =(((S66+R66)*AT66)/100) -> 4527.8235 | CZ66: =(((S66+R66)*AU66)/100) -> 2240.0811 | DN66: 0 | DO66: 0 | DP66: 1 | DQ66: 1 | DU66: 1005 | DV66: 100 м2 | DW66: 100 м2 | DX66: 100 | EE66: 39174529 | EF66: 2 | EG66: Общестроительные работы | EH66: 0 | EJ66: 1 | EK66: 15001 | EL66: Отделочные работы | EM66: ФЕР-15 | EQ66: 0 | ER66: 158.98 | ES66: 0.36 | ET66: 1.62 | EU66: 0.37 | EV66: 157 | EW66: 16.32 | EX66: 0.03 | EY66: 0 | FQ66: 0 | FR66: =ROUND(IF(AND(BH66=3,BI66=3),P66,0),2) -> 0 | FS66: 0 | FT66: *0,9 | FU66: *0,85 | FX66: 94.5 | FY66: 46.75 | GD66: 0 | GF66: -816382651 | GG66: 1 | GH66: 1 | GI66: 4 | GJ66: 0 | GK66: =ROUND(R66*(R12)/100,2) -> 0 | GL66: =ROUND(IF(AND(BH66=3,BI66=3,FS66<>0),P66,0),2) -> 0 | GM66: =ROUND(O66+X66+Y66+GK66,2)+GX66 -> 11582.78 | GN66: =IF(OR(BI66=0,BI66=1),ROUND(O66+X66+Y66+GK66,2),0) -> 11582.78 | GO66: =IF(BI66=2,ROUND(O66+X66+Y66+GK66,2),0) -> 0 | GP66: =IF(BI66=4,ROUND(O66+X66+Y66+GK66,2)+GX66,0) -> 0 | GR66: 0 | GS66: 0 | GT66: 0 | GV66: =ROUND(GT66,2) -> 0 | GW66: 1 | GX66: =ROUND(GV66*GW66*I66,2) -> 0 | HA66: 0 | HB66: 0 | IK66: 0
A67: 18 | B67: 1 | C67: 96 | E67: 15,1 | F67: 14.4.01.21 | G67: Грунтовка | H67: т | I67: =I66*J67 -> 0.09276 | J67: 0.02 | O67: =ROUND(CP67,2) -> 0 | P67: =ROUND(CQ67*I67,2) -> 0 | Q67: =ROUND(CR67*I67,2) -> 0 | R67: =ROUND(CS67*I67,2) -> 0 | S67: =ROUND(CT67*I67,2) -> 0 | T67: =ROUND(CU67*I67,2) -> 0 | U67: =CV67*I67 -> 0 | V67: =CW67*I67 -> 0 | W67: =ROUND(CX67*I67,2) -> 0 | X67: =ROUND(CY67,2) -> 0 | Y67: =ROUND(CZ67,2) -> 0 | AA67: 39099382 | AB67: =ROUND((AC67+AD67+AF67),2) -> 0 | AC67: =ROUND((ES67),2) -> 0 | AD67: =ROUND((((ET67)-(EU67))+AE67),2) -> 0 | AE67: =ROUND((EU67),2) -> 0 | AF67: =ROUND((EV67),2) -> 0 | AG67: =ROUND((AP67),2) -> 0 | AH67: =(EW67) -> 0 | AI67: =(EX67) -> 0 | AJ67: =ROUND((AS67),2) -> 0 | AK67: 0 | AL67: 0 | AM67: 0 | AN67: 0 | AO67: 0 | AP67: 0 | AQ67: 0 | AR67: 0 | AS67: 0 | AT67: 95 | AU67: 47 | AV67: 1 | AW67: 1 | AZ67: 6.53 | BA67: 1 | BB67: 1 | BC67: 6.53 | BH67: 3 | BI67: 1 | BM67: 15001 | BN67: 0 | BP67: 0 | BQ67: 2 | BR67: 0 | BS67: 1 | BT67: 1 | BU67: 1 | BV67: 1 | BW67: 1 | BX67: 1 | BZ67: 105 | CA67: 55 | CF67: 0 | CG67: 0 | CM67: 0 | CO67: 0 | CP67: =(P67+Q67+S67) -> 0 | CQ67: =AC67*BC67 -> 0 | CR67: =AD67*BB67 -> 0 | CS67: =AE67*BS67 -> 0 | CT67: =AF67*BA67 -> 0 | CU67: =AG67 -> 0 | CV67: =AH67 -> 0 | CW67: =AI67 -> 0 | CX67: =AJ67 -> 0 | CY67: =(((S67+R67)*AT67)/100) -> 0 | CZ67: =(((S67+R67)*AU67)/100) -> 0 | DN67: 0 | DO67: 0 | DP67: 1 | DQ67: 1 | DU67: 1009 | DV67: т | DW67: т | DX67: 1000 | EE67: 39174529 | EF67: 2 | EG67: Общестроительные работы | EH67: 0 | EJ67: 1 | EK67: 15001 | EL67: Отделочные работы | EM67: ФЕР-15 | EQ67: 0 | ER67: 0 | ES67: 0 | ET67: 0 | EU67: 0 | EV67: 0 | EW67: 0 | EX67: 0 | FQ67: 0 | FR67: =ROUND(IF(AND(BH67=3,BI67=3),P67,0),2) -> 0 | FS67: 0 | FT67: *0,9 | FU67: *0,85 | FX67: 94.5 | FY67: 46.75 | GD67: 0 | GF67: -1212923053 | GG67: 1 | GH67: 1 | GI67: 4 | GJ67: 0 | GK67: =ROUND(R67*(R12)/100,2) -> 0 | GL67: =ROUND(IF(AND(BH67=3,BI67=3,FS67<>0),P67,0),2) -> 0 | GM67: =ROUND(O67+X67+Y67+GK67,2)+GX67 -> 0 | GN67: =IF(OR(BI67=0,BI67=1),ROUND(O67+X67+Y67+GK67,2),0) -> 0 | GO67: =IF(BI67=2,ROUND(O67+X67+Y67+GK67,2),0) -> 0 | GP67: =IF(BI67=4,ROUND(O67+X67+Y67+GK67,2)+GX67,0) -> 0 | GR67: 0 | GS67: 3 | GT67: 0 | GV67: =ROUND(GT67,2) -> 0 | GW67: 1 | GX67: =ROUND(GV67*GW67*I67,2) -> 0 | HA67: 0 | HB67: 0 | IK67: 0
A68: 18 | B68: 1 | C68: 95 | E68: 15,2 | F68: 14.3.01.01-0001 | G68: Грунтовка: «Бетоконтакт», КНАУФ | H68: кг | I68: =I66*J68 -> 92.76 | J68: 20 | O68: =ROUND(CP68,2) -> 9140.36 | P68: =ROUND(CQ68*I68,2) -> 9140.36 | Q68: =ROUND(CR68*I68,2) -> 0 | R68: =ROUND(CS68*I68,2) -> 0 | S68: =ROUND(CT68*I68,2) -> 0 | T68: =ROUND(CU68*I68,2) -> 0 | U68: =CV68*I68 -> 0 | V68: =CW68*I68 -> 0 | W68: =ROUND(CX68*I68,2) -> 0 | X68: =ROUND(CY68,2) -> 0 | Y68: =ROUND(CZ68,2) -> 0 | AA68: 39099382 | AB68: =ROUND((AC68+AD68+AF68),2) -> 15.09 | AC68: =ROUND((ES68),2) -> 15.09 | AD68: =ROUND((((ET68)-(EU68))+AE68),2) -> 0 | AE68: =ROUND((EU68),2) -> 0 | AF68: =ROUND((EV68),2) -> 0 | AG68: =ROUND((AP68),2) -> 0 | AH68: =(EW68) -> 0 | AI68: =(EX68) -> 0 | AJ68: =ROUND((AS68),2) -> 0 | AK68: 15.09 | AL68: 15.09 | AM68: 0 | AN68: 0 | AO68: 0 | AP68: 0 | AQ68: 0 | AR68: 0 | AS68: 0 | AT68: 95 | AU68: 47 | AV68: 1 | AW68: 1 | AZ68: 6.53 | BA68: 1 | BB68: 1 | BC68: 6.53 | BH68: 3 | BI68: 1 | BJ68: ФССЦ-2001, 14.3.01.01-0001, приказ Минстроя России №1039/пр от 30.12.2016г. | BM68: 15001 | BN68: 0 | BP68: 0 | BQ68: 2 | BR68: 0 | BS68: 1 | BT68: 1 | BU68: 1 | BV68: 1 | BW68: 1 | BX68: 1 | BZ68: 105 | CA68: 55 | CF68: 0 | CG68: 0 | CM68: 0 | CO68: 0 | CP68: =(P68+Q68+S68) -> 9140.36 | CQ68: =AC68*BC68 -> 98.5377 | CR68: =AD68*BB68 -> 0 | CS68: =AE68*BS68 -> 0 | CT68: =AF68*BA68 -> 0 | CU68: =AG68 -> 0 | CV68: =AH68 -> 0 | CW68: =AI68 -> 0 | CX68: =AJ68 -> 0 | CY68: =(((S68+R68)*AT68)/100) -> 0 | CZ68: =(((S68+R68)*AU68)/100) -> 0 | DN68: 0 | DO68: 0 | DP68: 1 | DQ68: 1 | DU68: 1009 | DV68: кг | DW68: кг | DX68: 1 | EE68: 39174529 | EF68: 2 | EG68: Общестроительные работы | EH68: 0 | EJ68: 1 | EK68: 15001 | EL68: Отделочные работы | EM68: ФЕР-15 | EQ68: 0 | ER68: 15.09 | ES68: 15.09 | ET68: 0 | EU68: 0 | EV68: 0 | EW68: 0 | EX68: 0 | FQ68: 0 | FR68: =ROUND(IF(AND(BH68=3,BI68=3),P68,0),2) -> 0 | FS68: 0 | FT68: *0,9 | FU68: *0,85 | FX68: 94.5 | FY68: 46.75 | GD68: 0 | GF68: 1453462043 | GG68: 1 | GH68: 1 | GI68: 4 | GJ68: 0 | GK68: =ROUND(R68*(R12)/100,2) -> 0 | GL68: =ROUND(IF(AND(BH68=3,BI68=3,FS68<>0),P68,0),2) -> 0 | GM68: =ROUND(O68+X68+Y68+GK68,2)+GX68 -> 9140.36 | GN68: =IF(OR(BI68=0,BI68=1),ROUND(O68+X68+Y68+GK68,2),0) -> 9140.36 | GO68: =IF(BI68=2,ROUND(O68+X68+Y68+GK68,2),0) -> 0 | GP68: =IF(BI68=4,ROUND(O68+X68+Y68+GK68,2)+GX68,0) -> 0 | GR68: 0 | GS68: 0 | GT68: 0 | GV68: =ROUND(GT68,2) -> 0 | GW68: 1 | GX68: =ROUND(GV68*GW68*I68,2) -> 0 | HA68: 0 | HB68: 0 | IK68: 0
A69: 17 | B69: 1 | C69: =ROW(SmtRes!A105) -> 105 | D69: =ROW(EtalonRes!A96) -> 96 | E69: 16 | F69: 15-04-005-03 | G69: Окраска поливинилацетатными водоэмульсионными составами улучшенная по штукатурке стен | H69: 100 м2 | I69: 4.638 | J69: 0 | O69: =ROUND(CP69,2) -> 20461.32 | P69: =ROUND(CQ69*I69,2) -> 8489.21 | Q69: =ROUND(CR69*I69,2) -> 317.7 | R69: =ROUND(CS69*I69,2) -> 60.88 | S69: =ROUND(CT69*I69,2) -> 11654.41 | T69: =ROUND(CU69*I69,2) -> 0 | U69: =CV69*I69 -> 198.9702 | V69: =CW69*I69 -> 0.78846 | W69: =ROUND(CX69*I69,2) -> 0 | X69: =ROUND(CY69,2) -> 11129.53 | Y69: =ROUND(CZ69,2) -> 5506.19 | AA69: 39099382 | AB69: =ROUND((AC69+AD69+AF69),2) -> 675.6 | AC69: =ROUND((ES69),2) -> 280.3 | AD69: =ROUND((((ET69)-(EU69))+AE69),2) -> 10.49 | AE69: =ROUND((EU69),2) -> 2.01 | AF69: =ROUND((EV69),2) -> 384.81 | AG69: =ROUND((AP69),2) -> 0 | AH69: =(EW69) -> 42.9 | AI69: =(EX69) -> 0.17 | AJ69: =ROUND((AS69),2) -> 0 | AK69: 675.6 | AL69: 280.3 | AM69: 10.49 | AN69: 2.01 | AO69: 384.81 | AP69: 0 | AQ69: 42.9 | AR69: 0.17 | AS69: 0 | AT69: 95 | AU69: 47 | AV69: 1 | AW69: 1 | AZ69: 6.53 | BA69: 6.53 | BB69: 6.53 | BC69: 6.53 | BH69: 0 | BI69: 1 | BJ69: ФЕР-2001, 15-04-005-03, приказ Минстроя России №1039/пр от 30.12.2016г. | BM69: 15001 | BN69: 0 | BP69: 0 | BQ69: 2 | BR69: 0 | BS69: 6.53 | BT69: 1 | BU69: 1 | BV69: 1 | BW69: 1 | BX69: 1 | BZ69: 105 | CA69: 55 | CF69: 0 | CG69: 0 | CM69: 0 | CO69: 0 | CP69: =(P69+Q69+S69) -> 20461.32 | CQ69: =AC69*BC69 -> 1830.359 | CR69: =AD69*BB69 -> 68.4997 | CS69: =AE69*BS69 -> 13.1253 | CT69: =AF69*BA69 -> 2512.8093 | CU69: =AG69 -> 0 | CV69: =AH69 -> 42.9 | CW69: =AI69 -> 0.17 | CX69: =AJ69 -> 0 | CY69: =(((S69+R69)*AT69)/100) -> 11129.525 | CZ69: =(((S69+R69)*AU69)/100) -> 5506.1863 | DN69: 0 | DO69: 0 | DP69: 1 | DQ69: 1 | DU69: 1005 | DV69: 100 м2 | DW69: 100 м2 | DX69: 100 | EE69: 39174529 | EF69: 2 | EG69: Общестроительные работы | EH69: 0 | EJ69: 1 | EK69: 15001 | EL69: Отделочные работы | EM69: ФЕР-15 | EQ69: 0 | ER69: 675.6 | ES69: 280.3 | ET69: 10.49 | EU69: 2.01 | EV69: 384.81 | EW69: 42.9 | EX69: 0.17 | EY69: 0 | FQ69: 0 | FR69: =ROUND(IF(AND(BH69=3,BI69=3),P69,0),2) -> 0 | FS69: 0 | FT69: *0,9 | FU69: *0,85 | FX69: 94.5 | FY69: 46.75 | GD69: 0 | GF69: 1360681551 | GG69: 1 | GH69: 1 | GI69: 4 | GJ69: 0 | GK69: =ROUND(R69*(R12)/100,2) -> 0 | GL69: =ROUND(IF(AND(BH69=3,BI69=3,FS69<>0),P69,0),2) -> 0 | GM69: =ROUND(O69+X69+Y69+GK69,2)+GX69 -> 37097.04 | GN69: =IF(OR(BI69=0,BI69=1),ROUND(O69+X69+Y69+GK69,2),0) -> 37097.04 | GO69: =IF(BI69=2,ROUND(O69+X69+Y69+GK69,2),0) -> 0 | GP69: =IF(BI69=4,ROUND(O69+X69+Y69+GK69,2)+GX69,0) -> 0 | GR69: 0 | GS69: 0 | GT69: 0 | GV69: =ROUND(GT69,2) -> 0 | GW69: 1 | GX69: =ROUND(GV69*GW69*I69,2) -> 0 | HA69: 0 | HB69: 0 | IK69: 0
A70: 18 | B70: 1 | C70: 103 | E70: 16,1 | F70: 14.3.02.01 | G70: Краска водоэмульсионная | H70: т | I70: =I69*J70 -> 0.292194 | J70: 0.063 | O70: =ROUND(CP70,2) -> 0 | P70: =ROUND(CQ70*I70,2) -> 0 | Q70: =ROUND(CR70*I70,2) -> 0 | R70: =ROUND(CS70*I70,2) -> 0 | S70: =ROUND(CT70*I70,2) -> 0 | T70: =ROUND(CU70*I70,2) -> 0 | U70: =CV70*I70 -> 0 | V70: =CW70*I70 -> 0 | W70: =ROUND(CX70*I70,2) -> 0 | X70: =ROUND(CY70,2) -> 0 | Y70: =ROUND(CZ70,2) -> 0 | AA70: 39099382 | AB70: =ROUND((AC70+AD70+AF70),2) -> 0 | AC70: =ROUND((ES70),2) -> 0 | AD70: =ROUND((((ET70)-(EU70))+AE70),2) -> 0 | AE70: =ROUND((EU70),2) -> 0 | AF70: =ROUND((EV70),2) -> 0 | AG70: =ROUND((AP70),2) -> 0 | AH70: =(EW70) -> 0 | AI70: =(EX70) -> 0 | AJ70: =ROUND((AS70),2) -> 0 | AK70: 0 | AL70: 0 | AM70: 0 | AN70: 0 | AO70: 0 | AP70: 0 | AQ70: 0 | AR70: 0 | AS70: 0 | AT70: 95 | AU70: 47 | AV70: 1 | AW70: 1 | AZ70: 6.53 | BA70: 1 | BB70: 1 | BC70: 6.53 | BH70: 3 | BI70: 1 | BM70: 15001 | BN70: 0 | BP70: 0 | BQ70: 2 | BR70: 0 | BS70: 1 | BT70: 1 | BU70: 1 | BV70: 1 | BW70: 1 | BX70: 1 | BZ70: 105 | CA70: 55 | CF70: 0 | CG70: 0 | CM70: 0 | CO70: 0 | CP70: =(P70+Q70+S70) -> 0 | CQ70: =AC70*BC70 -> 0 | CR70: =AD70*BB70 -> 0 | CS70: =AE70*BS70 -> 0 | CT70: =AF70*BA70 -> 0 | CU70: =AG70 -> 0 | CV70: =AH70 -> 0 | CW70: =AI70 -> 0 | CX70: =AJ70 -> 0 | CY70: =(((S70+R70)*AT70)/100) -> 0 | CZ70: =(((S70+R70)*AU70)/100) -> 0 | DN70: 0 | DO70: 0 | DP70: 1 | DQ70: 1 | DU70: 1009 | DV70: т | DW70: т | DX70: 1000 | EE70: 39174529 | EF70: 2 | EG70: Общестроительные работы | EH70: 0 | EJ70: 1 | EK70: 15001 | EL70: Отделочные работы | EM70: ФЕР-15 | EQ70: 0 | ER70: 0 | ES70: 0 | ET70: 0 | EU70: 0 | EV70: 0 | EW70: 0 | EX70: 0 | FQ70: 0 | FR70: =ROUND(IF(AND(BH70=3,BI70=3),P70,0),2) -> 0 | FS70: 0 | FT70: *0,9 | FU70: *0,85 | FX70: 94.5 | FY70: 46.75 | GD70: 0 | GF70: 1891904026 | GG70: 1 | GH70: 1 | GI70: 4 | GJ70: 0 | GK70: =ROUND(R70*(R12)/100,2) -> 0 | GL70: =ROUND(IF(AND(BH70=3,BI70=3,FS70<>0),P70,0),2) -> 0 | GM70: =ROUND(O70+X70+Y70+GK70,2)+GX70 -> 0 | GN70: =IF(OR(BI70=0,BI70=1),ROUND(O70+X70+Y70+GK70,2),0) -> 0 | GO70: =IF(BI70=2,ROUND(O70+X70+Y70+GK70,2),0) -> 0 | GP70: =IF(BI70=4,ROUND(O70+X70+Y70+GK70,2)+GX70,0) -> 0 | GR70: 0 | GS70: 3 | GT70: 0 | GV70: =ROUND(GT70,2) -> 0 | GW70: 1 | GX70: =ROUND(GV70*GW70*I70,2) -> 0 | HA70: 0 | HB70: 0 | IK70: 0
A71: 18 | B71: 1 | C71: 104 | E71: 16,2 | F71: 14.3.02.01-0223 | G71: Краска водоэмульсионная для внутренних работ ВАК-15 | H71: т | I71: =I69*J71 -> 0.292194 | J71: 0.063 | O71: =ROUND(CP71,2) -> 38110.3 | P71: =ROUND(CQ71*I71,2) -> 38110.3 | Q71: =ROUND(CR71*I71,2) -> 0 | R71: =ROUND(CS71*I71,2) -> 0 | S71: =ROUND(CT71*I71,2) -> 0 | T71: =ROUND(CU71*I71,2) -> 0 | U71: =CV71*I71 -> 0 | V71: =CW71*I71 -> 0 | W71: =ROUND(CX71*I71,2) -> 0 | X71: =ROUND(CY71,2) -> 0 | Y71: =ROUND(CZ71,2) -> 0 | AA71: 39099382 | AB71: =ROUND((AC71+AD71+AF71),2) -> 19973.67 | AC71: =ROUND((ES71),2) -> 19973.67 | AD71: =ROUND((((ET71)-(EU71))+AE71),2) -> 0 | AE71: =ROUND((EU71),2) -> 0 | AF71: =ROUND((EV71),2) -> 0 | AG71: =ROUND((AP71),2) -> 0 | AH71: =(EW71) -> 0 | AI71: =(EX71) -> 0 | AJ71: =ROUND((AS71),2) -> 0 | AK71: 19973.67 | AL71: 19973.67 | AM71: 0 | AN71: 0 | AO71: 0 | AP71: 0 | AQ71: 0 | AR71: 0 | AS71: 0 | AT71: 95 | AU71: 47 | AV71: 1 | AW71: 1 | AZ71: 6.53 | BA71: 1 | BB71: 1 | BC71: 6.53 | BH71: 3 | BI71: 1 | BJ71: ФССЦ-2001, 14.3.02.01-0223, приказ Минстроя России №1039/пр от 30.12.2016г. | BM71: 15001 | BN71: 0 | BP71: 0 | BQ71: 2 | BR71: 0 | BS71: 1 | BT71: 1 | BU71: 1 | BV71: 1 | BW71: 1 | BX71: 1 | BZ71: 105 | CA71: 55 | CF71: 0 | CG71: 0 | CM71: 0 | CO71: 0 | CP71: =(P71+Q71+S71) -> 38110.3 | CQ71: =AC71*BC71 -> 130428.07 | CR71: =AD71*BB71 -> 0 | CS71: =AE71*BS71 -> 0 | CT71: =AF71*BA71 -> 0 | CU71: =AG71 -> 0 | CV71: =AH71 -> 0 | CW71: =AI71 -> 0 | CX71: =AJ71 -> 0 | CY71: =(((S71+R71)*AT71)/100) -> 0 | CZ71: =(((S71+R71)*AU71)/100) -> 0 | DN71: 0 | DO71: 0 | DP71: 1 | DQ71: 1 | DU71: 1009 | DV71: т | DW71: т | DX71: 1000 | EE71: 39174529 | EF71: 2 | EG71: Общестроительные работы | EH71: 0 | EJ71: 1 | EK71: 15001 | EL71: Отделочные работы | EM71: ФЕР-15 | EQ71: 0 | ER71: 19973.67 | ES71: 19973.67 | ET71: 0 | EU71: 0 | EV71: 0 | EW71: 0 | EX71: 0 | FQ71: 0 | FR71: =ROUND(IF(AND(BH71=3,BI71=3),P71,0),2) -> 0 | FS71: 0 | FT71: *0,9 | FU71: *0,85 | FX71: 94.5 | FY71: 46.75 | GD71: 0 | GF71: 772632804 | GG71: 1 | GH71: 1 | GI71: 4 | GJ71: 0 | GK71: =ROUND(R71*(R12)/100,2) -> 0 | GL71: =ROUND(IF(AND(BH71=3,BI71=3,FS71<>0),P71,0),2) -> 0 | GM71: =ROUND(O71+X71+Y71+GK71,2)+GX71 -> 38110.3 | GN71: =IF(OR(BI71=0,BI71=1),ROUND(O71+X71+Y71+GK71,2),0) -> 38110.3 | GO71: =IF(BI71=2,ROUND(O71+X71+Y71+GK71,2),0) -> 0 | GP71: =IF(BI71=4,ROUND(O71+X71+Y71+GK71,2)+GX71,0) -> 0 | GR71: 0 | GS71: 0 | GT71: 0 | GV71: =ROUND(GT71,2) -> 0 | GW71: 1 | GX71: =ROUND(GV71*GW71*I71,2) -> 0 | HA71: 0 | HB71: 0 | IK71: 0
A72: 17 | B72: 1 | C72: =ROW(SmtRes!A114) -> 114 | D72: =ROW(EtalonRes!A106) -> 106 | E72: 17 | F72: 15-01-049-04 прим | G72: Демонтаж школьной доски: Облицовка стен по готовому каркасу щитами-картинами из древесностружечных плит фанерованных шпоном | H72: 100 м2 | I72: =ROUND(31.5/100,9) -> 0.315 | J72: 0 | O72: =ROUND(CP72,2) -> 932.93 | P72: =ROUND(CQ72*I72,2) -> 0 | Q72: =ROUND(CR72*I72,2) -> 141.07 | R72: =ROUND(CS72*I72,2) -> 27.79 | S72: =ROUND(CT72*I72,2) -> 791.86 | T72: =ROUND(CU72*I72,2) -> 0 | U72: =CV72*I72 -> 12.7512 | V72: =CW72*I72 -> 0.35784 | W72: =ROUND(CX72*I72,2) -> 0 | X72: =ROUND(CY72,2) -> 778.67 | Y72: =ROUND(CZ72,2) -> 385.24 | AA72: 39099382 | AB72: =ROUND((AC72+AD72+AF72),2) -> 453.55 | AC72: =ROUND(((ES72*0)),2) -> 0 | AD72: =ROUND(((((ET72*0.8))-((EU72*0.8)))+AE72),2) -> 68.58 | AE72: =ROUND(((EU72*0.8)),2) -> 13.51 | AF72: =ROUND(((EV72*0.8)),2) -> 384.97 | AG72: =ROUND((AP72),2) -> 0 | AH72: =((EW72*0.8)) -> 40.48 | AI72: =((EX72*0.8)) -> 1.136 | AJ72: =ROUND((AS72),2) -> 0 | AK72: 686.77 | AL72: 119.83 | AM72: 85.73 | AN72: 16.89 | AO72: 481.21 | AP72: 0 | AQ72: 50.6 | AR72: 1.42 | AS72: 0 | AT72: 95 | AU72: 47 | AV72: 1 | AW72: 1 | AZ72: 6.53 | BA72: 6.53 | BB72: 6.53 | BC72: 6.53 | BH72: 0 | BI72: 1 | BJ72: ФЕР-2001, 15-01-049-04, приказ Минстроя России №1039/пр от 30.12.2016г. | BM72: 15001 | BN72: 0 | BP72: 0 | BQ72: 2 | BR72: 0 | BS72: 6.53 | BT72: 1 | BU72: 1 | BV72: 1 | BW72: 1 | BX72: 1 | BZ72: 105 | CA72: 55 | CF72: 0 | CG72: 0 | CM72: 0 | CN72: Поправка: Табл.2, п.2 Наименование: При демонтаже (разборке) сборных деревянных конструкций | CO72: 0 | CP72: =(P72+Q72+S72) -> 932.93 | CQ72: =AC72*BC72 -> 0 | CR72: =AD72*BB72 -> 447.8274 | CS72: =AE72*BS72 -> 88.2203 | CT72: =AF72*BA72 -> 2513.8541 | CU72: =AG72 -> 0 | CV72: =AH72 -> 40.48 | CW72: =AI72 -> 1.136 | CX72: =AJ72 -> 0 | CY72: =(((S72+R72)*AT72)/100) -> 778.6675 | CZ72: =(((S72+R72)*AU72)/100) -> 385.2355 | DD72: )*0 | DE72: )*0,8 | DF72: )*0,8 | DG72: )*0,8 | DI72: )*0,8 | DJ72: )*0,8 | DN72: 0 | DO72: 0 | DP72: 1 | DQ72: 1 | DU72: 1005 | DV72: 100 м2 | DW72: 100 м2 | DX72: 100 | EE72: 39174529 | EF72: 2 | EG72: Общестроительные работы | EH72: 0 | EJ72: 1 | EK72: 15001 | EL72: Отделочные работы | EM72: ФЕР-15 | EO72: Поправка: Табл.2, п.2 | EQ72: 0 | ER72: 686.77 | ES72: 119.83 | ET72: 85.73 | EU72: 16.89 | EV72: 481.21 | EW72: 50.6 | EX72: 1.42 | EY72: 0 | FQ72: 0 | FR72: =ROUND(IF(AND(BH72=3,BI72=3),P72,0),2) -> 0 | FS72: 0 | FT72: *0,9 | FU72: *0,85 | FX72: 94.5 | FY72: 46.75 | GD72: 0 | GF72: -1924098841 | GG72: 1 | GH72: 1 | GI72: 4 | GJ72: 0 | GK72: =ROUND(R72*(R12)/100,2) -> 0 | GL72: =ROUND(IF(AND(BH72=3,BI72=3,FS72<>0),P72,0),2) -> 0 | GM72: =ROUND(O72+X72+Y72+GK72,2)+GX72 -> 2096.84 | GN72: =IF(OR(BI72=0,BI72=1),ROUND(O72+X72+Y72+GK72,2),0) -> 2096.84 | GO72: =IF(BI72=2,ROUND(O72+X72+Y72+GK72,2),0) -> 0 | GP72: =IF(BI72=4,ROUND(O72+X72+Y72+GK72,2)+GX72,0) -> 0 | GR72: 0 | GS72: 3 | GT72: 0 | GV72: =ROUND(GT72,2) -> 0 | GW72: 1 | GX72: =ROUND(GV72*GW72*I72,2) -> 0 | HA72: 0 | HB72: 0 | IK72: 0
A73: 17 | B73: 1 | C73: =ROW(SmtRes!A123) -> 123 | D73: =ROW(EtalonRes!A116) -> 116 | E73: 18 | F73: 15-01-049-04 прим | G73: Установка школьной доски: Облицовка стен по готовому каркасу щитами-картинами из древесностружечных плит фанерованных шпоном (без стоимости материала) | H73: 100 м2 | I73: =ROUND(31.5/100,9) -> 0.315 | J73: 0 | O73: =ROUND(CP73,2) -> 932.93 | P73: =ROUND(CQ73*I73,2) -> 0 | Q73: =ROUND(CR73*I73,2) -> 141.07 | R73: =ROUND(CS73*I73,2) -> 27.79 | S73: =ROUND(CT73*I73,2) -> 791.86 | T73: =ROUND(CU73*I73,2) -> 0 | U73: =CV73*I73 -> 12.7512 | V73: =CW73*I73 -> 0.35784 | W73: =ROUND(CX73*I73,2) -> 0 | X73: =ROUND(CY73,2) -> 778.67 | Y73: =ROUND(CZ73,2) -> 385.24 | AA73: 39099382 | AB73: =ROUND((AC73+AD73+AF73),2) -> 453.55 | AC73: =ROUND(((ES73*0)),2) -> 0 | AD73: =ROUND(((((ET73*0.8))-((EU73*0.8)))+AE73),2) -> 68.58 | AE73: =ROUND(((EU73*0.8)),2) -> 13.51 | AF73: =ROUND(((EV73*0.8)),2) -> 384.97 | AG73: =ROUND((AP73),2) -> 0 | AH73: =((EW73*0.8)) -> 40.48 | AI73: =((EX73*0.8)) -> 1.136 | AJ73: =ROUND((AS73),2) -> 0 | AK73: 686.77 | AL73: 119.83 | AM73: 85.73 | AN73: 16.89 | AO73: 481.21 | AP73: 0 | AQ73: 50.6 | AR73: 1.42 | AS73: 0 | AT73: 95 | AU73: 47 | AV73: 1 | AW73: 1 | AZ73: 6.53 | BA73: 6.53 | BB73: 6.53 | BC73: 6.53 | BH73: 0 | BI73: 1 | BJ73: ФЕР-2001, 15-01-049-04, приказ Минстроя России №1039/пр от 30.12.2016г. | BM73: 15001 | BN73: 0 | BP73: 0 | BQ73: 2 | BR73: 0 | BS73: 6.53 | BT73: 1 | BU73: 1 | BV73: 1 | BW73: 1 | BX73: 1 | BZ73: 105 | CA73: 55 | CF73: 0 | CG73: 0 | CM73: 0 | CN73: Поправка: Табл.2, п.2 Наименование: При демонтаже (разборке) сборных деревянных конструкций | CO73: 0 | CP73: =(P73+Q73+S73) -> 932.93 | CQ73: =AC73*BC73 -> 0 | CR73: =AD73*BB73 -> 447.8274 | CS73: =AE73*BS73 -> 88.2203 | CT73: =AF73*BA73 -> 2513.8541 | CU73: =AG73 -> 0 | CV73: =AH73 -> 40.48 | CW73: =AI73 -> 1.136 | CX73: =AJ73 -> 0 | CY73: =(((S73+R73)*AT73)/100) -> 778.6675 | CZ73: =(((S73+R73)*AU73)/100) -> 385.2355 | DD73: )*0 | DE73: )*0,8 | DF73: )*0,8 | DG73: )*0,8 | DI73: )*0,8 | DJ73: )*0,8 | DN73: 0 | DO73: 0 | DP73: 1 | DQ73: 1 | DU73: 1005 | DV73: 100 м2 | DW73: 100 м2 | DX73: 100 | EE73: 39174529 | EF73: 2 | EG73: Общестроительные работы | EH73: 0 | EJ73: 1 | EK73: 15001 | EL73: Отделочные работы | EM73: ФЕР-15 | EO73: Поправка: Табл.2, п.2 | EQ73: 0 | ER73: 686.77 | ES73: 119.83 | ET73: 85.73 | EU73: 16.89 | EV73: 481.21 | EW73: 50.6 | EX73: 1.42 | EY73: 0 | FQ73: 0 | FR73: =ROUND(IF(AND(BH73=3,BI73=3),P73,0),2) -> 0 | FS73: 0 | FT73: *0,9 | FU73: *0,85 | FX73: 94.5 | FY73: 46.75 | GD73: 0 | GF73: -850644404 | GG73: 1 | GH73: 1 | GI73: 4 | GJ73: 0 | GK73: =ROUND(R73*(R12)/100,2) -> 0 | GL73: =ROUND(IF(AND(BH73=3,BI73=3,FS73<>0),P73,0),2) -> 0 | GM73: =ROUND(O73+X73+Y73+GK73,2)+GX73 -> 2096.84 | GN73: =IF(OR(BI73=0,BI73=1),ROUND(O73+X73+Y73+GK73,2),0) -> 2096.84 | GO73: =IF(BI73=2,ROUND(O73+X73+Y73+GK73,2),0) -> 0 | GP73: =IF(BI73=4,ROUND(O73+X73+Y73+GK73,2)+GX73,0) -> 0 | GR73: 0 | GS73: 3 | GT73: 0 | GV73: =ROUND(GT73,2) -> 0 | GW73: 1 | GX73: =ROUND(GV73*GW73*I73,2) -> 0 | HA73: 0 | HB73: 0 | IK73: 0
A74: 17 | B74: 1 | C74: =ROW(SmtRes!A125) -> 125 | D74: =ROW(EtalonRes!A121) -> 121 | E74: 19 | F74: 17-01-002-04 | G74: Демонтаж :Установка гарнитуры туалетной: вешалок, подстаканников, поручней для ванн и т.д. | H74: 10 ШТ | I74: =ROUND(7/10,9) -> 0.7 | J74: 0 | O74: =ROUND(CP74,2) -> 49.28 | P74: =ROUND(CQ74*I74,2) -> 0 | Q74: =ROUND(CR74*I74,2) -> 0 | R74: =ROUND(CS74*I74,2) -> 0 | S74: =ROUND(CT74*I74,2) -> 49.28 | T74: =ROUND(CU74*I74,2) -> 0 | U74: =CV74*I74 -> 0.784 | V74: =CW74*I74 -> 0 | W74: =ROUND(CX74*I74,2) -> 0 | X74: =ROUND(CY74,2) -> 56.67 | Y74: =ROUND(CZ74,2) -> 34.99 | AA74: 39099382 | AB74: =ROUND((AC74+AD74+AF74),2) -> 10.78 | AC74: =ROUND(((ES74*0)),2) -> 0 | AD74: =ROUND(((((ET74*0.4))-((EU74*0.4)))+AE74),2) -> 0 | AE74: =ROUND(((EU74*0.4)),2) -> 0 | AF74: =ROUND(((EV74*0.4)),2) -> 10.78 | AG74: =ROUND((AP74),2) -> 0 | AH74: =((EW74*0.4)) -> 1.12 | AI74: =((EX74*0.4)) -> 0 | AJ74: =ROUND((AS74),2) -> 0 | AK74: 27.54 | AL74: 0.6 | AM74: 0 | AN74: 0 | AO74: 26.94 | AP74: 0 | AQ74: 2.8 | AR74: 0 | AS74: 0 | AT74: 115 | AU74: 71 | AV74: 1 | AW74: 1 | AZ74: 6.53 | BA74: 6.53 | BB74: 6.53 | BC74: 6.53 | BH74: 0 | BI74: 1 | BJ74: ФЕР-2001, 17-01-002-04, приказ Минстроя России №1039/пр от 30.12.2016г. | BM74: 17001 | BN74: 0 | BP74: 0 | BQ74: 2 | BR74: 0 | BS74: 6.53 | BT74: 1 | BU74: 1 | BV74: 1 | BW74: 1 | BX74: 1 | BZ74: 128 | CA74: 83 | CF74: 0 | CG74: 0 | CM74: 0 | CN74: Поправка: МДС 81-36.2004, п.3.3.1.в Наименование: При демонтаже внутренних санитарно-технических устройств (водопровода, газопровода, канализации, водостоков, отопления, вентиляции) | CO74: 0 | CP74: =(P74+Q74+S74) -> 49.28 | CQ74: =AC74*BC74 -> 0 | CR74: =AD74*BB74 -> 0 | CS74: =AE74*BS74 -> 0 | CT74: =AF74*BA74 -> 70.3934 | CU74: =AG74 -> 0 | CV74: =AH74 -> 1.12 | CW74: =AI74 -> 0 | CX74: =AJ74 -> 0 | CY74: =(((S74+R74)*AT74)/100) -> 56.672 | CZ74: =(((S74+R74)*AU74)/100) -> 34.9888 | DD74: )*0 | DE74: )*0,4 | DF74: )*0,4 | DG74: )*0,4 | DI74: )*0,4 | DJ74: )*0,4 | DN74: 0 | DO74: 0 | DP74: 1 | DQ74: 1 | DU74: 1013 | DV74: 10 ШТ | DW74: 10 ШТ | DX74: 1 | EE74: 39174531 | EF74: 2 | EG74: Общестроительные работы | EH74: 0 | EJ74: 1 | EK74: 17001 | EL74: Водопровод и канализация - внутренние устройства | EM74: ФЕР-17 | EO74: Поправка: МДС 81-36.2004, п.3.3.1.в | EQ74: 0 | ER74: 27.54 | ES74: 0.6 | ET74: 0 | EU74: 0 | EV74: 26.94 | EW74: 2.8 | EX74: 0 | EY74: 0 | FQ74: 0 | FR74: =ROUND(IF(AND(BH74=3,BI74=3),P74,0),2) -> 0 | FS74: 0 | FT74: *0,9 | FU74: *0,85 | FX74: 115.2 | FY74: 70.55 | GD74: 0 | GF74: -845493729 | GG74: 1 | GH74: 1 | GI74: 4 | GJ74: 0 | GK74: =ROUND(R74*(R12)/100,2) -> 0 | GL74: =ROUND(IF(AND(BH74=3,BI74=3,FS74<>0),P74,0),2) -> 0 | GM74: =ROUND(O74+X74+Y74+GK74,2)+GX74 -> 140.94 | GN74: =IF(OR(BI74=0,BI74=1),ROUND(O74+X74+Y74+GK74,2),0) -> 140.94 | GO74: =IF(BI74=2,ROUND(O74+X74+Y74+GK74,2),0) -> 0 | GP74: =IF(BI74=4,ROUND(O74+X74+Y74+GK74,2)+GX74,0) -> 0 | GR74: 0 | GS74: 3 | GT74: 0 | GV74: =ROUND(GT74,2) -> 0 | GW74: 1 | GX74: =ROUND(GV74*GW74*I74,2) -> 0 | HA74: 0 | HB74: 0 | IK74: 0
A75: 17 | B75: 1 | C75: =ROW(SmtRes!A128) -> 128 | D75: =ROW(EtalonRes!A126) -> 126 | E75: 20 | F75: 17-01-002-04 прим. | G75: Установка гарнитуры туалетной: вешалок, подстаканников, поручней для ванн и т.д. | H75: 10 ШТ | I75: =ROUND(7/10,9) -> 0.7 | J75: 0 | O75: =ROUND(CP75,2) -> 125.88 | P75: =ROUND(CQ75*I75,2) -> 2.74 | Q75: =ROUND(CR75*I75,2) -> 0 | R75: =ROUND(CS75*I75,2) -> 0 | S75: =ROUND(CT75*I75,2) -> 123.14 | T75: =ROUND(CU75*I75,2) -> 0 | U75: =CV75*I75 -> 1.96 | V75: =CW75*I75 -> 0 | W75: =ROUND(CX75*I75,2) -> 0 | X75: =ROUND(CY75,2) -> 141.61 | Y75: =ROUND(CZ75,2) -> 87.43 | AA75: 39099382 | AB75: =ROUND((AC75+AD75+AF75),2) -> 27.54 | AC75: =ROUND((ES75),2) -> 0.6 | AD75: =ROUND((((ET75)-(EU75))+AE75),2) -> 0 | AE75: =ROUND((EU75),2) -> 0 | AF75: =ROUND((EV75),2) -> 26.94 | AG75: =ROUND((AP75),2) -> 0 | AH75: =(EW75) -> 2.8 | AI75: =(EX75) -> 0 | AJ75: =ROUND((AS75),2) -> 0 | AK75: 27.54 | AL75: 0.6 | AM75: 0 | AN75: 0 | AO75: 26.94 | AP75: 0 | AQ75: 2.8 | AR75: 0 | AS75: 0 | AT75: 115 | AU75: 71 | AV75: 1 | AW75: 1 | AZ75: 6.53 | BA75: 6.53 | BB75: 6.53 | BC75: 6.53 | BH75: 0 | BI75: 1 | BJ75: ФЕР-2001, 17-01-002-04, приказ Минстроя России №1039/пр от 30.12.2016г. | BM75: 17001 | BN75: 0 | BP75: 0 | BQ75: 2 | BR75: 0 | BS75: 6.53 | BT75: 1 | BU75: 1 | BV75: 1 | BW75: 1 | BX75: 1 | BZ75: 128 | CA75: 83 | CF75: 0 | CG75: 0 | CM75: 0 | CO75: 0 | CP75: =(P75+Q75+S75) -> 125.88 | CQ75: =AC75*BC75 -> 3.918 | CR75: =AD75*BB75 -> 0 | CS75: =AE75*BS75 -> 0 | CT75: =AF75*BA75 -> 175.9182 | CU75: =AG75 -> 0 | CV75: =AH75 -> 2.8 | CW75: =AI75 -> 0 | CX75: =AJ75 -> 0 | CY75: =(((S75+R75)*AT75)/100) -> 141.611 | CZ75: =(((S75+R75)*AU75)/100) -> 87.4294 | DN75: 0 | DO75: 0 | DP75: 1 | DQ75: 1 | DU75: 1013 | DV75: 10 ШТ | DW75: 10 ШТ | DX75: 1 | EE75: 39174531 | EF75: 2 | EG75: Общестроительные работы | EH75: 0 | EJ75: 1 | EK75: 17001 | EL75: Водопровод и канализация - внутренние устройства | EM75: ФЕР-17 | EQ75: 0 | ER75: 27.54 | ES75: 0.6 | ET75: 0 | EU75: 0 | EV75: 26.94 | EW75: 2.8 | EX75: 0 | EY75: 0 | FQ75: 0 | FR75: =ROUND(IF(AND(BH75=3,BI75=3),P75,0),2) -> 0 | FS75: 0 | FT75: *0,9 | FU75: *0,85 | FX75: 115.2 | FY75: 70.55 | GD75: 0 | GF75: -201499009 | GG75: 1 | GH75: 1 | GI75: 4 | GJ75: 0 | GK75: =ROUND(R75*(R12)/100,2) -> 0 | GL75: =ROUND(IF(AND(BH75=3,BI75=3,FS75<>0),P75,0),2) -> 0 | GM75: =ROUND(O75+X75+Y75+GK75,2)+GX75 -> 354.92 | GN75: =IF(OR(BI75=0,BI75=1),ROUND(O75+X75+Y75+GK75,2),0) -> 354.92 | GO75: =IF(BI75=2,ROUND(O75+X75+Y75+GK75,2),0) -> 0 | GP75: =IF(BI75=4,ROUND(O75+X75+Y75+GK75,2)+GX75,0) -> 0 | GR75: 0 | GS75: 3 | GT75: 0 | GV75: =ROUND(GT75,2) -> 0 | GW75: 1 | GX75: =ROUND(GV75*GW75*I75,2) -> 0 | HA75: 0 | HB75: 0 | IK75: 0
A76: 18 | B76: 1 | C76: 128 | E76: 20,1 | F76: 18.2.06.03-0001 | G76: Вешалки-крючки однорожковые В-К стальные с гальванопокрытием 20 крючков прим. | H76: шт. | I76: =I75*J76 -> 1.75 | J76: 2.5 | O76: =ROUND(CP76,2) -> 42.74 | P76: =ROUND(CQ76*I76,2) -> 42.74 | Q76: =ROUND(CR76*I76,2) -> 0 | R76: =ROUND(CS76*I76,2) -> 0 | S76: =ROUND(CT76*I76,2) -> 0 | T76: =ROUND(CU76*I76,2) -> 0 | U76: =CV76*I76 -> 0 | V76: =CW76*I76 -> 0 | W76: =ROUND(CX76*I76,2) -> 0 | X76: =ROUND(CY76,2) -> 0 | Y76: =ROUND(CZ76,2) -> 0 | AA76: 39099382 | AB76: =ROUND((AC76+AD76+AF76),2) -> 3.74 | AC76: =ROUND((ES76),2) -> 3.74 | AD76: =ROUND((((ET76)-(EU76))+AE76),2) -> 0 | AE76: =ROUND((EU76),2) -> 0 | AF76: =ROUND((EV76),2) -> 0 | AG76: =ROUND((AP76),2) -> 0 | AH76: =(EW76) -> 0 | AI76: =(EX76) -> 0 | AJ76: =ROUND((AS76),2) -> 0 | AK76: 3.74 | AL76: 3.74 | AM76: 0 | AN76: 0 | AO76: 0 | AP76: 0 | AQ76: 0 | AR76: 0 | AS76: 0 | AT76: 115 | AU76: 71 | AV76: 1 | AW76: 1 | AZ76: 6.53 | BA76: 1 | BB76: 1 | BC76: 6.53 | BH76: 3 | BI76: 1 | BJ76: ФССЦ-2001, 18.2.06.03-0001, приказ Минстроя России №1039/пр от 30.12.2016г. | BM76: 17001 | BN76: 0 | BP76: 0 | BQ76: 2 | BR76: 0 | BS76: 1 | BT76: 1 | BU76: 1 | BV76: 1 | BW76: 1 | BX76: 1 | BZ76: 128 | CA76: 83 | CF76: 0 | CG76: 0 | CM76: 0 | CO76: 0 | CP76: =(P76+Q76+S76) -> 42.74 | CQ76: =AC76*BC76 -> 24.4222 | CR76: =AD76*BB76 -> 0 | CS76: =AE76*BS76 -> 0 | CT76: =AF76*BA76 -> 0 | CU76: =AG76 -> 0 | CV76: =AH76 -> 0 | CW76: =AI76 -> 0 | CX76: =AJ76 -> 0 | CY76: =(((S76+R76)*AT76)/100) -> 0 | CZ76: =(((S76+R76)*AU76)/100) -> 0 | DN76: 0 | DO76: 0 | DP76: 1 | DQ76: 1 | DU76: 1010 | DV76: шт. | DW76: шт. | DX76: 1 | EE76: 39174531 | EF76: 2 | EG76: Общестроительные работы | EH76: 0 | EJ76: 1 | EK76: 17001 | EL76: Водопровод и канализация - внутренние устройства | EM76: ФЕР-17 | EQ76: 0 | ER76: 3.74 | ES76: 3.74 | ET76: 0 | EU76: 0 | EV76: 0 | EW76: 0 | EX76: 0 | FQ76: 0 | FR76: =ROUND(IF(AND(BH76=3,BI76=3),P76,0),2) -> 0 | FS76: 0 | FT76: *0,9 | FU76: *0,85 | FX76: 115.2 | FY76: 70.55 | GD76: 0 | GF76: -1021734710 | GG76: 1 | GH76: 1 | GI76: 4 | GJ76: 0 | GK76: =ROUND(R76*(R12)/100,2) -> 0 | GL76: =ROUND(IF(AND(BH76=3,BI76=3,FS76<>0),P76,0),2) -> 0 | GM76: =ROUND(O76+X76+Y76+GK76,2)+GX76 -> 42.74 | GN76: =IF(OR(BI76=0,BI76=1),ROUND(O76+X76+Y76+GK76,2),0) -> 42.74 | GO76: =IF(BI76=2,ROUND(O76+X76+Y76+GK76,2),0) -> 0 | GP76: =IF(BI76=4,ROUND(O76+X76+Y76+GK76,2)+GX76,0) -> 0 | GR76: 0 | GS76: 0 | GT76: 0 | GV76: =ROUND(GT76,2) -> 0 | GW76: 1 | GX76: =ROUND(GV76*GW76*I76,2) -> 0 | HA76: 0 | HB76: 0 | IK76: 0
A77: 17 | B77: 1 | C77: =ROW(SmtRes!A141) -> 141 | D77: =ROW(EtalonRes!A139) -> 139 | E77: 21 | F77: 56-4-1 | G77: Ремонт оконных блоков | H77: 100 ШТ | I77: 0.1 | J77: 0 | O77: =ROUND(CP77,2) -> 4186.39 | P77: =ROUND(CQ77*I77,2) -> 1189.84 | Q77: =ROUND(CR77*I77,2) -> 5.58 | R77: =ROUND(CS77*I77,2) -> 0.99 | S77: =ROUND(CT77*I77,2) -> 2990.97 | T77: =ROUND(CU77*I77,2) -> 0 | U77: =CV77*I77 -> 50.5 | V77: =CW77*I77 -> 0.013 | W77: =ROUND(CX77*I77,2) -> 0 | X77: =ROUND(CY77,2) -> 2453.41 | Y77: =ROUND(CZ77,2) -> 1855.02 | AA77: 39099382 | AB77: =ROUND((AC77+AD77+AF77),2) -> 6411.01 | AC77: =ROUND((ES77),2) -> 1822.12 | AD77: =ROUND((((ET77)-(EU77))+AE77),2) -> 8.54 | AE77: =ROUND((EU77),2) -> 1.51 | AF77: =ROUND((EV77),2) -> 4580.35 | AG77: =ROUND((AP77),2) -> 0 | AH77: =(EW77) -> 505 | AI77: =(EX77) -> 0.13 | AJ77: =ROUND((AS77),2) -> 0 | AK77: 6411.01 | AL77: 1822.12 | AM77: 8.54 | AN77: 1.51 | AO77: 4580.35 | AP77: 0 | AQ77: 505 | AR77: 0.13 | AS77: 0 | AT77: 82 | AU77: 62 | AV77: 1 | AW77: 1 | AZ77: 6.53 | BA77: 6.53 | BB77: 6.53 | BC77: 6.53 | BH77: 0 | BI77: 1 | BJ77: ФЕР-2001, 56-4-1, приказ Минстроя России №1039/пр от 30.12.2016г. | BM77: 56001 | BN77: 0 | BP77: 0 | BQ77: 6 | BR77: 0 | BS77: 6.53 | BT77: 1 | BU77: 1 | BV77: 1 | BW77: 1 | BX77: 1 | BZ77: 82 | CA77: 62 | CF77: 0 | CG77: 0 | CM77: 0 | CO77: 0 | CP77: =(P77+Q77+S77) -> 4186.39 | CQ77: =AC77*BC77 -> 11898.444 | CR77: =AD77*BB77 -> 55.7662 | CS77: =AE77*BS77 -> 9.8603 | CT77: =AF77*BA77 -> 29909.686 | CU77: =AG77 -> 0 | CV77: =AH77 -> 505 | CW77: =AI77 -> 0.13 | CX77: =AJ77 -> 0 | CY77: =(((S77+R77)*AT77)/100) -> 2453.4072 | CZ77: =(((S77+R77)*AU77)/100) -> 1855.0152 | DN77: 0 | DO77: 0 | DP77: 1 | DQ77: 1 | DU77: 1013 | DV77: 100 ШТ | DW77: 100 ШТ | DX77: 1 | EE77: 39174581 | EF77: 6 | EG77: Ремонтно-строительные работы | EH77: 0 | EJ77: 1 | EK77: 56001 | EL77: Проемы | EM77: рФЕР-56 | EQ77: 0 | ER77: 6411.01 | ES77: 1822.12 | ET77: 8.54 | EU77: 1.51 | EV77: 4580.35 | EW77: 505 | EX77: 0.13 | EY77: 0 | FQ77: 0 | FR77: =ROUND(IF(AND(BH77=3,BI77=3),P77,0),2) -> 0 | FS77: 0 | FX77: 82 | FY77: 62 | GD77: 0 | GF77: -717202646 | GG77: 1 | GH77: 1 | GI77: 4 | GJ77: 0 | GK77: =ROUND(R77*(R12)/100,2) -> 0 | GL77: =ROUND(IF(AND(BH77=3,BI77=3,FS77<>0),P77,0),2) -> 0 | GM77: =ROUND(O77+X77+Y77+GK77,2)+GX77 -> 8494.82 | GN77: =IF(OR(BI77=0,BI77=1),ROUND(O77+X77+Y77+GK77,2),0) -> 8494.82 | GO77: =IF(BI77=2,ROUND(O77+X77+Y77+GK77,2),0) -> 0 | GP77: =IF(BI77=4,ROUND(O77+X77+Y77+GK77,2)+GX77,0) -> 0 | GR77: 0 | GS77: 0 | GT77: 0 | GV77: =ROUND(GT77,2) -> 0 | GW77: 1 | GX77: =ROUND(GV77*GW77*I77,2) -> 0 | HA77: 0 | HB77: 0 | IK77: 0
A78: 18 | B78: 1 | C78: 136 | E78: 21,1 | F78: 01.7.19.06-0005 | G78: Прокладки уплотнительные, Д=40 мм | H78: м | I78: =I77*J78 -> 10 | J78: 100 | O78: =ROUND(CP78,2) -> 1006.27 | P78: =ROUND(CQ78*I78,2) -> 1006.27 | Q78: =ROUND(CR78*I78,2) -> 0 | R78: =ROUND(CS78*I78,2) -> 0 | S78: =ROUND(CT78*I78,2) -> 0 | T78: =ROUND(CU78*I78,2) -> 0 | U78: =CV78*I78 -> 0 | V78: =CW78*I78 -> 0 | W78: =ROUND(CX78*I78,2) -> 0 | X78: =ROUND(CY78,2) -> 0 | Y78: =ROUND(CZ78,2) -> 0 | AA78: 39099382 | AB78: =ROUND((AC78+AD78+AF78),2) -> 15.41 | AC78: =ROUND((ES78),2) -> 15.41 | AD78: =ROUND((((ET78)-(EU78))+AE78),2) -> 0 | AE78: =ROUND((EU78),2) -> 0 | AF78: =ROUND((EV78),2) -> 0 | AG78: =ROUND((AP78),2) -> 0 | AH78: =(EW78) -> 0 | AI78: =(EX78) -> 0 | AJ78: =ROUND((AS78),2) -> 0 | AK78: 15.41 | AL78: 15.41 | AM78: 0 | AN78: 0 | AO78: 0 | AP78: 0 | AQ78: 0 | AR78: 0 | AS78: 0 | AT78: 82 | AU78: 62 | AV78: 1 | AW78: 1 | AZ78: 6.53 | BA78: 1 | BB78: 1 | BC78: 6.53 | BH78: 3 | BI78: 1 | BJ78: ФССЦ-2001, 01.7.19.06-0005, приказ Минстроя России №1039/пр от 30.12.2016г. | BM78: 56001 | BN78: 0 | BP78: 0 | BQ78: 6 | BR78: 0 | BS78: 1 | BT78: 1 | BU78: 1 | BV78: 1 | BW78: 1 | BX78: 1 | BZ78: 82 | CA78: 62 | CF78: 0 | CG78: 0 | CM78: 0 | CO78: 0 | CP78: =(P78+Q78+S78) -> 1006.27 | CQ78: =AC78*BC78 -> 100.6273 | CR78: =AD78*BB78 -> 0 | CS78: =AE78*BS78 -> 0 | CT78: =AF78*BA78 -> 0 | CU78: =AG78 -> 0 | CV78: =AH78 -> 0 | CW78: =AI78 -> 0 | CX78: =AJ78 -> 0 | CY78: =(((S78+R78)*AT78)/100) -> 0 | CZ78: =(((S78+R78)*AU78)/100) -> 0 | DN78: 0 | DO78: 0 | DP78: 1 | DQ78: 1 | DU78: 1003 | DV78: м | DW78: м | DX78: 1 | EE78: 39174581 | EF78: 6 | EG78: Ремонтно-строительные работы | EH78: 0 | EJ78: 1 | EK78: 56001 | EL78: Проемы | EM78: рФЕР-56 | EQ78: 0 | ER78: 15.41 | ES78: 15.41 | ET78: 0 | EU78: 0 | EV78: 0 | EW78: 0 | EX78: 0 | FQ78: 0 | FR78: =ROUND(IF(AND(BH78=3,BI78=3),P78,0),2) -> 0 | FS78: 0 | FX78: 82 | FY78: 62 | GD78: 0 | GF78: 2008626522 | GG78: 1 | GH78: 1 | GI78: 4 | GJ78: 0 | GK78: =ROUND(R78*(R12)/100,2) -> 0 | GL78: =ROUND(IF(AND(BH78=3,BI78=3,FS78<>0),P78,0),2) -> 0 | GM78: =ROUND(O78+X78+Y78+GK78,2)+GX78 -> 1006.27 | GN78: =IF(OR(BI78=0,BI78=1),ROUND(O78+X78+Y78+GK78,2),0) -> 1006.27 | GO78: =IF(BI78=2,ROUND(O78+X78+Y78+GK78,2),0) -> 0 | GP78: =IF(BI78=4,ROUND(O78+X78+Y78+GK78,2)+GX78,0) -> 0 | GR78: 0 | GS78: 3 | GT78: 0 | GV78: =ROUND(GT78,2) -> 0 | GW78: 1 | GX78: =ROUND(GV78*GW78*I78,2) -> 0 | HA78: 0 | HB78: 0 | IK78: 0
A79: 17 | B79: 1 | C79: =ROW(SmtRes!A143) -> 143 | D79: =ROW(EtalonRes!A141) -> 141 | E79: 22 | F79: 69-15-1 | G79: Затаривание строительного мусора в мешки | H79: т | I79: 1.5 | J79: 0 | O79: =ROUND(CP79,2) -> 233.22 | P79: =ROUND(CQ79*I79,2) -> 160.64 | Q79: =ROUND(CR79*I79,2) -> 0 | R79: =ROUND(CS79*I79,2) -> 0 | S79: =ROUND(CT79*I79,2) -> 72.58 | T79: =ROUND(CU79*I79,2) -> 0 | U79: =CV79*I79 -> 1.545 | V79: =CW79*I79 -> 0 | W79: =ROUND(CX79*I79,2) -> 0 | X79: =ROUND(CY79,2) -> 56.61 | Y79: =ROUND(CZ79,2) -> 36.29 | AA79: 39099382 | AB79: =ROUND((AC79+AD79+AF79),2) -> 23.81 | AC79: =ROUND((ES79),2) -> 16.4 | AD79: =ROUND((((ET79)-(EU79))+AE79),2) -> 0 | AE79: =ROUND((EU79),2) -> 0 | AF79: =ROUND((EV79),2) -> 7.41 | AG79: =ROUND((AP79),2) -> 0 | AH79: =(EW79) -> 1.03 | AI79: =(EX79) -> 0 | AJ79: =ROUND((AS79),2) -> 0 | AK79: 23.81 | AL79: 16.4 | AM79: 0 | AN79: 0 | AO79: 7.41 | AP79: 0 | AQ79: 1.03 | AR79: 0 | AS79: 0 | AT79: 78 | AU79: 50 | AV79: 1 | AW79: 1 | AZ79: 6.53 | BA79: 6.53 | BB79: 6.53 | BC79: 6.53 | BH79: 0 | BI79: 1 | BJ79: ФЕР-2001, 69-15-1, приказ Минстроя России №1039/пр от 30.12.2016г. | BM79: 69001 | BN79: 0 | BP79: 0 | BQ79: 6 | BR79: 0 | BS79: 6.53 | BT79: 1 | BU79: 1 | BV79: 1 | BW79: 1 | BX79: 1 | BZ79: 78 | CA79: 50 | CF79: 0 | CG79: 0 | CM79: 0 | CO79: 0 | CP79: =(P79+Q79+S79) -> 233.22 | CQ79: =AC79*BC79 -> 107.092 | CR79: =AD79*BB79 -> 0 | CS79: =AE79*BS79 -> 0 | CT79: =AF79*BA79 -> 48.3873 | CU79: =AG79 -> 0 | CV79: =AH79 -> 1.03 | CW79: =AI79 -> 0 | CX79: =AJ79 -> 0 | CY79: =(((S79+R79)*AT79)/100) -> 56.6124 | CZ79: =(((S79+R79)*AU79)/100) -> 36.29 | DN79: 0 | DO79: 0 | DP79: 1 | DQ79: 1 | DU79: 1009 | DV79: т | DW79: т | DX79: 1000 | EE79: 39174630 | EF79: 6 | EG79: Ремонтно-строительные работы | EH79: 0 | EJ79: 1 | EK79: 69001 | EL79: Прочие ремонтно-строительные работы | EM79: рФЕР-69 | EQ79: 0 | ER79: 23.81 | ES79: 16.4 | ET79: 0 | EU79: 0 | EV79: 7.41 | EW79: 1.03 | EX79: 0 | EY79: 0 | FQ79: 0 | FR79: =ROUND(IF(AND(BH79=3,BI79=3),P79,0),2) -> 0 | FS79: 0 | FX79: 78 | FY79: 50 | GD79: 0 | GF79: -1073482640 | GG79: 1 | GH79: 1 | GI79: 4 | GJ79: 0 | GK79: =ROUND(R79*(R12)/100,2) -> 0 | GL79: =ROUND(IF(AND(BH79=3,BI79=3,FS79<>0),P79,0),2) -> 0 | GM79: =ROUND(O79+X79+Y79+GK79,2)+GX79 -> 326.12 | GN79: =IF(OR(BI79=0,BI79=1),ROUND(O79+X79+Y79+GK79,2),0) -> 326.12 | GO79: =IF(BI79=2,ROUND(O79+X79+Y79+GK79,2),0) -> 0 | GP79: =IF(BI79=4,ROUND(O79+X79+Y79+GK79,2)+GX79,0) -> 0 | GR79: 0 | GS79: 3 | GT79: 0 | GV79: =ROUND(GT79,2) -> 0 | GW79: 1 | GX79: =ROUND(GV79*GW79*I79,2) -> 0 | HA79: 0 | HB79: 0 | IK79: 0
A80: 17 | B80: 1 | E80: 23 | F80: т01-01-01-041 | G80: Погрузочные работы при автомобильных перевозках мусора строительного с погрузкой вручную | H80: 1 Т ГРУЗА | I80: 1.5 | J80: 0 | O80: =0 -> 0 | P80: =0 -> 0 | Q80: =0 -> 0 | R80: =0 -> 0 | S80: =0 -> 0 | T80: =0 -> 0 | U80: =0 -> 0 | V80: =0 -> 0 | ... Y80: =0 -> 0 | AA80: 39099382 | AB80: =ROUND((AK80),2) -> 42.98 | AC80: =0 -> 0 | AD80: =0 -> 0 | AE80: =0 -> 0 | AF80: =0 -> 0 | AG80: =0 -> 0 | AH80: =0 -> 0 | AI80: =0 -> 0 | AJ80: =0 -> 0 | AK80: 42.98 | AL80: 0 | AM80: 0 | AN80: 0 | AO80: 0 | AP80: 0 | AQ80: 0 | AR80: 0 | AS80: 0 | AT80: 0 | AU80: 0 | AV80: 1 | AW80: 1 | AZ80: 6.53 | BA80: 1 | BB80: 1 | BC80: 1 | BH80: 0 | BI80: 1 | BJ80: ФССЦпг-2001, т01-01-01-041, приказ Минстроя России №1039/пр от 30.12.2016г. | BM80: 700004 | BN80: 0 | BP80: 0 | BQ80: 19 | BR80: 0 | BS80: 1 | BT80: 1 | BU80: 1 | BV80: 1 | BW80: 1 | BX80: 1 | BZ80: 0 | CA80: 0 | CF80: 0 | CG80: 0 | CM80: 0 | CO80: 0 | CP80: =AB80*AZ80 -> 280.6594 | CQ80: 0 | CR80: 0 | CS80: 0 | CT80: 0 | CU80: 0 | CV80: 0 | CW80: 0 | CX80: 0 | CY80: 0 | CZ80: 0 | DN80: 0 | DO80: 0 | DP80: 1 | DQ80: 1 | DU80: 1013 | DV80: 1 Т ГРУЗА | DW80: 1 Т ГРУЗА | DX80: 1 | EE80: 39174691 | EF80: 19 | EG80: Погрузочно-разгрузочные работы | EH80: 0 | EJ80: 1 | EK80: 700004 | EL80: Перевозка грузов , (ФССЦпр 2011-изм. № 4-6, раздел 1): погрузочно-разгрузочные работы (НР и СП в прям. затратах ) | EM80: ФССЦпр пог. а/п (2011,изм. 4-6) | EQ80: 0 | ER80: 0 | ES80: 0 | ET80: 0 | EU80: 0 | EV80: 0 | EW80: 0 | EX80: 0 | EY80: 0 | FQ80: 0 | FR80: =ROUND(IF(AND(BH80=3,BI80=3),P80,0),2) -> 0 | FS80: 0 | FX80: 0 | FY80: 0 | GD80: 0 | GF80: 68385352 | GG80: 1 | GH80: 1 | GI80: 4 | GJ80: 2 | GK80: =ROUND(R80*(R12)/100,2) -> 0 | GL80: =ROUND(IF(AND(BH80=3,BI80=3,FS80<>0),P80,0),2) -> 0 | GM80: =ROUND(CP80*I80,2) -> 420.99 | GN80: =IF(OR(BI80=0,BI80=1),ROUND(CP80*I80,2),0) -> 420.99 | GO80: =IF(BI80=2,ROUND(CP80*I80,2),0) -> 0 | GP80: =IF(BI80=4,ROUND(CP80*I80,2)+GX80,0) -> 0 | GR80: 0 | GS80: 3 | GV80: =0 -> 0 | GW80: 1 | GX80: =ROUND(GV80*GW80*I80,2) -> 0 | GY80: 0 | GZ80: 0 | HA80: 0 | HB80: 0 | IK80: 0
A81: 17 | B81: 1 | E81: 24 | F81: т03-01-01-035 | G81: Перевозка грузов I класса автомобилями бортовыми грузоподъемностью до 15 т на расстояние до 35 км | H81: 1 Т ГРУЗА | I81: 1.5 | J81: 0 | O81: =0 -> 0 | P81: =0 -> 0 | Q81: =0 -> 0 | R81: =0 -> 0 | S81: =0 -> 0 | T81: =0 -> 0 | U81: =0 -> 0 | V81: =0 -> 0 | ... Y81: =0 -> 0 | AA81: 39099382 | AB81: =ROUND((AK81),2) -> 19.54 | AC81: =0 -> 0 | AD81: =0 -> 0 | AE81: =0 -> 0 | AF81: =0 -> 0 | AG81: =0 -> 0 | AH81: =0 -> 0 | AI81: =0 -> 0 | AJ81: =0 -> 0 | AK81: 19.54 | AL81: 0 | AM81: 0 | AN81: 0 | AO81: 0 | AP81: 0 | AQ81: 0 | AR81: 0 | AS81: 0 | AT81: 0 | AU81: 0 | AV81: 1 | AW81: 1 | AZ81: 6.53 | BA81: 1 | BB81: 1 | BC81: 1 | BH81: 0 | BI81: 1 | BJ81: ФССЦпг-2001, т03-01-01-035, приказ Минстроя России №1039/пр от 30.12.2016г. | BM81: 700005 | BN81: 0 | BP81: 0 | BQ81: 10 | BR81: 0 | BS81: 1 | BT81: 1 | BU81: 1 | BV81: 1 | BW81: 1 | BX81: 1 | BZ81: 0 | CA81: 0 | CF81: 0 | CG81: 0 | CM81: 0 | CO81: 0 | CP81: =AB81*AZ81 -> 127.5962 | CQ81: 0 | CR81: 0 | CS81: 0 | CT81: 0 | CU81: 0 | CV81: 0 | CW81: 0 | CX81: 0 | CY81: 0 | CZ81: 0 | DN81: 0 | DO81: 0 | DP81: 1 | DQ81: 1 | DU81: 1013 | DV81: 1 Т ГРУЗА | DW81: 1 Т ГРУЗА | DX81: 1 | EE81: 39174695 | EF81: 10 | EG81: Перевозка грузов авто/транспортом | EH81: 0 | EJ81: 1 | EK81: 700005 | EL81: Перевозкуа грузов (ФССЦпр-2011 - изм. 7, разделы 1-4) - по сметной стоимости | EM81: ФССЦпр , изм. 7 | EQ81: 0 | ER81: 0 | ES81: 0 | ET81: 0 | EU81: 0 | EV81: 0 | EW81: 0 | EX81: 0 | EY81: 0 | FQ81: 0 | FR81: =ROUND(IF(AND(BH81=3,BI81=3),P81,0),2) -> 0 | FS81: 0 | FX81: 0 | FY81: 0 | GD81: 0 | GF81: -393582888 | GG81: 1 | GH81: 1 | GI81: 4 | GJ81: 2 | GK81: =ROUND(R81*(R12)/100,2) -> 0 | GL81: =ROUND(IF(AND(BH81=3,BI81=3,FS81<>0),P81,0),2) -> 0 | GM81: =ROUND(CP81*I81,2) -> 191.39 | GN81: =IF(OR(BI81=0,BI81=1),ROUND(CP81*I81,2),0) -> 191.39 | GO81: =IF(BI81=2,ROUND(CP81*I81,2),0) -> 0 | GP81: =IF(BI81=4,ROUND(CP81*I81,2)+GX81,0) -> 0 | GR81: 0 | GS81: 3 | GV81: =0 -> 0 | GW81: 1 | GX81: =ROUND(GV81*GW81*I81,2) -> 0 | GY81: 0 | GZ81: 0 | HA81: 0 | HB81: 0 | IK81: 0
A83: 51 | B83: =B24 -> 1 | C83: =A24 -> 4 | D83: =ROW(A24) -> 24 | F83: =IF(F24<>"",F24,"") -> Новый раздел | G83: =IF(G24<>"",G24,"") -> 1 Общестроительные работы | H83: 0 | O83: =ROUND(AB83,2) -> 1004846.6 | P83: =ROUND(AC83,2) -> 912062.98 | Q83: =ROUND(AD83,2) -> 10200.38 | R83: =ROUND(AE83,2) -> 2626.99 | S83: =ROUND(AF83,2) -> 82583.22 | T83: =ROUND(AG83,2) -> 0 | U83: =AH83 -> 1424.4293 | V83: =AI83 -> 35.762058 | W83: =ROUND(AJ83,2) -> 0 | X83: =ROUND(AK83,2) -> 80808.27 | Y83: =ROUND(AL83,2) -> 44968.37 | AB83: =ROUND(SUMIF(AA28:AA81,"=39099382",O28:O81),2) -> 1004846.6 | AC83: =ROUND(SUMIF(AA28:AA81,"=39099382",P28:P81),2) -> 912062.98 | AD83: =ROUND(SUMIF(AA28:AA81,"=39099382",Q28:Q81),2) -> 10200.38 | AE83: =ROUND(SUMIF(AA28:AA81,"=39099382",R28:R81),2) -> 2626.99 | AF83: =ROUND(SUMIF(AA28:AA81,"=39099382",S28:S81),2) -> 82583.22 | AG83: =ROUND(SUMIF(AA28:AA81,"=39099382",T28:T81),2) -> 0 | AH83: =SUMIF(AA28:AA81,"=39099382",U28:U81) -> 1424.4293 | AI83: =SUMIF(AA28:AA81,"=39099382",V28:V81) -> 35.762058 | AJ83: =ROUND(SUMIF(AA28:AA81,"=39099382",W28:W81),2) -> 0 | AK83: =ROUND(SUMIF(AA28:AA81,"=39099382",X28:X81),2) -> 80808.27 | AL83: =ROUND(SUMIF(AA28:AA81,"=39099382",Y28:Y81),2) -> 44968.37 | AO83: =ROUND(BX83,2) -> 0 | AP83: =ROUND(BY83,2) -> 0 | AQ83: =ROUND(BZ83,2) -> 0 | AR83: =ROUND(CA83,2) -> 1131235.6 | AS83: =ROUND(CB83,2) -> 1131235.6 | AT83: =ROUND(CC83,2) -> 0 | AU83: =ROUND(CD83,2) -> 0 | AV83: =ROUND(CE83,2) -> 912062.98 | ... BC83: =ROUND(CL83,2) -> 0 | BX83: =ROUND(SUMIF(AA28:AA81,"=39099382",FQ28:FQ81),2) -> 0 | BY83: =ROUND(SUMIF(AA28:AA81,"=39099382",FR28:FR81),2) -> 0 | BZ83: =ROUND(SUMIF(AA28:AA81,"=39099382",GL28:GL81),2) -> 0 | CA83: =ROUND(SUMIF(AA28:AA81,"=39099382",GM28:GM81),2) -> 1131235.6 | CB83: =ROUND(SUMIF(AA28:AA81,"=39099382",GN28:GN81),2) -> 1131235.6 | CC83: =ROUND(SUMIF(AA28:AA81,"=39099382",GO28:GO81),2) -> 0 | CD83: =ROUND(SUMIF(AA28:AA81,"=39099382",GP28:GP81),2) -> 0 | CE83: =AC83-BX83 -> 912062.98 | CF83: =AC83-BY83 -> 912062.98 | CG83: =BX83-BZ83 -> 0 | CH83: =AC83-BX83-BY83+BZ83 -> 912062.98 | CI83: =BY83-BZ83 -> 0 | CJ83: =ROUND(SUMIF(AA28:AA81,"=39099382",GX28:GX81),2) -> 0 | CK83: =ROUND(SUMIF(AA28:AA81,"=39099382",GY28:GY81),2) -> 0 | CL83: =ROUND(SUMIF(AA28:AA81,"=39099382",GZ28:GZ81),2) -> 0 | GX83: 0
A85: 50 | B85: 0 | C85: 0 | D85: 1 | E85: 201 | F85: =ROUND(Source!O83,O85) -> 1004846.6 | G85: ПЗ | H85: Прямые затраты | K85: 201 | L85: 1 | M85: 3 | O85: 2
A86: 50 | B86: 0 | C86: 0 | D86: 1 | E86: 202 | F86: =ROUND(Source!P83,O86) -> 912062.98 | G86: СтМатОб | H86: Стоимость материальных ресурсов (всего) | K86: 202 | L86: 2 | M86: 3 | O86: 2
A87: 50 | B87: 0 | C87: 0 | D87: 1 | E87: 222 | F87: =ROUND(Source!AO83,O87) -> 0 | G87: СтМатОбЗак | H87: Стоимость материалов и оборудования заказчика | K87: 222 | L87: 3 | M87: 3 | O87: 2
A88: 50 | B88: 0 | C88: 0 | D88: 1 | E88: 225 | F88: =ROUND(Source!AV83,O88) -> 912062.98 | G88: СтМатОбПод | H88: Стоимость материалов и оборудования подрядчика | K88: 225 | L88: 4 | M88: 3 | O88: 2
A89: 50 | B89: 0 | C89: 0 | D89: 1 | E89: 226 | F89: =ROUND(Source!AW83,O89) -> 912062.98 | G89: СтМат | H89: Стоимость материалов (всего) | K89: 226 | L89: 5 | M89: 3 | O89: 2
A90: 50 | B90: 0 | C90: 0 | D90: 1 | E90: 227 | F90: =ROUND(Source!AX83,O90) -> 0 | G90: СтМатЗак | H90: Стоимость материалов заказчика | K90: 227 | L90: 6 | M90: 3 | O90: 2
A91: 50 | B91: 0 | C91: 0 | D91: 1 | E91: 228 | F91: =ROUND(Source!AY83,O91) -> 912062.98 | G91: СтМатПод | H91: Стоимость материалов подрядчика | K91: 228 | L91: 7 | M91: 3 | O91: 2
A92: 50 | B92: 0 | C92: 0 | D92: 1 | E92: 216 | F92: =ROUND(Source!AP83,O92) -> 0 | G92: Оборуд | H92: Стоимость оборудования (всего) | K92: 216 | L92: 8 | M92: 3 | O92: 2
A93: 50 | B93: 0 | C93: 0 | D93: 1 | E93: 223 | F93: =ROUND(Source!AQ83,O93) -> 0 | G93: ОборудЗак | H93: Стоимость оборудования заказчика | K93: 223 | L93: 9 | M93: 3 | O93: 2
A94: 50 | B94: 0 | C94: 0 | D94: 1 | E94: 229 | F94: =ROUND(Source!AZ83,O94) -> 0 | G94: ОборудПод | H94: Стоимость оборудования подрядчика | K94: 229 | L94: 10 | M94: 3 | O94: 2
A95: 50 | B95: 0 | C95: 0 | D95: 1 | E95: 203 | F95: =ROUND(Source!Q83,O95) -> 10200.38 | G95: ЭММ | H95: Эксплуатация машин | K95: 203 | L95: 11 | M95: 3 | O95: 2
A96: 50 | B96: 0 | C96: 0 | D96: 1 | E96: 231 | F96: =ROUND(Source!BB83,O96) -> 0 | G96: ЭММсНРиСП | H96: Эксплуатация машин по ТСН-2001.16 | K96: 231 | L96: 12 | M96: 3 | O96: 2
A97: 50 | B97: 0 | C97: 0 | D97: 1 | E97: 204 | F97: =ROUND(Source!R83,O97) -> 2626.99 | G97: ЗПМ | H97: ЗП машинистов | K97: 204 | L97: 13 | M97: 3 | O97: 2
A98: 50 | B98: 0 | C98: 0 | D98: 1 | E98: 205 | F98: =ROUND(Source!S83,O98) -> 82583.22 | G98: ОЗП | H98: Основная ЗП рабочих | K98: 205 | L98: 14 | M98: 3 | O98: 2
A99: 50 | B99: 0 | C99: 0 | D99: 1 | E99: 232 | F99: =ROUND(Source!BC83,O99) -> 0 | G99: ОЗПсНРиСП | H99: Основная ЗП рабочих по ТСН-2001.16 | K99: 232 | L99: 15 | M99: 3 | O99: 2
A100: 50 | B100: 0 | C100: 0 | D100: 1 | E100: 214 | F100: =ROUND(Source!AS83,O100) -> 1131235.6 | G100: Строит | H100: Строительные работы с НР и СП | K100: 214 | L100: 16 | M100: 3 | O100: 2
A101: 50 | B101: 0 | C101: 0 | D101: 1 | E101: 215 | F101: =ROUND(Source!AT83,O101) -> 0 | G101: Монтаж | H101: Монтажные работы с НР и СП | K101: 215 | L101: 17 | M101: 3 | O101: 2
A102: 50 | B102: 0 | C102: 0 | D102: 1 | E102: 217 | F102: =ROUND(Source!AU83,O102) -> 0 | G102: Прочие | H102: Прочие работы с НР и СП | K102: 217 | L102: 18 | M102: 3 | O102: 2
A103: 50 | B103: 0 | C103: 0 | D103: 1 | E103: 230 | F103: =ROUND(Source!BA83,O103) -> 0 | G103: ПрочиеЗатр | H103: Прочие затраты по ТСН-2001.16 | K103: 230 | L103: 19 | M103: 3 | O103: 2
A104: 50 | B104: 0 | C104: 0 | D104: 1 | E104: 206 | F104: =ROUND(Source!T83,O104) -> 0 | G104: ВозврМат | H104: Возврат материалов | K104: 206 | L104: 20 | M104: 3 | O104: 2
A105: 50 | B105: 0 | C105: 0 | D105: 1 | E105: 207 | F105: =Source!U83 -> 1424.4293 | G105: ТрудСтр | H105: Трудозатраты строителей | K105: 207 | L105: 21 | M105: 3 | O105: -1
A106: 50 | B106: 0 | C106: 0 | D106: 1 | E106: 208 | F106: =Source!V83 -> 35.762058 | G106: ТрудМаш | H106: Трудозатраты машинистов | K106: 208 | L106: 22 | M106: 3 | O106: -1
A107: 50 | B107: 0 | C107: 0 | D107: 1 | E107: 209 | F107: =ROUND(Source!W83,O107) -> 0 | G107: ТранспМат | H107: Транспорт материалов | K107: 209 | L107: 23 | M107: 3 | O107: 2
A108: 50 | B108: 0 | C108: 0 | D108: 1 | E108: 210 | F108: =ROUND(Source!X83,O108) -> 80808.27 | G108: НР | H108: Накладные расходы | K108: 210 | L108: 24 | M108: 3 | O108: 2
A109: 50 | B109: 0 | C109: 0 | D109: 1 | E109: 211 | F109: =ROUND(Source!Y83,O109) -> 44968.37 | G109: СмПриб | H109: Сметная прибыль | K109: 211 | L109: 25 | M109: 3 | O109: 2
A110: 50 | B110: 0 | C110: 0 | D110: 1 | E110: 224 | F110: =ROUND(Source!AR83,O110) -> 1131235.6 | G110: Всего | H110: Всего с НР и СП | K110: 224 | L110: 26 | M110: 3 | O110: 2
A112: 4 | B112: 1 | D112: =ROW(A127) -> 127 | F112: Новый раздел | G112: 2 Сантехнические работы | I112: 0 | K112: 0 | V112: 0 | BX112: 0 | CJ112: 0
A114: 52 | B114: =B127 -> 1 | C114: =C127 -> 4 | D114: =D127 -> 112 | E114: =E127 -> 0 | F114: =F127 -> Новый раздел | G114: =G127 -> 2 Сантехнические работы | O114: =O127 -> 229591.84 | P114: =P127 -> 221200.91 | Q114: =Q127 -> 1586.02 | R114: =R127 -> 187.62 | S114: =S127 -> 6804.91 | T114: =T127 -> 0 | U114: =U127 -> 118.43808 | V114: =V127 -> 2.292704 | ... GX114: =GX127 -> 0
A116: 17 | B116: 1 | C116: =ROW(SmtRes!A146) -> 146 | D116: =ROW(EtalonRes!A144) -> 144 | E116: 25 | F116: 65-19-1 | G116: Демонтаж радиаторов весом до 80 кг | H116: 100 ШТ | I116: 0.2 | J116: 0 | O116: =ROUND(CP116,2) -> 1222.05 | P116: =ROUND(CQ116*I116,2) -> 0 | Q116: =ROUND(CR116*I116,2) -> 91.45 | R116: =ROUND(CS116*I116,2) -> 39.49 | S116: =ROUND(CT116*I116,2) -> 1130.6 | T116: =ROUND(CU116*I116,2) -> 0 | U116: =CV116*I116 -> 22 | V116: =CW116*I116 -> 0.448 | W116: =ROUND(CX116*I116,2) -> 0 | X116: =ROUND(CY116,2) -> 865.87 | Y116: =ROUND(CZ116,2) -> 585.05 | AA116: 39099382 | AB116: =ROUND((AC116+AD116+AF116),2) -> 935.72 | AC116: =ROUND((ES116),2) -> 0 | AD116: =ROUND((((ET116)-(EU116))+AE116),2) -> 70.02 | AE116: =ROUND((EU116),2) -> 30.24 | AF116: =ROUND((EV116),2) -> 865.7 | AG116: =ROUND((AP116),2) -> 0 | AH116: =(EW116) -> 110 | AI116: =(EX116) -> 2.24 | AJ116: =ROUND((AS116),2) -> 0 | AK116: 935.72 | AL116: 0 | AM116: 70.02 | AN116: 30.24 | AO116: 865.7 | AP116: 0 | AQ116: 110 | AR116: 2.24 | AS116: 0 | AT116: 74 | AU116: 50 | AV116: 1 | AW116: 1 | AZ116: 6.53 | BA116: 6.53 | BB116: 6.53 | BC116: 6.53 | BH116: 0 | BI116: 1 | BJ116: ФЕР-2001, 65-19-1, приказ Минстроя России №1039/пр от 30.12.2016г. | BM116: 65003 | BN116: 0 | BP116: 0 | BQ116: 6 | BR116: 0 | BS116: 6.53 | BT116: 1 | BU116: 1 | BV116: 1 | BW116: 1 | BX116: 1 | BZ116: 74 | CA116: 50 | CF116: 0 | CG116: 0 | CM116: 0 | CO116: 0 | CP116: =(P116+Q116+S116) -> 1222.05 | CQ116: =AC116*BC116 -> 0 | CR116: =AD116*BB116 -> 457.2306 | CS116: =AE116*BS116 -> 197.4672 | CT116: =AF116*BA116 -> 5653.021 | CU116: =AG116 -> 0 | CV116: =AH116 -> 110 | CW116: =AI116 -> 2.24 | CX116: =AJ116 -> 0 | CY116: =(((S116+R116)*AT116)/100) -> 865.8666 | CZ116: =(((S116+R116)*AU116)/100) -> 585.045 | DN116: 0 | DO116: 0 | DP116: 1 | DQ116: 1 | DU116: 1013 | DV116: 100 ШТ | DW116: 100 ШТ | DX116: 1 | EE116: 39174594 | EF116: 6 | EG116: Ремонтно-строительные работы | EH116: 0 | EJ116: 1 | EK116: 65003 | EL116: Внтуренниие с/техработы: демонтаж, разборка, промывка | EM116: рФЕР-65 | EQ116: 0 | ER116: 935.72 | ES116: 0 | ET116: 70.02 | EU116: 30.24 | EV116: 865.7 | EW116: 110 | EX116: 2.24 | EY116: 0 | FQ116: 0 | FR116: =ROUND(IF(AND(BH116=3,BI116=3),P116,0),2) -> 0 | FS116: 0 | FX116: 74 | FY116: 50 | GD116: 0 | GF116: -741186539 | GG116: 1 | GH116: 1 | GI116: 4 | GJ116: 0 | GK116: =ROUND(R116*(R12)/100,2) -> 0 | GL116: =ROUND(IF(AND(BH116=3,BI116=3,FS116<>0),P116,0),2) -> 0 | GM116: =ROUND(O116+X116+Y116+GK116,2)+GX116 -> 2672.97 | GN116: =IF(OR(BI116=0,BI116=1),ROUND(O116+X116+Y116+GK116,2),0) -> 2672.97 | GO116: =IF(BI116=2,ROUND(O116+X116+Y116+GK116,2),0) -> 0 | GP116: =IF(BI116=4,ROUND(O116+X116+Y116+GK116,2)+GX116,0) -> 0 | GR116: 0 | GS116: 0 | GT116: 0 | GV116: =ROUND(GT116,2) -> 0 | GW116: 1 | GX116: =ROUND(GV116*GW116*I116,2) -> 0 | HA116: 0 | HB116: 0 | IK116: 0
A117: 17 | B117: 1 | C117: =ROW(SmtRes!A157) -> 157 | D117: =ROW(EtalonRes!A156) -> 156 | E117: 26 | F117: 18-03-001-02 | G117: Установка радиаторов стальных | H117: 100 квт | I117: 0.4608 | J117: 0 | O117: =ROUND(CP117,2) -> 5844.34 | P117: =ROUND(CQ117*I117,2) -> 3494.26 | Q117: =ROUND(CR117*I117,2) -> 579.48 | R117: =ROUND(CS117*I117,2) -> 116.6 | S117: =ROUND(CT117*I117,2) -> 1770.6 | T117: =ROUND(CU117*I117,2) -> 0 | U117: =CV117*I117 -> 30.22848 | V117: =CW117*I117 -> 1.442304 | W117: =ROUND(CX117*I117,2) -> 0 | X117: =ROUND(CY117,2) -> 2170.28 | Y117: =ROUND(CZ117,2) -> 1339.91 | AA117: 39099382 | AB117: =ROUND((AC117+AD117+AF117),2) -> 1942.27 | AC117: =ROUND((ES117),2) -> 1161.26 | AD117: =ROUND((((ET117)-(EU117))+AE117),2) -> 192.58 | AE117: =ROUND((EU117),2) -> 38.75 | AF117: =ROUND((EV117),2) -> 588.43 | AG117: =ROUND((AP117),2) -> 0 | AH117: =(EW117) -> 65.6 | AI117: =(EX117) -> 3.13 | AJ117: =ROUND((AS117),2) -> 0 | AK117: 1942.27 | AL117: 1161.26 | AM117: 192.58 | AN117: 38.75 | AO117: 588.43 | AP117: 0 | AQ117: 65.6 | AR117: 3.13 | AS117: 0 | AT117: 115 | AU117: 71 | AV117: 1 | AW117: 1 | AZ117: 6.53 | BA117: 6.53 | BB117: 6.53 | BC117: 6.53 | BH117: 0 | BI117: 1 | BJ117: ФЕР-2001, 18-03-001-02, приказ Минстроя России №1039/пр от 30.12.2016г. | BM117: 18001 | BN117: 0 | BP117: 0 | BQ117: 2 | BR117: 0 | BS117: 6.53 | BT117: 1 | BU117: 1 | BV117: 1 | BW117: 1 | BX117: 1 | BZ117: 128 | CA117: 83 | CF117: 0 | CG117: 0 | CM117: 0 | CO117: 0 | CP117: =(P117+Q117+S117) -> 5844.34 | CQ117: =AC117*BC117 -> 7583.0278 | CR117: =AD117*BB117 -> 1257.5474 | CS117: =AE117*BS117 -> 253.0375 | CT117: =AF117*BA117 -> 3842.4479 | CU117: =AG117 -> 0 | CV117: =AH117 -> 65.6 | CW117: =AI117 -> 3.13 | CX117: =AJ117 -> 0 | CY117: =(((S117+R117)*AT117)/100) -> 2170.28 | CZ117: =(((S117+R117)*AU117)/100) -> 1339.912 | DN117: 0 | DO117: 0 | DP117: 1 | DQ117: 1 | DU117: 1013 | DV117: 100 квт | DW117: 100 квт | DX117: 1 | EE117: 39174532 | EF117: 2 | EG117: Общестроительные работы | EH117: 0 | EJ117: 1 | EK117: 18001 | EL117: Отопление - внутренние устройства | EM117: ФЕР-18 | EQ117: 0 | ER117: 1942.27 | ES117: 1161.26 | ET117: 192.58 | EU117: 38.75 | EV117: 588.43 | EW117: 65.6 | EX117: 3.13 | EY117: 0 | FQ117: 0 | FR117: =ROUND(IF(AND(BH117=3,BI117=3),P117,0),2) -> 0 | FS117: 0 | FT117: *0,9 | FU117: *0,85 | FX117: 115.2 | FY117: 70.55 | GD117: 0 | GF117: -243626587 | GG117: 1 | GH117: 1 | GI117: 4 | GJ117: 0 | GK117: =ROUND(R117*(R12)/100,2) -> 0 | GL117: =ROUND(IF(AND(BH117=3,BI117=3,FS117<>0),P117,0),2) -> 0 | GM117: =ROUND(O117+X117+Y117+GK117,2)+GX117 -> 9354.53 | GN117: =IF(OR(BI117=0,BI117=1),ROUND(O117+X117+Y117+GK117,2),0) -> 9354.53 | GO117: =IF(BI117=2,ROUND(O117+X117+Y117+GK117,2),0) -> 0 | GP117: =IF(BI117=4,ROUND(O117+X117+Y117+GK117,2)+GX117,0) -> 0 | GR117: 0 | GS117: 0 | GT117: 0 | GV117: =ROUND(GT117,2) -> 0 | GW117: 1 | GX117: =ROUND(GV117*GW117*I117,2) -> 0 | HA117: 0 | HB117: 0 | IK117: 0
